Workbook

Sheet Resultados
B1: Resultados projetados
A3: Preenchimento | B3: Tarifa média de água calculada | C3: R$/m³ | D3: =Histograma!Y89 -> #DIV/0! | F3: Tarifa média de esgoto calculada | G3: R$/m³ | H3: =Histograma!Z89 -> #DIV/0!
A4: Fórmulas
A5: NÂO ALTERAR
B6: PRINCIPAIS RESULTADOS DO PROJETO | C6: Unid. | D6: Valor | F6: PRINCIPAIS RESULTADOS PARA ACIONISTA | G6: Unid. | H6: Valor
B7: TIR do Projeto | C7: % a.a | D7: ='FCD PROJETO'!D5 -> #VALUE! | F7: TIR do Acionista | G7: % a.a | H7: ='FCD Acionista'!D3 -> #VALUE!
B8: WACC | C8: % a.a | D8: ='FCD PROJETO'!J10 -> #DIV/0! | F8: Ke (Custo de Capital Próprio = TIR)) | G8: % a.a | H8: ='FCD Acionista'!H6 -> 0
B9: VPL (taxa de desconto real = WACC) | C9: R$ | D9: ='FCD PROJETO'!D6 -> #DIV/0! | F9: VPL (taxa de desconto real = Ke) | G9: R$ | H9: ='FCD Acionista'!D4 -> #DIV/0!
B10: PAYBACK Simples | C10: anos | D10: ='FCD PROJETO'!D7 -> #N/A | F10: PAYBACK Simples | G10: anos | H10: ='FCD Acionista'!D5 -> #N/A
B11: PAYBACK Descontado | C11: anos | D11: ='FCD PROJETO'!D8 -> #N/A | F11: PAYBACK Descontado | G11: anos | H11: ='FCD Acionista'!D6 -> #DIV/0!
B12: Investimentos (CAPEX) | C12: R$ | D12: =-'FCD PROJETO'!$AO$48 -> 0 | F12: Exposição Máxima | G12: R$ | H12: =MIN('FCD PROJETO'!$F$107:$AI$107) -> #DIV/0!
B13: Valor do Empréstimo do CAPEX | C13: R$ | D13: =SUM('Financiamento '!D96:AI96) -> 0 | F13: Despesas de Licitação | G13: R$ | H13: 0
B14: Contrapartida dos empréstimos do CAPEX | C14: R$ | D14: =IF('FCD PROJETO'!J18=0,0,SUM('Financiamento '!D97:AI97)) -> 0 | F14: Ressarcimento da Modelagem | G14: R$ | H14: 0
B15: Necessidade de Capital (Equity) | C15: R$ | D15: ='FCD PROJETO'!$AO$105 -> #DIV/0! | F15: Pagamento de Outorga Mínima | G15: R$ | H15: 0
B16: Faturamento Total (Valor do Contrato) | C16: R$ | D16: ='FCD PROJETO'!$AO$81 -> #DIV/0! | F16: Capital social a ser integralizado no contrato inicial | G16: R$ | H16: =-0.07*'FCD PROJETO'!AO48 -> 0

Sheet DADOS PARA CONTRATO
B1: Condições para Contrato
B3: Data Base do EVTE Dezembro/2025 | F3: Valor total de referência do Contrato Dez 2025= | H3: ='FCD PROJETO'!D10 -> #DIV/0!
B5: Obrigações | C5: Eventos | D5: Comprovação / Pagamento | E5: Aliquota | F5: Base de Cálculo | G5: Unid. | H5: Valor Dez 2025
B7: Garantia de proposta | C7: Proposta | D7: Até o 3° dia útil antes da data de entrega da proposta | E7: 0.01 | F7: Valor do Contrato de Referência | G7: R$ | H7: =H3*E7 -> #DIV/0! | J7: =H7*0.5% -> #DIV/0!
B8: Patrrimónio Líquido | C8: Proposta | D8: Data do encerramento do último exercicio social | E8: 0.016 | F8: Valor do Contrato de Referência | G8: R$ | H8: =H3*E8 -> #DIV/0!
B9: Valor mínimo do atestado de captação de recursos | C9: Proposta | D9: Até 15 anos anterior a data da entrega da proposta | E9: 0.15 | F9: Valor do Capex do EVTE | G9: R$ | H9: =-'FCD PROJETO'!AO48*E9 -> 0
B10: Valor mínimo para o somatório de atestados | C10: Proposta | D10: Até 15 anos anterior a data da entrega da proposta | E10: 0.2 | F10: Valor do Atestado | G10: R$ | H10: =E10*H9 -> 0
B11: ='[1]FCFF - Projeto'!G13 -> Pagamento de Indenizações e Bens Reversíveis | C11: Homologação e Adjudicação da Licitação | D11: Até o 5° dia após a Homologação e Adjudicação | E11: - | F11: Valor determinado no EVTE | G11: R$
B12: ='[1]FCFF - Projeto'!G14 -> Indenizações e Ressarecimentos de Modelagem | C12: Homologação e Adjudicação da Licitação | D12: Até o 5° dia após a Homologação e Adjudicação | E12: - | F12: Valor determinado no EVTE | G12: R$ | H12: 3711718.3
B13: ='[1]FCFE - Acionista'!F14 -> Despesas de Licitação | C13: Homologação e Adjudicação da Licitação | D13: Até o 5° dia após a Homologação e Adjudicação | E13: - | F13: Valor determinado no EVTE | G13: R$ | H13: 752662.36 | I13: B3
B14: Capital Social a ser integralizado no contrato inicial | C14: Assinatura do Contarto | D14: Até o 5° dia após a Homologação e Adjudicação | E14: - | F14: Valor determinado no EVTE | G14: R$ | H14: =Resultados!H16 -> 0
B15: ='[1]FCFF - Projeto'!G12 -> Pagamento de Outorga | C15: Assinatura do Contarto | D15: Até o 5° dia após a Homologação e Adjudicação | E15: - | F15: Valor determinado no EVTE | G15: R$
B16: Verificador/Certificador Independente | C16: Apoós assinatura do Contrato | D16: Anual | E16: - | F16: Valor determinado no EVTE | G16: R$ | H16: =-'FCD Acionista'!C27/35 -> #DIV/0!
B18: Mutações do Capital Social | C18: Periodo de vigência | D18: Integralização | E18: Aliquota | F18: Base de Cálculo | G18: Unid. | H18: =H5 -> Valor Dez 2025
B20: Capital Social Mínimo | C20: do 1 ao 8° ano do contrato | D20: Até 60 dias após a Homologação e Adjuducação | E20: - | F20: Valor determinado no EVTE | G20: R$ | H20: =Resultados!H16 -> 0
B21: Capital Social Mínimo | C21: no 8° ano do contrato | D21: Até o 5° dia util do mês de janeiro do 8° ano do contrato | E21: - | F21: Valor determinado no EVTE | G21: R$ | H21: =H20 -> 0
B22: Capital Social Mínimo | C22: no 9° ano do contrato | D22: Até o 5° dia util do mês de janeiro do 9° ano do contrato | E22: - | F22: Valor determinado no EVTE | G22: R$ | H22: =H21 -> 0
B23: Capital Social Mínimo | C23: no 10° ano do contrato | D23: Até o 5° dia util do mês de janeiro do 10° ano do contrato | E23: - | F23: Valor determinado no EVTE | G23: R$ | H23: =H22 -> 0
B24: Capital Social Mínimo | C24: no 11° ano do contrato | D24: Até o 5° dia util do mês de janeiro do 11° ano do contrato | E24: - | F24: Valor determinado no EVTE | G24: R$ | H24: =H23 -> 0
B25: Capital Social Mínimo | C25: no 12° ano do contrato | D25: Até o 5° dia util do mês de janeiro do 12° ano do contrato | E25: - | F25: Valor determinado no EVTE | G25: R$ | H25: =H24 -> 0
B26: Capital Social Mínimo | C26: no 13° ano do contrato | D26: Até o 5° dia util do mês de janeiro do 13° ano do contrato | E26: - | F26: Valor determinado no EVTE | G26: R$ | H26: =H25 -> 0
B27: Capital Social Mínimo | C27: no 14° ano do contrato | D27: Até o 5° dia util do mês de janeiro do 14° ano do contrato | E27: - | F27: Valor determinado no EVTE | G27: R$ | H27: =H26 -> 0
B28: Capital Social Mínimo | C28: no 15° ano do contrato | D28: Até o 5° dia util do mês de janeiro do 15° ano do contrato | E28: - | F28: Valor determinado no EVTE | G28: R$ | H28: =H27 -> 0
B29: Capital Social Mínimo | C29: do 16° ao 35° ano do contrato | D29: Até o 5° dia util do mês de janeiro do 16° ano do contrato | E29: - | F29: Valor determinado no EVTE | G29: R$ | H29: =H28 -> 0
B31: Seguros e Garantias Contratuais | C31: Periodo de vigência | D31: Pagamento | E31: Aliquota | F31: Base de Cálculo | G31: Unid. | H31: =H18 -> Valor Dez 2025
B33: Seguro de Risco de Engenharia | C33: Durante o Investimento | D33: Até o 5° dia util antes da assinatura do contrato | E33: ='[1]Seguros e Garantias'!D5 -> 1 | F33: Valor do Capex do EVTE | G33: R$ | H33: =-'FCD PROJETO'!AO48 -> 0
B34: Seguro de Responsabilidade Civil - Obras | C34: Durante o Investimento | D34: Até o 5° dia util antes da assinatura do contrato | E34: ='[1]Seguros e Garantias'!D6 -> 0.07 | F34: Valor do Capex do EVTE | G34: R$ | H34: =-'FCD PROJETO'!AO48*'DADOS PARA CONTRATO'!E34 -> 0
B35: Seguro de Responsabilidade Civil - Operação (Durante o Contrato) | C35: Durante o Contrato | D35: Até o 5° dia util antes da assinatura do contrato | E35: ='[1]Seguros e Garantias'!D7 -> 0.16 | F35: Valor do Opex do EVTE | G35: R$ | H35: =-'FCD PROJETO'!AO48*E35 -> 0
B36: Seguro Riscos Gerais - "All Risks" (Durante o Contrato) | C36: Durante o Contrato | D36: Até o 5° dia util antes da assinatura do contrato | E36: ='[1]Seguros e Garantias'!D8 -> 0.01 | F36: Valor do Contrato de Referência | G36: R$ | H36: =E36*H3 -> #DIV/0!
B37: Garantia de Execução do Contato | C37: do 1° ao 10° ano | D37: Até o 5° dia util antes da assinatura do contrato | E37: ='[1]Seguros e Garantias'!D9 -> 0.05 | F37: Valor do Contrato de Referência | G37: R$ | H37: =E37*H3 -> #DIV/0!
B38: Garantia de Execução do Contato | C38: do 10° ao 25° ano | D38: Até o 5° dia utíl antes do vencimento da apólice anterior | E38: ='[1]Seguros e Garantias'!D10 -> 0.02 | F38: Valor do Contrato de Referência | G38: R$ | H38: =E38*H3 -> #DIV/0!
B39: Garantia de Execução do Contato | C39: do 25° ao 35° ano | D39: Até o 5° dia utíl antes do vencimento da apólice anterior | E39: ='[1]Seguros e Garantias'!D11 -> 0.03 | F39: Valor do Contrato de Referência | G39: R$ | H39: =E39*H3 -> #DIV/0!

Sheet FCD PROJETO
A1: Preenchimento
A2: Fórmulas
A3: NÂO ALTERAR | B3: RESULTADO DO FLUXO DE CAIXA PROJETO- FCDP | G3: Cálculo das Taxas de Juros | K3: Para Alteração da Matriz Tarifária
B4: Taxa de desconto | D4: =H6 -> #DIV/0! | G4: SELIC no Ano Base | H4: ='Dados ME'!D8 -> 0 | I4: Inflação Ano Base | J4: ='Dados ME'!D6 -> 0
B5: TIR Calculada do projeto | D5: =IRR(F107:AN107) -> #VALUE! | G5: Taxa Juros Básica | H5: =(1+H4)/(1+J4)-1 -> 0 | I5: Rf | J5: ='Dados ME'!D12 -> 0
B6: VPL Calculado do projeto | D6: =ROUND(NPV(D4,F107:AN107),2) -> #DIV/0! | G6: Taxa de desconto | H6: =J10 -> #DIV/0! | I6: Beta Alavancado
B7: PAYBACK Simples | D7: =MATCH(0,F108:AN108,1) -> #N/A | G7: TMA | H7: =H5+J8 -> 0 | I7: Rm | J7: ='Dados ME'!D13 -> 0
B8: PAYBACK Descontado | D8: =MATCH(0,F110:AN110,1) -> #N/A | G8: ke (Capital Próprio) | H8: =H5+J6*(J7-J5)+J8 -> 0 | I8: Rc | J8: ='Dados ME'!D14 -> 0
B9: Item | D9: Valor Nominal | E9: VPL | G9: kd (Capital Terceiros) | H9: ='Financiamento '!C29+'Financiamento '!C30+'Financiamento '!C31 -> 0 | I9: TC = CSLL+IRPJ | J9: 0.34
B10: Faturamento | D10: =AO42 -> #DIV/0! | E10: =NPV(D4,F42:AN42) -> #DIV/0! | G10: WACCcalculado | J10: =(('FCD Acionista'!C53/('FCD Acionista'!C53+'FCD Acionista'!C54))*H8)+(('FCD Acionista'!C54/('FCD Acionista'!C53+'FCD Acionista'!C54))*H9*(1-J9)) -> #DIV/0!
B11: Arrecadação | D11: =AO43 -> #DIV/0! | E11: =NPV(D4,F43:AN43) -> #DIV/0!
B12: Despesas de Capital (CAPEX) | D12: =-AO48 -> 0 | E12: =-NPV(D4,F48:AN48) -> #DIV/0! | G12: Tarifa média calculada
B13: Despesas operacionais (OPEX) | D13: =-AO53 -> #DIV/0! | E13: =-NPV(D4,F53:AN53) -> #DIV/0! | G13: Tarifa média de Água calculada | J13: =Histograma!Y89 -> #DIV/0!
B14: Impostos | D14: =-AO93 -> #DIV/0! | E14: =-NPV(D4,F93:AN93) -> #DIV/0! | G14: Tarifa média de Esgoto calculada | J14: =Histograma!Y90 -> #DIV/0! | K14: Inicial Cálculo R/m³
B15: Equity | D15: =AO105 -> #DIV/0! | E15: =NPV(D4,F105:AN105) -> #DIV/0! | G15: Relação Tarifa de Esgoto / Tarifa de Água | J15: =Histograma!G85 -> 1
B16: EBITDA | D16: =(D11-D13)+AO95 -> #DIV/0! | E16: =(E11-E13)+NPV(D4,F95:AN95) -> #DIV/0! | G16: Administração Central (% da Arrecadação do Projeto) | K16: Valor Básico Inicial para a construção da matriz tarifária
B17: Margem EBITDA | D17: =D16/D11 -> #DIV/0! | E17: =E16/E11 -> #DIV/0! | G17: Taxa de Regulação
B18: EBIT | D18: =D16+AO88 -> #DIV/0! | E18: =E16+NPV(D4,F88:AN88) -> #DIV/0! | G18: % do CAPEX Financiado por terceiros
B19: Margem EBIT | D19: =D18/D11 -> #DIV/0! | E19: =E18/E11 -> #DIV/0!
G20: VPL Projeto = | H20: =D6 -> #DIV/0! | I20: VPL Acionista = | J20: ='FCD Acionista'!D4 -> #DIV/0!
B22: FLUXO DE CAIXA DO PROJETO
B23: =Cronograma!B1 -> ANO | D23: Base | E23: 0 | F23: =Cronograma!C1 -> 1 | G23: =Cronograma!D1 -> 2 | H23: =Cronograma!E1 -> 3 | I23: =Cronograma!F1 -> 4 | J23: =Cronograma!G1 -> 5 | K23: =Cronograma!H1 -> 6 | L23: =Cronograma!I1 -> 7 | M23: =Cronograma!J1 -> 8 | ... AN23: =Cronograma!AK1 -> 35
D24: 2025 | E24: 2026 | F24: =E24+1 -> 2027 | G24: =F24+1 -> 2028 | H24: =G24+1 -> 2029 | I24: =H24+1 -> 2030 | J24: =I24+1 -> 2031 | K24: =J24+1 -> 2032 | L24: =K24+1 -> 2033 | M24: =L24+1 -> 2034 | ... AN24: =AM24+1 -> 2061 | AO24: ACUMULADO
B25: 1 - RECEITAS
B27: 1.1 - Água
B28: 1.1.1 - Receita faturada Água | F28: =$J$13*'Base Física'!F63 -> #DIV/0! | G28: =$J$13*'Base Física'!G63 -> #DIV/0! | H28: =$J$13*'Base Física'!H63 -> #DIV/0! | I28: =$J$13*'Base Física'!I63 -> #DIV/0! | J28: =$J$13*'Base Física'!J63 -> #DIV/0! | K28: =$J$13*'Base Física'!K63 -> #DIV/0! | L28: =$J$13*'Base Física'!L63 -> #DIV/0! | M28: =$J$13*'Base Física'!M63 -> #DIV/0! | ... AN28: =$J$13*'Base Física'!AN63 -> #DIV/0! | AO28: =+SUM(F28:AN28) -> #DIV/0!
B29: 1.1.2 - Receitas faturada com serviços acessórios de Água | F29: =F28*$C29 -> #DIV/0! | G29: =G28*$C29 -> #DIV/0! | H29: =H28*$C29 -> #DIV/0! | I29: =I28*$C29 -> #DIV/0! | J29: =J28*$C29 -> #DIV/0! | K29: =K28*$C29 -> #DIV/0! | L29: =L28*$C29 -> #DIV/0! | M29: =M28*$C29 -> #DIV/0! | ... AN29: =AN28*$C29 -> #DIV/0! | AO29: =+SUM(F29:AN29) -> #DIV/0!
B30: 1.1.3 - Receita recebida Água | F30: =(F28+F29)*(1-'Base Física'!F44) -> #DIV/0! | G30: =(G28+G29)*(1-'Base Física'!G44) -> #DIV/0! | H30: =(H28+H29)*(1-'Base Física'!H44) -> #DIV/0! | I30: =(I28+I29)*(1-'Base Física'!I44) -> #DIV/0! | J30: =(J28+J29)*(1-'Base Física'!J44) -> #DIV/0! | K30: =(K28+K29)*(1-'Base Física'!K44) -> #DIV/0! | L30: =(L28+L29)*(1-'Base Física'!L44) -> #DIV/0! | M30: =(M28+M29)*(1-'Base Física'!M44) -> #DIV/0! | ... AN30: =(AN28+AN29)*(1-'Base Física'!AN44) -> #DIV/0! | AO30: =+SUM(F30:AN30) -> #DIV/0!
B31: 1.1.4 - Recuperação de receita de Água no ano | F31: =IF(E31<=0,(F28+F29-F30)*$C31,(E28+E29-E30)*(1-$C$31)+(F28+F29-F30)*$C31) -> #DIV/0! | G31: =IF(F31<=0,(G28+G29-G30)*$C31,(F28+F29-F30)*(1-$C$31)+(G28+G29-G30)*$C31) -> #DIV/0! | H31: =IF(G31<=0,(H28+H29-H30)*$C31,(G28+G29-G30)*(1-$C$31)+(H28+H29-H30)*$C31) -> #DIV/0! | I31: =IF(H31<=0,(I28+I29-I30)*$C31,(H28+H29-H30)*(1-$C$31)+(I28+I29-I30)*$C31) -> #DIV/0! | J31: =IF(I31<=0,(J28+J29-J30)*$C31,(I28+I29-I30)*(1-$C$31)+(J28+J29-J30)*$C31) -> #DIV/0! | K31: =IF(J31<=0,(K28+K29-K30)*$C31,(J28+J29-J30)*(1-$C$31)+(K28+K29-K30)*$C31) -> #DIV/0! | L31: =IF(K31<=0,(L28+L29-L30)*$C31,(K28+K29-K30)*(1-$C$31)+(L28+L29-L30)*$C31) -> #DIV/0! | M31: =IF(L31<=0,(M28+M29-M30)*$C31,(L28+L29-L30)*(1-$C$31)+(M28+M29-M30)*$C31) -> #DIV/0! | ... AN31: =IF(AM31<=0,(AN28+AN29-AN30)*$C31,(AM28+AM29-AM30)*(1-$C$31)+(AN28+AN29-AN30)*$C31) -> #DIV/0! | AO31: =+SUM(F31:AN31) -> #DIV/0!
B32: 1.1.5 - Perda de arrecadação efetiva | F32: =F31 -(F28+F29-F30) -> #DIV/0! | G32: =G31 -(G28+G29-G30) -> #DIV/0! | H32: =H31 -(H28+H29-H30) -> #DIV/0! | I32: =I31 -(I28+I29-I30) -> #DIV/0! | J32: =J31 -(J28+J29-J30) -> #DIV/0! | K32: =K31 -(K28+K29-K30) -> #DIV/0! | L32: =L31 -(L28+L29-L30) -> #DIV/0! | M32: =M31 -(M28+M29-M30) -> #DIV/0! | ... AN32: =AN31 -(AN28+AN29-AN30) -> #DIV/0! | AO32: =+SUM(F32:AN32) -> #DIV/0!
B34: 1.2 - Esgoto
B35: 1.2.1 - Receita faturada Esgoto | F35: =$J$14*'Base Física'!F65 -> #DIV/0! | G35: =$J$14*'Base Física'!G65 -> #DIV/0! | H35: =$J$14*'Base Física'!H65 -> #DIV/0! | I35: =$J$14*'Base Física'!I65 -> #DIV/0! | J35: =$J$14*'Base Física'!J65 -> #DIV/0! | K35: =$J$14*'Base Física'!K65 -> #DIV/0! | L35: =$J$14*'Base Física'!L65 -> #DIV/0! | M35: =$J$14*'Base Física'!M65 -> #DIV/0! | ... AN35: =$J$14*'Base Física'!AN65 -> #DIV/0! | AO35: =+SUM(F35:AN35) -> #DIV/0!
B36: 1.2.2 - Receitas faturada com serviços acessórios de Esgoto | F36: =F35*$C36 -> #DIV/0! | G36: =G35*$C36 -> #DIV/0! | H36: =H35*$C36 -> #DIV/0! | I36: =I35*$C36 -> #DIV/0! | J36: =J35*$C36 -> #DIV/0! | K36: =K35*$C36 -> #DIV/0! | L36: =L35*$C36 -> #DIV/0! | M36: =M35*$C36 -> #DIV/0! | ... AN36: =AN35*$C36 -> #DIV/0! | AO36: =+SUM(F36:AN36) -> #DIV/0!
B37: 1.2.3 - Receita recebida | F37: =(F35+F36)*(1-'Base Física'!F44) -> #DIV/0! | G37: =(G35+G36)*(1-'Base Física'!G44) -> #DIV/0! | H37: =(H35+H36)*(1-'Base Física'!H44) -> #DIV/0! | I37: =(I35+I36)*(1-'Base Física'!I44) -> #DIV/0! | J37: =(J35+J36)*(1-'Base Física'!J44) -> #DIV/0! | K37: =(K35+K36)*(1-'Base Física'!K44) -> #DIV/0! | L37: =(L35+L36)*(1-'Base Física'!L44) -> #DIV/0! | M37: =(M35+M36)*(1-'Base Física'!M44) -> #DIV/0! | ... AN37: =(AN35+AN36)*(1-'Base Física'!AN44) -> #DIV/0! | AO37: =+SUM(F37:AN37) -> #DIV/0!
B38: 1.2.4 - Recuperação de receita de esgoto | F38: =IF(E38<=0,(F35+F36-F37)*$C38,(E35+E36-E37)*(1-$C$31)+(F35+F36-F37)*$C38) -> #DIV/0! | G38: =IF(F38<=0,(G35+G36-G37)*$C38,(F35+F36-F37)*(1-$C$31)+(G35+G36-G37)*$C38) -> #DIV/0! | H38: =IF(G38<=0,(H35+H36-H37)*$C38,(G35+G36-G37)*(1-$C$31)+(H35+H36-H37)*$C38) -> #DIV/0! | I38: =IF(H38<=0,(I35+I36-I37)*$C38,(H35+H36-H37)*(1-$C$31)+(I35+I36-I37)*$C38) -> #DIV/0! | J38: =IF(I38<=0,(J35+J36-J37)*$C38,(I35+I36-I37)*(1-$C$31)+(J35+J36-J37)*$C38) -> #DIV/0! | K38: =IF(J38<=0,(K35+K36-K37)*$C38,(J35+J36-J37)*(1-$C$31)+(K35+K36-K37)*$C38) -> #DIV/0! | L38: =IF(K38<=0,(L35+L36-L37)*$C38,(K35+K36-K37)*(1-$C$31)+(L35+L36-L37)*$C38) -> #DIV/0! | M38: =IF(L38<=0,(M35+M36-M37)*$C38,(L35+L36-L37)*(1-$C$31)+(M35+M36-M37)*$C38) -> #DIV/0! | ... AN38: =IF(AM38<=0,(AN35+AN36-AN37)*$C38,(AM35+AM36-AM37)*(1-$C$31)+(AN35+AN36-AN37)*$C38) -> #DIV/0! | AO38: =+SUM(F38:AN38) -> #DIV/0!
B39: 1.2.5 - Perda de arrecadação efetiva | F39: =F38 -(F35+F36-F37) -> #DIV/0! | G39: =G38 -(G35+G36-G37) -> #DIV/0! | H39: =H38 -(H35+H36-H37) -> #DIV/0! | I39: =I38 -(I35+I36-I37) -> #DIV/0! | J39: =J38 -(J35+J36-J37) -> #DIV/0! | K39: =K38 -(K35+K36-K37) -> #DIV/0! | L39: =L38 -(L35+L36-L37) -> #DIV/0! | M39: =M38 -(M35+M36-M37) -> #DIV/0! | ... AN39: =AN38 -(AN35+AN36-AN37) -> #DIV/0! | AO39: =+SUM(F39:AN39) -> #DIV/0!
B42: 1.3 - Faturamento Bruto anual | F42: =F28+F29+F35+F36 -> #DIV/0! | G42: =G28+G29+G35+G36 -> #DIV/0! | H42: =H28+H29+H35+H36 -> #DIV/0! | I42: =I28+I29+I35+I36 -> #DIV/0! | J42: =J28+J29+J35+J36 -> #DIV/0! | K42: =K28+K29+K35+K36 -> #DIV/0! | L42: =L28+L29+L35+L36 -> #DIV/0! | M42: =M28+M29+M35+M36 -> #DIV/0! | ... AN42: =AN28+AN29+AN35+AN36 -> #DIV/0! | AO42: =+SUM(F42:AN42) -> #DIV/0!
B43: 1.4 - Arrecadação Bruta anual | F43: =F30+F31+F37+F38 -> #DIV/0! | G43: =G30+G31+G37+G38 -> #DIV/0! | H43: =H30+H31+H37+H38 -> #DIV/0! | I43: =I30+I31+I37+I38 -> #DIV/0! | J43: =J30+J31+J37+J38 -> #DIV/0! | K43: =K30+K31+K37+K38 -> #DIV/0! | L43: =L30+L31+L37+L38 -> #DIV/0! | M43: =M30+M31+M37+M38 -> #DIV/0! | ... AN43: =AN30+AN31+AN37+AN38 -> #DIV/0! | AO43: =+SUM(F43:AN43) -> #DIV/0!
B44: 1.5 - Perda de Receita | F44: =F43-(F28+F29+F35+F36) -> #DIV/0! | G44: =G43-(G28+G29+G35+G36) -> #DIV/0! | H44: =H43-(H28+H29+H35+H36) -> #DIV/0! | I44: =I43-(I28+I29+I35+I36) -> #DIV/0! | J44: =J43-(J28+J29+J35+J36) -> #DIV/0! | K44: =K43-(K28+K29+K35+K36) -> #DIV/0! | L44: =L43-(L28+L29+L35+L36) -> #DIV/0! | M44: =M43-(M28+M29+M35+M36) -> #DIV/0! | ... AN44: =AN43-(AN28+AN29+AN35+AN36) -> #DIV/0! | AO44: =+SUM(F44:AN44) -> #DIV/0!
B46: 2 - DESPESAS
B48: 2.1 -Despesas de Capital (CAPEX) | F48: =F50+F51 -> 0 | G48: =G50+G51 -> 0 | H48: =H50+H51 -> 0 | I48: =I50+I51 -> 0 | J48: =J50+J51 -> 0 | K48: =K50+K51 -> 0 | L48: =L50+L51 -> 0 | M48: =M50+M51 -> 0 | ... AN48: =AN50+AN51 -> 0 | AO48: =+SUM(F48:AN48) -> 0
B50: 2.1.2 - Água | F50: =-Cronograma!C44 -> 0 | G50: =-Cronograma!D44 -> 0 | H50: =-Cronograma!E44 -> 0 | I50: =-Cronograma!F44 -> 0 | J50: =-Cronograma!G44 -> 0 | K50: =-Cronograma!H44 -> 0 | L50: =-Cronograma!I44 -> 0 | M50: =-Cronograma!J44 -> 0 | ... AN50: =-Cronograma!AK44 -> 0 | AO50: =+SUM(F50:AN50) -> 0
B51: 2.1.2 - Esgoto | F51: =-Cronograma!C45 -> 0 | G51: =-Cronograma!D45 -> 0 | H51: =-Cronograma!E45 -> 0 | I51: =-Cronograma!F45 -> 0 | J51: =-Cronograma!G45 -> 0 | K51: =-Cronograma!H45 -> 0 | L51: =-Cronograma!I45 -> 0 | M51: =-Cronograma!J45 -> 0 | ... AN51: =-Cronograma!AK45 -> 0 | AO51: =+SUM(F51:AN51) -> 0
B53: 2.2 - Despesas operacionais (OPEX) | F53: =SUM(F55:F67)+F69+F76 -> #DIV/0! | G53: =SUM(G55:G67)+G69+G76 -> #DIV/0! | H53: =SUM(H55:H67)+H69+H76 -> #DIV/0! | I53: =SUM(I55:I67)+I69+I76 -> #DIV/0! | J53: =SUM(J55:J67)+J69+J76 -> #DIV/0! | K53: =SUM(K55:K67)+K69+K76 -> #DIV/0! | L53: =SUM(L55:L67)+L69+L76 -> #DIV/0! | M53: =SUM(M55:M67)+M69+M76 -> #DIV/0! | ... AN53: =SUM(AN55:AN67)+AN69+AN76 -> #DIV/0! | AO53: =+SUM(F53:AN53) -> #DIV/0!
B55: 2.2.1 - Custeio de mão de obra e encargos sociais | F55: =-'Mão de Obra'!D17 -> 0 | G55: =-'Mão de Obra'!E17 -> 0 | H55: =-'Mão de Obra'!F17 -> 0 | I55: =-'Mão de Obra'!G17 -> 0 | J55: =-'Mão de Obra'!H17 -> 0 | K55: =-'Mão de Obra'!I17 -> 0 | L55: =-'Mão de Obra'!J17 -> 0 | M55: =-'Mão de Obra'!K17 -> 0 | ... AN55: =-'Mão de Obra'!AL17 -> 0 | AO55: =+SUM(F55:AN55) -> 0
B56: 2.2.2 - Custeio de serviços e materiais p/ manut. de redes | F56: =-'Manut Rede'!D63 -> 0 | G56: =-'Manut Rede'!E63 -> 0 | H56: =-'Manut Rede'!F63 -> 0 | I56: =-'Manut Rede'!G63 -> 0 | J56: =-'Manut Rede'!H63 -> 0 | K56: =-'Manut Rede'!I63 -> 0 | L56: =-'Manut Rede'!J63 -> 0 | M56: =-'Manut Rede'!K63 -> 0 | ... AN56: =-'Manut Rede'!AL63 -> 0 | AO56: =+SUM(F56:AN56) -> 0
B57: 2.2.3 - Custeio de serviços e materiais p/ manut. de veículos | F57: =-Veículos!D16 -> 0 | G57: =-Veículos!E16 -> 0 | H57: =-Veículos!F16 -> 0 | I57: =-Veículos!G16 -> 0 | J57: =-Veículos!H16 -> 0 | K57: =-Veículos!I16 -> 0 | L57: =-Veículos!J16 -> 0 | M57: =-Veículos!K16 -> 0 | ... AN57: =-Veículos!AL16 -> 0 | AO57: =+SUM(F57:AN57) -> 0
B58: 2.2.4 - Custeio de serviços e manut. de equipos eletromecânicos | F58: =-'Energia Eletrica'!E35 -> #DIV/0! | G58: =-'Energia Eletrica'!F35 -> #DIV/0! | H58: =-'Energia Eletrica'!G35 -> #DIV/0! | I58: =-'Energia Eletrica'!H35 -> #DIV/0! | J58: =-'Energia Eletrica'!I35 -> #DIV/0! | K58: =-'Energia Eletrica'!J35 -> #DIV/0! | L58: =-'Energia Eletrica'!K35 -> #DIV/0! | M58: =-'Energia Eletrica'!L35 -> #DIV/0! | ... AN58: =-'Energia Eletrica'!AM35 -> #DIV/0! | AO58: =+SUM(F58:AN58) -> #DIV/0!
B59: 2.2.5 - Reposição de ativos e equipamentos. | F59: =-'Reposição de Ativos'!D17 -> #DIV/0! | G59: =-'Reposição de Ativos'!E17 -> #DIV/0! | H59: =-'Reposição de Ativos'!F17 -> #DIV/0! | I59: =-'Reposição de Ativos'!G17 -> #DIV/0! | J59: =-'Reposição de Ativos'!H17 -> #DIV/0! | K59: =-'Reposição de Ativos'!I17 -> #DIV/0! | L59: =-'Reposição de Ativos'!J17 -> #DIV/0! | M59: =-'Reposição de Ativos'!K17 -> #DIV/0! | ... AN59: =-'Reposição de Ativos'!AL17 -> #DIV/0! | AO59: =+SUM(F59:AN59) -> #DIV/0!
B60: 2.2.6 - Custeio de combustíveis e lubrificantes | F60: =-Veículos!D17 -> 0 | G60: =-Veículos!E17 -> 0 | H60: =-Veículos!F17 -> 0 | I60: =-Veículos!G17 -> 0 | J60: =-Veículos!H17 -> 0 | K60: =-Veículos!I17 -> 0 | L60: =-Veículos!J17 -> 0 | M60: =-Veículos!K17 -> 0 | ... AN60: =-Veículos!AL17 -> 0 | AO60: =+SUM(F60:AN60) -> 0
B61: 2.2.7 - Custeio de energia elétrica | F61: =-'Energia Eletrica'!E22 -> 0 | G61: =-'Energia Eletrica'!F22 -> 0 | H61: =-'Energia Eletrica'!G22 -> 0 | I61: =-'Energia Eletrica'!H22 -> 0 | J61: =-'Energia Eletrica'!I22 -> 0 | K61: =-'Energia Eletrica'!J22 -> 0 | L61: =-'Energia Eletrica'!K22 -> 0 | M61: =-'Energia Eletrica'!L22 -> 0 | ... AN61: =-'Energia Eletrica'!AM22 -> 0 | AO61: =+SUM(F61:AN61) -> 0
B62: 2.2.8 - Custeio de produto químico | F62: =-'Produto Químico'!E27 -> 0 | G62: =-'Produto Químico'!F27 -> 0 | H62: =-'Produto Químico'!G27 -> 0 | I62: =-'Produto Químico'!H27 -> 0 | J62: =-'Produto Químico'!I27 -> 0 | K62: =-'Produto Químico'!J27 -> 0 | L62: =-'Produto Químico'!K27 -> 0 | M62: =-'Produto Químico'!L27 -> 0 | ... AN62: =-'Produto Químico'!AM27 -> 0 | AO62: =+SUM(F62:AN62) -> 0
B63: 2.2.9 - Custeio administrativo e comercial | F63: =-F42*0.0300343386711128 -> #DIV/0! | G63: =-G42*0.0300343386711128 -> #DIV/0! | H63: =-H42*0.0300343386711128 -> #DIV/0! | I63: =-I42*0.0300343386711128 -> #DIV/0! | J63: =-J42*0.0300343386711128 -> #DIV/0! | K63: =-K42*0.0300343386711128 -> #DIV/0! | L63: =-L42*0.0300343386711128 -> #DIV/0! | M63: =-M42*0.0300343386711128 -> #DIV/0! | ... AN63: =-AN42*0.0300343386711128 -> #DIV/0! | AO63: =+SUM(F63:AN63) -> #DIV/0!
B64: 2.2.10 - Custeio legal e regulação | F64: =-'Legal e Regulação'!E10 -> #DIV/0! | G64: =-'Legal e Regulação'!F10 -> #DIV/0! | H64: =-'Legal e Regulação'!G10 -> #DIV/0! | I64: =-'Legal e Regulação'!H10 -> #DIV/0! | J64: =-'Legal e Regulação'!I10 -> #DIV/0! | K64: =-'Legal e Regulação'!J10 -> #DIV/0! | L64: =-'Legal e Regulação'!K10 -> #DIV/0! | M64: =-'Legal e Regulação'!L10 -> #DIV/0! | ... AN64: =-'Legal e Regulação'!AM10 -> #DIV/0! | AO64: =+SUM(F64:AN64) -> #DIV/0!
B65: 2.2.11 - Despesas diversas | F65: =(F55+F56+F57+F58+F59+F60+F61+F62+F63+F64+F66)*$C$65 -> #DIV/0! | G65: =(G55+G56+G57+G58+G59+G60+G61+G62+G63+G64+G66)*$C$65 -> #DIV/0! | H65: =(H55+H56+H57+H58+H59+H60+H61+H62+H63+H64+H66)*$C$65 -> #DIV/0! | I65: =(I55+I56+I57+I58+I59+I60+I61+I62+I63+I64+I66)*$C$65 -> #DIV/0! | J65: =(J55+J56+J57+J58+J59+J60+J61+J62+J63+J64+J66)*$C$65 -> #DIV/0! | K65: =(K55+K56+K57+K58+K59+K60+K61+K62+K63+K64+K66)*$C$65 -> #DIV/0! | L65: =(L55+L56+L57+L58+L59+L60+L61+L62+L63+L64+L66)*$C$65 -> #DIV/0! | M65: =(M55+M56+M57+M58+M59+M60+M61+M62+M63+M64+M66)*$C$65 -> #DIV/0! | ... AN65: =(AN55+AN56+AN57+AN58+AN59+AN60+AN61+AN62+AN63+AN64+AN66)*$C$65 -> #DIV/0! | AO65: =+SUM(F65:AN65) -> #DIV/0!
B66: 2.2.12 - Pagamento pelo uso de recursos hídricos | F66: =-'Recursos Hidricos'!E10 -> 0 | G66: =-'Recursos Hidricos'!F10 -> 0 | H66: =-'Recursos Hidricos'!G10 -> 0 | I66: =-'Recursos Hidricos'!H10 -> 0 | J66: =-'Recursos Hidricos'!I10 -> 0 | K66: =-'Recursos Hidricos'!J10 -> 0 | L66: =-'Recursos Hidricos'!K10 -> 0 | M66: =-'Recursos Hidricos'!L10 -> 0 | ... AN66: =-'Recursos Hidricos'!AM10 -> 0 | AO66: =+SUM(F66:AN66) -> 0
B67: 2.2.13 - Reserva técnica de contingência e emergências | F67: {=SUM(F55:F66*2%)} -> #DIV/0! | G67: {=SUM(G55:G66*2%)} -> #DIV/0! | H67: {=SUM(H55:H66*2%)} -> #DIV/0! | I67: {=SUM(I55:I66*2%)} -> #DIV/0! | J67: {=SUM(J55:J66*2%)} -> #DIV/0! | K67: {=SUM(K55:K66*2%)} -> #DIV/0! | L67: {=SUM(L55:L66*2%)} -> #DIV/0! | M67: {=SUM(M55:M66*2%)} -> #DIV/0! | ... AN67: {=SUM(AN55:AN66*2%)} -> #DIV/0! | AO67: =+SUM(F67:AN67) -> #DIV/0!
B69: 2.2.14 - Seguros e Garantias | F69: =F71+F72+F73+F74 -> #DIV/0! | G69: =G71+G72+G73+G74 -> #DIV/0! | H69: =H71+H72+H73+H74 -> #DIV/0! | I69: =I71+I72+I73+I74 -> #DIV/0! | J69: =J71+J72+J73+J74 -> #DIV/0! | K69: =K71+K72+K73+K74 -> #DIV/0! | L69: =L71+L72+L73+L74 -> #DIV/0! | M69: =M71+M72+M73+M74 -> #DIV/0! | ... AN69: =AN71+AN72+AN73+AN74 -> #DIV/0! | AO69: =+SUM(F69:AN69) -> #DIV/0!
B71: 2.2.14.1 - Seguros sobre investimentos | F71: ='Seguros e Garantias'!$I$4*F48 -> 0 | G71: ='Seguros e Garantias'!$I$4*G48 -> 0 | H71: ='Seguros e Garantias'!$I$4*H48 -> 0 | I71: ='Seguros e Garantias'!$I$4*I48 -> 0 | J71: ='Seguros e Garantias'!$I$4*J48 -> 0 | K71: ='Seguros e Garantias'!$I$4*K48 -> 0 | L71: ='Seguros e Garantias'!$I$4*L48 -> 0 | M71: ='Seguros e Garantias'!$I$4*M48 -> 0 | ... AN71: ='Seguros e Garantias'!$I$4*AN48 -> 0 | AO71: =+SUM(F71:AN71) -> 0
B72: 2.2.14.2 - Garantias de Execução Contrato | F72: =-'Seguros e Garantias'!D32 -> #DIV/0! | G72: =-'Seguros e Garantias'!E32 -> #DIV/0! | H72: =-'Seguros e Garantias'!F32 -> #DIV/0! | I72: =-'Seguros e Garantias'!G32 -> #DIV/0! | J72: =-'Seguros e Garantias'!H32 -> #DIV/0! | K72: =-'Seguros e Garantias'!I32 -> #DIV/0! | L72: =-'Seguros e Garantias'!J32 -> #DIV/0! | M72: =-'Seguros e Garantias'!K32 -> #DIV/0! | ... AN72: =-'Seguros e Garantias'!AL32 -> #DIV/0! | AO72: =+SUM(F72:AN72) -> #DIV/0!
B73: 2.2.14.3 - Seguro sobre Riscos Gerais | F73: =-'Seguros e Garantias'!D26 -> #DIV/0! | G73: =-'Seguros e Garantias'!E26 -> #DIV/0! | H73: =-'Seguros e Garantias'!F26 -> #DIV/0! | I73: =-'Seguros e Garantias'!G26 -> #DIV/0! | J73: =-'Seguros e Garantias'!H26 -> #DIV/0! | K73: =-'Seguros e Garantias'!I26 -> #DIV/0! | L73: =-'Seguros e Garantias'!J26 -> #DIV/0! | M73: =-'Seguros e Garantias'!K26 -> #DIV/0! | ... AN73: =-'Seguros e Garantias'!AL26 -> #DIV/0! | AO73: =+SUM(F73:AN73) -> #DIV/0!
B74: 2.2.14.4 - Seguro sobre Operação | F74: =(F55+F56+F57+F58+F59+F60+F61+F62+F63+F64+F65+F66+F67)*'Seguros e Garantias'!$I$6 -> #DIV/0! | G74: =(G55+G56+G57+G58+G59+G60+G61+G62+G63+G64+G65+G66+G67)*'Seguros e Garantias'!$I$6 -> #DIV/0! | H74: =(H55+H56+H57+H58+H59+H60+H61+H62+H63+H64+H65+H66+H67)*'Seguros e Garantias'!$I$6 -> #DIV/0! | I74: =(I55+I56+I57+I58+I59+I60+I61+I62+I63+I64+I65+I66+I67)*'Seguros e Garantias'!$I$6 -> #DIV/0! | J74: =(J55+J56+J57+J58+J59+J60+J61+J62+J63+J64+J65+J66+J67)*'Seguros e Garantias'!$I$6 -> #DIV/0! | K74: =(K55+K56+K57+K58+K59+K60+K61+K62+K63+K64+K65+K66+K67)*'Seguros e Garantias'!$I$6 -> #DIV/0! | L74: =(L55+L56+L57+L58+L59+L60+L61+L62+L63+L64+L65+L66+L67)*'Seguros e Garantias'!$I$6 -> #DIV/0! | M74: =(M55+M56+M57+M58+M59+M60+M61+M62+M63+M64+M65+M66+M67)*'Seguros e Garantias'!$I$6 -> #DIV/0! | ... AN74: =(AN55+AN56+AN57+AN58+AN59+AN60+AN61+AN62+AN63+AN64+AN65+AN66+AN67)*'Seguros e Garantias'!$I$6 -> #DIV/0! | AO74: =+SUM(F74:AN74) -> #DIV/0!
B76: 2.2.15 - Taxa de Administração Central | F76: =-F43*$J$16 -> #DIV/0! | G76: =-G43*$J$16 -> #DIV/0! | H76: =-H43*$J$16 -> #DIV/0! | I76: =-I43*$J$16 -> #DIV/0! | J76: =-J43*$J$16 -> #DIV/0! | K76: =-K43*$J$16 -> #DIV/0! | L76: =-L43*$J$16 -> #DIV/0! | M76: =-M43*$J$16 -> #DIV/0! | ... AN76: =-AN43*$J$16 -> #DIV/0! | AO76: =+SUM(F76:AN76) -> #DIV/0!
F77: =F48+F53 -> #DIV/0! | G77: =G48+G53 -> #DIV/0! | H77: =H48+H53 -> #DIV/0! | I77: =I48+I53 -> #DIV/0! | J77: =J48+J53 -> #DIV/0! | K77: =K48+K53 -> #DIV/0! | L77: =L48+L53 -> #DIV/0! | M77: =M48+M53 -> #DIV/0! | ... AN77: =AN48+AN53 -> #DIV/0! | AO77: =+SUM(F77:AN77) -> #DIV/0!
B78: Despesas Totais (ToTEX)
B80: 3 - RESUMO
B81: 3.1 - Faturamento Bruto | F81: =F42 -> #DIV/0! | G81: =G42 -> #DIV/0! | H81: =H42 -> #DIV/0! | I81: =I42 -> #DIV/0! | J81: =J42 -> #DIV/0! | K81: =K42 -> #DIV/0! | L81: =L42 -> #DIV/0! | M81: =M42 -> #DIV/0! | ... AN81: =AN42 -> #DIV/0! | AO81: =+SUM(F81:AN81) -> #DIV/0!
B82: 3.2 - Arrecadação Bruta | F82: =F43 -> #DIV/0! | G82: =G43 -> #DIV/0! | H82: =H43 -> #DIV/0! | I82: =I43 -> #DIV/0! | J82: =J43 -> #DIV/0! | K82: =K43 -> #DIV/0! | L82: =L43 -> #DIV/0! | M82: =M43 -> #DIV/0! | ... AN82: =AN43 -> #DIV/0! | AO82: =+SUM(F82:AN82) -> #DIV/0!
B83: 3.3 - Perda de Arrecadação | F83: =F82-F81 -> #DIV/0! | G83: =G82-G81 -> #DIV/0! | H83: =H82-H81 -> #DIV/0! | I83: =I82-I81 -> #DIV/0! | J83: =J82-J81 -> #DIV/0! | K83: =K82-K81 -> #DIV/0! | L83: =L82-L81 -> #DIV/0! | M83: =M82-M81 -> #DIV/0! | ... AN83: =AN82-AN81 -> #DIV/0! | AO83: =+SUM(F83:AN83) -> #DIV/0!
B85: 3.4 - Receita Líquida | F85: =F82+F96+F97+F98 -> #DIV/0! | G85: =G82+G96+G97+G98 -> #DIV/0! | H85: =H82+H96+H97+H98 -> #DIV/0! | I85: =I82+I96+I97+I98 -> #DIV/0! | J85: =J82+J96+J97+J98 -> #DIV/0! | K85: =K82+K96+K97+K98 -> #DIV/0! | L85: =L82+L96+L97+L98 -> #DIV/0! | M85: =M82+M96+M97+M98 -> #DIV/0! | ... AN85: =AN82+AN96+AN97+AN98 -> #DIV/0! | AO85: =+SUM(F85:AN85) -> #DIV/0!
B86: 3.5 - Custeio | F86: =F53 -> #DIV/0! | G86: =G53 -> #DIV/0! | H86: =H53 -> #DIV/0! | I86: =I53 -> #DIV/0! | J86: =J53 -> #DIV/0! | K86: =K53 -> #DIV/0! | L86: =L53 -> #DIV/0! | M86: =M53 -> #DIV/0! | ... AN86: =AN53 -> #DIV/0! | AO86: =+SUM(F86:AN86) -> #DIV/0!
B87: 3.6 - Investimento | F87: =F48 -> 0 | G87: =G48 -> 0 | H87: =H48 -> 0 | I87: =I48 -> 0 | J87: =J48 -> 0 | K87: =K48 -> 0 | L87: =L48 -> 0 | M87: =M48 -> 0 | ... AN87: =AN48 -> 0 | AO87: =+SUM(F87:AN87) -> 0
B88: 3.7 - Depreciação | F88: =-'Depreciação '!H79 -> 0 | G88: =-'Depreciação '!I79 -> 0 | H88: =-'Depreciação '!J79 -> 0 | I88: =-'Depreciação '!K79 -> 0 | J88: =-'Depreciação '!L79 -> 0 | K88: =-'Depreciação '!M79 -> 0 | L88: =-'Depreciação '!N79 -> 0 | M88: =-'Depreciação '!O79 -> 0 | ... AN88: =-'Depreciação '!AP79 -> 0 | AO88: =+SUM(F88:AN88) -> 0
B90: 3.8 - Saldo Operacional antes dos impostos sobre faturamento | F90: =SUM(F82,F86:F87) -> #DIV/0! | G90: =SUM(G82,G86:G87) -> #DIV/0! | H90: =SUM(H82,H86:H87) -> #DIV/0! | I90: =SUM(I82,I86:I87) -> #DIV/0! | J90: =SUM(J82,J86:J87) -> #DIV/0! | K90: =SUM(K82,K86:K87) -> #DIV/0! | L90: =SUM(L82,L86:L87) -> #DIV/0! | M90: =SUM(M82,M86:M87) -> #DIV/0! | ... AN90: =SUM(AN82,AN86:AN87) -> #DIV/0! | AO90: =+SUM(F90:AN90) -> #DIV/0!
B91: 3.9 - Saldo Operacional depois dos impostos sobre faturamento | F91: =F90+F95 -> #DIV/0! | G91: =G90+G95 -> #DIV/0! | H91: =H90+H95 -> #DIV/0! | I91: =I90+I95 -> #DIV/0! | J91: =J90+J95 -> #DIV/0! | K91: =K90+K95 -> #DIV/0! | L91: =L90+L95 -> #DIV/0! | M91: =M90+M95 -> #DIV/0! | ... AN91: =AN90+AN95 -> #DIV/0! | AO91: =+SUM(F91:AN91) -> #DIV/0!
B93: 3.10 - Impostos | F93: =F95+F100 -> #DIV/0! | G93: =G95+G100 -> #DIV/0! | H93: =H95+H100 -> #DIV/0! | I93: =I95+I100 -> #DIV/0! | J93: =J95+J100 -> #DIV/0! | K93: =K95+K100 -> #DIV/0! | L93: =L95+L100 -> #DIV/0! | M93: =M95+M100 -> #DIV/0! | ... AN93: =AN95+AN100 -> #DIV/0! | AO93: =+SUM(F93:AN93) -> #DIV/0!
B95: 3.10.1 - Impostos sobre o faturamento | F95: =SUM(F96:F98) -> #DIV/0! | G95: =SUM(G96:G98) -> #DIV/0! | H95: =SUM(H96:H98) -> #DIV/0! | I95: =SUM(I96:I98) -> #DIV/0! | J95: =SUM(J96:J98) -> #DIV/0! | K95: =SUM(K96:K98) -> #DIV/0! | L95: =SUM(L96:L98) -> #DIV/0! | M95: =SUM(M96:M98) -> #DIV/0! | ... AN95: =SUM(AN96:AN98) -> #DIV/0! | AO95: =+SUM(F95:AN95) -> #DIV/0!
B96: 3.10.1.1 - ISS | F96: =(F55+F56+F57+F58)*$C$96*0.4 -> #DIV/0! | G96: =(G55+G56+G57+G58)*$C$96*0.4 -> #DIV/0! | H96: =(H55+H56+H57+H58)*$C$96*0.4 -> #DIV/0! | I96: =(I55+I56+I57+I58)*$C$96*0.4 -> #DIV/0! | J96: =(J55+J56+J57+J58)*$C$96*0.4 -> #DIV/0! | K96: =(K55+K56+K57+K58)*$C$96*0.4 -> #DIV/0! | L96: =(L55+L56+L57+L58)*$C$96*0.4 -> #DIV/0! | M96: =(M55+M56+M57+M58)*$C$96*0.4 -> #DIV/0! | ... AN96: =(AN55+AN56+AN57+AN58)*$C$96*0.4 -> #DIV/0! | AO96: =+SUM(F96:AN96) -> #DIV/0!
B97: 3.10.1.2 - PIS | F97: =-(F42+F61+F88)*$C$97 -> #DIV/0! | G97: =-(G42+G61+G88)*$C$97 -> #DIV/0! | H97: =-(H42+H61+H88)*$C$97 -> #DIV/0! | I97: =-(I42+I61+I88)*$C$97 -> #DIV/0! | J97: =-(J42+J61+J88)*$C$97 -> #DIV/0! | K97: =-(K42+K61+K88)*$C$97 -> #DIV/0! | L97: =-(L42+L61+L88)*$C$97 -> #DIV/0! | M97: =-(M42+M61+M88)*$C$97 -> #DIV/0! | ... AN97: =-(AN42+AN61+AN88)*$C$97 -> #DIV/0! | AO97: =+SUM(F97:AN97) -> #DIV/0!
B98: 3.10.1.3 - COFINS | F98: =-(F42+F61+F88)*$C$98 -> #DIV/0! | G98: =-(G42+G61+G88)*$C$98 -> #DIV/0! | H98: =-(H42+H61+H88)*$C$98 -> #DIV/0! | I98: =-(I42+I61+I88)*$C$98 -> #DIV/0! | J98: =-(J42+J61+J88)*$C$98 -> #DIV/0! | K98: =-(K42+K61+K88)*$C$98 -> #DIV/0! | L98: =-(L42+L61+L88)*$C$98 -> #DIV/0! | M98: =-(M42+M61+M88)*$C$98 -> #DIV/0! | ... AN98: =-(AN42+AN61+AN88)*$C$98 -> #DIV/0! | AO98: =+SUM(F98:AN98) -> #DIV/0!
B100: 3.10.2 - Impostos sobre a renda | F100: =SUM(F102:F103) -> #DIV/0! | G100: =SUM(G102:G103) -> #DIV/0! | H100: =SUM(H102:H103) -> #DIV/0! | I100: =SUM(I102:I103) -> #DIV/0! | J100: =SUM(J102:J103) -> #DIV/0! | K100: =SUM(K102:K103) -> #DIV/0! | L100: =SUM(L102:L103) -> #DIV/0! | M100: =SUM(M102:M103) -> #DIV/0! | ... AN100: =SUM(AN102:AN103) -> #DIV/0! | AO100: =+SUM(F100:AN100) -> #DIV/0!
B101: 3.10.2.1 - Base de cálculo CSLL e IRPJ | F101: =F43+F53+F88+F95 -> #DIV/0! | G101: =G43+G53+G88+G95 -> #DIV/0! | H101: =H43+H53+H88+H95 -> #DIV/0! | I101: =I43+I53+I88+I95 -> #DIV/0! | J101: =J43+J53+J88+J95 -> #DIV/0! | K101: =K43+K53+K88+K95 -> #DIV/0! | L101: =L43+L53+L88+L95 -> #DIV/0! | M101: =M43+M53+M88+M95 -> #DIV/0! | ... AN101: =AN43+AN53+AN88+AN95 -> #DIV/0! | AO101: =+SUM(F101:AN101) -> #DIV/0!
B102: 3.10.2.2 - CSLL | F102: =-IF(F101<=0,0,F101*$C$102) -> #DIV/0! | G102: =-IF(G101<=0,0,G101*$C$102) -> #DIV/0! | H102: =-IF(H101<=0,0,H101*$C$102) -> #DIV/0! | I102: =-IF(I101<=0,0,I101*$C$102) -> #DIV/0! | J102: =-IF(J101<=0,0,J101*$C$102) -> #DIV/0! | K102: =-IF(K101<=0,0,K101*$C$102) -> #DIV/0! | L102: =-IF(L101<=0,0,L101*$C$102) -> #DIV/0! | M102: =-IF(M101<=0,0,M101*$C$102) -> #DIV/0! | ... AN102: =-IF(AN101<=0,0,AN101*$C$102) -> #DIV/0! | AO102: =+SUM(F102:AN102) -> #DIV/0!
B103: 3.10.2.3 - IRPJ | F103: =-IF(F101<=0,0,IF(F101<=240000,((F101)*$C$103),((F101-240000)*$C$104))) -> #DIV/0! | G103: =-IF(G101<=0,0,IF(G101<=240000,((G101)*$C$103),((G101-240000)*$C$104))) -> #DIV/0! | H103: =-IF(H101<=0,0,IF(H101<=240000,((H101)*$C$103),((H101-240000)*$C$104))) -> #DIV/0! | I103: =-IF(I101<=0,0,IF(I101<=240000,((I101)*$C$103),((I101-240000)*$C$104))) -> #DIV/0! | J103: =-IF(J101<=0,0,IF(J101<=240000,((J101)*$C$103),((J101-240000)*$C$104))) -> #DIV/0! | K103: =-IF(K101<=0,0,IF(K101<=240000,((K101)*$C$103),((K101-240000)*$C$104))) -> #DIV/0! | L103: =-IF(L101<=0,0,IF(L101<=240000,((L101)*$C$103),((L101-240000)*$C$104))) -> #DIV/0! | M103: =-IF(M101<=0,0,IF(M101<=240000,((M101)*$C$103),((M101-240000)*$C$104))) -> #DIV/0! | ... AN103: =-IF(AN101<=0,0,IF(AN101<=240000,((AN101)*$C$103),((AN101-240000)*$C$104))) -> #DIV/0! | AO103: =+SUM(F103:AN103) -> #DIV/0!
B105: 3.11- Equity | F105: =IF(F107<0,-F107,0) -> #DIV/0! | G105: =IF(G107<0,-G107,0) -> #DIV/0! | H105: =IF(H107<0,-H107,0) -> #DIV/0! | I105: =IF(I107<0,-I107,0) -> #DIV/0! | J105: =IF(J107<0,-J107,0) -> #DIV/0! | K105: =IF(K107<0,-K107,0) -> #DIV/0! | L105: =IF(L107<0,-L107,0) -> #DIV/0! | M105: =IF(M107<0,-M107,0) -> #DIV/0! | ... AN105: =IF(AN107<0,-AN107,0) -> #DIV/0! | AO105: =+SUM(F105:AN105) -> #DIV/0!
B107: Saldo de CX | D107: =MATCH(0,F107:AN107,1)+1 -> #N/A | F107: =F43+F48+F53+F93 -> #DIV/0! | G107: =G43+G48+G53+G93 -> #DIV/0! | H107: =H43+H48+H53+H93 -> #DIV/0! | I107: =I43+I48+I53+I93 -> #DIV/0! | J107: =J43+J48+J53+J93 -> #DIV/0! | K107: =K43+K48+K53+K93 -> #DIV/0! | L107: =L43+L48+L53+L93 -> #DIV/0! | M107: =M43+M48+M53+M93 -> #DIV/0! | ... AN107: =AN43+AN48+AN53+AN93 -> #DIV/0! | AO107: =+SUM(F107:AN107) -> #DIV/0!
B108: Saldo de CX Acumulado | D108: =MATCH(0,F108:AN108,1)+1 -> #N/A | F108: =F107 -> #DIV/0! | G108: =F108+G107 -> #DIV/0! | H108: =G108+H107 -> #DIV/0! | I108: =H108+I107 -> #DIV/0! | J108: =I108+J107 -> #DIV/0! | K108: =J108+K107 -> #DIV/0! | L108: =K108+L107 -> #DIV/0! | M108: =L108+M107 -> #DIV/0! | N108: =M108+N107 -> #DIV/0! | ... AN108: =AM108+AN107 -> #DIV/0!
B109: Saldo de CX Descontado | D109: =MATCH(0,F109:AN109,1)+1 -> #N/A | F109: =F107/(1+$D$4)^Cronograma!C1 -> #DIV/0! | G109: =G107/(1+$D$4)^Cronograma!D1 -> #DIV/0! | H109: =H107/(1+$D$4)^Cronograma!E1 -> #DIV/0! | I109: =I107/(1+$D$4)^Cronograma!F1 -> #DIV/0! | J109: =J107/(1+$D$4)^Cronograma!G1 -> #DIV/0! | K109: =K107/(1+$D$4)^Cronograma!H1 -> #DIV/0! | L109: =L107/(1+$D$4)^Cronograma!I1 -> #DIV/0! | M109: =M107/(1+$D$4)^Cronograma!J1 -> #DIV/0! | ... AN109: =AN107/(1+$D$4)^Cronograma!AK1 -> #DIV/0! | AO109: =+SUM(F109:AN109) -> #DIV/0!
B110: Saldo de CX Descontado Acumulado | D110: =IF(AO110<=0,35,MATCH(0,F110:AN110,1)) -> 35 | F110: =F109 -> #DIV/0! | G110: =F110+G109 -> #DIV/0! | H110: =G110+H109 -> #DIV/0! | I110: =H110+I109 -> #DIV/0! | J110: =I110+J109 -> #DIV/0! | K110: =J110+K109 -> #DIV/0! | L110: =K110+L109 -> #DIV/0! | M110: =L110+M109 -> #DIV/0! | N110: =M110+N109 -> #DIV/0! | ... AN110: =AM110+AN109 -> #DIV/0!
AG194: =AJ23 -> 31 | AH194: =AK23 -> 32 | AI194: =AL23 -> 33 | AJ194: =AM23 -> 34 | AK194: =AN23 -> 35
AG195: =AJ24 -> 2057 | AH195: =AK24 -> 2058 | AI195: =AL24 -> 2059 | AJ195: =AM24 -> 2060 | AK195: =AN24 -> 2061
AG196: =AJ42/$B$190 -> #DIV/0! | AH196: =AK42/$B$190 -> #DIV/0! | AI196: =AL42/$B$190 -> #DIV/0! | AJ196: =AM42/$B$190 -> #DIV/0! | AK196: =AN42/$B$190 -> #DIV/0!
AG197: =AJ43/$B$190 -> #DIV/0! | AH197: =AK43/$B$190 -> #DIV/0! | AI197: =AL43/$B$190 -> #DIV/0! | AJ197: =AM43/$B$190 -> #DIV/0! | AK197: =AN43/$B$190 -> #DIV/0!
AG198: =AJ48/$B$190 -> #DIV/0! | AH198: =AK48/$B$190 -> #DIV/0! | AI198: =AL48/$B$190 -> #DIV/0! | AJ198: =AM48/$B$190 -> #DIV/0! | AK198: =AN48/$B$190 -> #DIV/0!
AG199: =AJ50/$B$190 -> #DIV/0! | AH199: =AK50/$B$190 -> #DIV/0! | AI199: =AL50/$B$190 -> #DIV/0! | AJ199: =AM50/$B$190 -> #DIV/0! | AK199: =AN50/$B$190 -> #DIV/0!
AG200: =AJ51/$B$190 -> #DIV/0! | AH200: =AK51/$B$190 -> #DIV/0! | AI200: =AL51/$B$190 -> #DIV/0! | AJ200: =AM51/$B$190 -> #DIV/0! | AK200: =AN51/$B$190 -> #DIV/0!
AG201: =AJ53/$B$190 -> #DIV/0! | AH201: =AK53/$B$190 -> #DIV/0! | AI201: =AL53/$B$190 -> #DIV/0! | AJ201: =AM53/$B$190 -> #DIV/0! | AK201: =AN53/$B$190 -> #DIV/0!
AG202: =AJ55/$B$190 -> #DIV/0! | AH202: =AK55/$B$190 -> #DIV/0! | AI202: =AL55/$B$190 -> #DIV/0! | AJ202: =AM55/$B$190 -> #DIV/0! | AK202: =AN55/$B$190 -> #DIV/0!
AG203: =AJ56/$B$190 -> #DIV/0! | AH203: =AK56/$B$190 -> #DIV/0! | AI203: =AL56/$B$190 -> #DIV/0! | AJ203: =AM56/$B$190 -> #DIV/0! | AK203: =AN56/$B$190 -> #DIV/0!
AG204: =AJ57/$B$190 -> #DIV/0! | AH204: =AK57/$B$190 -> #DIV/0! | AI204: =AL57/$B$190 -> #DIV/0! | AJ204: =AM57/$B$190 -> #DIV/0! | AK204: =AN57/$B$190 -> #DIV/0!
...

Sheet DRE PROJETO
A1: Preenchimento
A2: Fórmulas | B2: DRE - Demonstração de Resultado do Exercício (R$) | C2: ='FCD Acionista'!D20 -> Base | D2: ='FCD Acionista'!E20 -> 0 | E2: ='FCD Acionista'!F20 -> 1 | F2: ='FCD Acionista'!G20 -> 2 | G2: ='FCD Acionista'!H20 -> 3 | H2: ='FCD Acionista'!I20 -> 4 | I2: ='FCD Acionista'!J20 -> 5 | J2: ='FCD Acionista'!K20 -> 6 | ... AM2: ='FCD Acionista'!AN20 -> 35 | AN2: ACUMULADO
C3: ='FCD Acionista'!D21 -> 2025 | D3: ='FCD Acionista'!E21 -> 2026 | E3: ='FCD Acionista'!F21 -> 2027 | F3: ='FCD Acionista'!G21 -> 2028 | G3: ='FCD Acionista'!H21 -> 2029 | H3: ='FCD Acionista'!I21 -> 2030 | I3: ='FCD Acionista'!J21 -> 2031 | J3: ='FCD Acionista'!K21 -> 2032 | ... AM3: ='FCD Acionista'!AN21 -> 2061
B4: Receita Operacional Bruta | E4: =SUM(E5:E7) -> #DIV/0! | F4: =SUM(F5:F7) -> #DIV/0! | G4: =SUM(G5:G7) -> #DIV/0! | H4: =SUM(H5:H7) -> #DIV/0! | I4: =SUM(I5:I7) -> #DIV/0! | J4: =SUM(J5:J7) -> #DIV/0! | K4: =SUM(K5:K7) -> #DIV/0! | L4: =SUM(L5:L7) -> #DIV/0! | ... AM4: =SUM(AM5:AM7) -> #DIV/0! | AN4: =SUM(E4:AM4) -> #DIV/0!
B5: Água | E5: =('FCD PROJETO'!F30+'FCD PROJETO'!F31) -> #DIV/0! | F5: =('FCD PROJETO'!G30+'FCD PROJETO'!G31) -> #DIV/0! | G5: =('FCD PROJETO'!H30+'FCD PROJETO'!H31) -> #DIV/0! | H5: =('FCD PROJETO'!I30+'FCD PROJETO'!I31) -> #DIV/0! | I5: =('FCD PROJETO'!J30+'FCD PROJETO'!J31) -> #DIV/0! | J5: =('FCD PROJETO'!K30+'FCD PROJETO'!K31) -> #DIV/0! | K5: =('FCD PROJETO'!L30+'FCD PROJETO'!L31) -> #DIV/0! | L5: =('FCD PROJETO'!M30+'FCD PROJETO'!M31) -> #DIV/0! | ... AM5: =('FCD PROJETO'!AN30+'FCD PROJETO'!AN31) -> #DIV/0! | AN5: =SUM(E5:AM5) -> #DIV/0!
B6: Esgoto | E6: =('FCD PROJETO'!F37+'FCD PROJETO'!F38) -> #DIV/0! | F6: =('FCD PROJETO'!G37+'FCD PROJETO'!G38) -> #DIV/0! | G6: =('FCD PROJETO'!H37+'FCD PROJETO'!H38) -> #DIV/0! | H6: =('FCD PROJETO'!I37+'FCD PROJETO'!I38) -> #DIV/0! | I6: =('FCD PROJETO'!J37+'FCD PROJETO'!J38) -> #DIV/0! | J6: =('FCD PROJETO'!K37+'FCD PROJETO'!K38) -> #DIV/0! | K6: =('FCD PROJETO'!L37+'FCD PROJETO'!L38) -> #DIV/0! | L6: =('FCD PROJETO'!M37+'FCD PROJETO'!M38) -> #DIV/0! | ... AM6: =('FCD PROJETO'!AN37+'FCD PROJETO'!AN38) -> #DIV/0! | AN6: =SUM(E6:AM6) -> #DIV/0!
B7: Receitas acessórias | E7: 0 | F7: 0 | G7: 0 | H7: 0 | I7: 0 | J7: 0 | K7: 0 | L7: 0 | M7: 0 | N7: 0 | O7: 0 | P7: 0 | Q7: 0 | R7: 0 | S7: 0 | T7: 0 | U7: 0 | V7: 0 | W7: 0 | X7: 0 | Y7: 0 | Z7: 0 | AA7: 0 | AB7: 0 | AC7: 0 | AD7: 0 | AE7: 0 | AF7: 0 | AG7: 0 | AH7: 0 | AI7: 0 | AJ7: 0 | AK7: 0 | AL7: 0 | AM7: 0 | AN7: =SUM(E7:AH7) -> 0
B9: Impostos Indiretos | E9: =SUM(E10:E11) -> #DIV/0! | F9: =SUM(F10:F11) -> #DIV/0! | G9: =SUM(G10:G11) -> #DIV/0! | H9: =SUM(H10:H11) -> #DIV/0! | I9: =SUM(I10:I11) -> #DIV/0! | J9: =SUM(J10:J11) -> #DIV/0! | K9: =SUM(K10:K11) -> #DIV/0! | L9: =SUM(L10:L11) -> #DIV/0! | ... AM9: =SUM(AM10:AM11) -> #DIV/0! | AN9: =SUM(E9:AM9) -> #DIV/0!
B10: PIS/COFINS | E10: =('FCD PROJETO'!F97+'FCD PROJETO'!F98) -> #DIV/0! | F10: =('FCD PROJETO'!G97+'FCD PROJETO'!G98) -> #DIV/0! | G10: =('FCD PROJETO'!H97+'FCD PROJETO'!H98) -> #DIV/0! | H10: =('FCD PROJETO'!I97+'FCD PROJETO'!I98) -> #DIV/0! | I10: =('FCD PROJETO'!J97+'FCD PROJETO'!J98) -> #DIV/0! | J10: =('FCD PROJETO'!K97+'FCD PROJETO'!K98) -> #DIV/0! | K10: =('FCD PROJETO'!L97+'FCD PROJETO'!L98) -> #DIV/0! | L10: =('FCD PROJETO'!M97+'FCD PROJETO'!M98) -> #DIV/0! | ... AM10: =('FCD PROJETO'!AN97+'FCD PROJETO'!AN98) -> #DIV/0! | AN10: =SUM(E10:AM10) -> #DIV/0!
B11: ISS | E11: ='FCD PROJETO'!F96 -> #DIV/0! | F11: ='FCD PROJETO'!G96 -> #DIV/0! | G11: ='FCD PROJETO'!H96 -> #DIV/0! | H11: ='FCD PROJETO'!I96 -> #DIV/0! | I11: ='FCD PROJETO'!J96 -> #DIV/0! | J11: ='FCD PROJETO'!K96 -> #DIV/0! | K11: ='FCD PROJETO'!L96 -> #DIV/0! | L11: ='FCD PROJETO'!M96 -> #DIV/0! | ... AM11: ='FCD PROJETO'!AN96 -> #DIV/0! | AN11: =SUM(E11:AM11) -> #DIV/0!
B13: Receita Operacional Líquida | E13: =E4+E9 -> #DIV/0! | F13: =F4+F9 -> #DIV/0! | G13: =G4+G9 -> #DIV/0! | H13: =H4+H9 -> #DIV/0! | I13: =I4+I9 -> #DIV/0! | J13: =J4+J9 -> #DIV/0! | K13: =K4+K9 -> #DIV/0! | L13: =L4+L9 -> #DIV/0! | ... AM13: =AM4+AM9 -> #DIV/0! | AN13: =SUM(E13:AM13) -> #DIV/0!
B15: Custos e Despesas | E15: =SUM(E16:E32) -> #DIV/0! | F15: =SUM(F16:F32) -> #DIV/0! | G15: =SUM(G16:G32) -> #DIV/0! | H15: =SUM(H16:H32) -> #DIV/0! | I15: =SUM(I16:I32) -> #DIV/0! | J15: =SUM(J16:J32) -> #DIV/0! | K15: =SUM(K16:K32) -> #DIV/0! | L15: =SUM(L16:L32) -> #DIV/0! | ... AM15: =SUM(AM16:AM32) -> #DIV/0! | AN15: =SUM(E15:AM15) -> #DIV/0!
B16: Pessoal e encargos sociais | E16: ='FCD PROJETO'!F55*'Mão de Obra'!D16+'FCD PROJETO'!F55*(1-'Mão de Obra'!D16) -> 0 | F16: ='FCD PROJETO'!G55*'Mão de Obra'!E16+'FCD PROJETO'!G55*(1-'Mão de Obra'!E16) -> 0 | G16: ='FCD PROJETO'!H55*'Mão de Obra'!F16+'FCD PROJETO'!H55*(1-'Mão de Obra'!F16) -> 0 | H16: ='FCD PROJETO'!I55*'Mão de Obra'!G16+'FCD PROJETO'!I55*(1-'Mão de Obra'!G16) -> 0 | I16: ='FCD PROJETO'!J55*'Mão de Obra'!H16+'FCD PROJETO'!J55*(1-'Mão de Obra'!H16) -> 0 | J16: ='FCD PROJETO'!K55*'Mão de Obra'!I16+'FCD PROJETO'!K55*(1-'Mão de Obra'!I16) -> 0 | K16: ='FCD PROJETO'!L55*'Mão de Obra'!J16+'FCD PROJETO'!L55*(1-'Mão de Obra'!J16) -> 0 | L16: ='FCD PROJETO'!M55*'Mão de Obra'!K16+'FCD PROJETO'!M55*(1-'Mão de Obra'!K16) -> 0 | ... AM16: ='FCD PROJETO'!AN55*'Mão de Obra'!AL16+'FCD PROJETO'!AN55*(1-'Mão de Obra'!AL16) -> 0 | AN16: =SUM(E16:AM16) -> 0
B17: Serviços e materiais p/ manut. de redes | E17: ='FCD PROJETO'!F56 -> 0 | F17: ='FCD PROJETO'!G56 -> 0 | G17: ='FCD PROJETO'!H56 -> 0 | H17: ='FCD PROJETO'!I56 -> 0 | I17: ='FCD PROJETO'!J56 -> 0 | J17: ='FCD PROJETO'!K56 -> 0 | K17: ='FCD PROJETO'!L56 -> 0 | L17: ='FCD PROJETO'!M56 -> 0 | ... AM17: ='FCD PROJETO'!AN56 -> 0 | AN17: =SUM(E17:AM17) -> 0
B18: Serviços e materiais p/ manut. de veículos | E18: ='FCD PROJETO'!F57 -> 0 | F18: ='FCD PROJETO'!G57 -> 0 | G18: ='FCD PROJETO'!H57 -> 0 | H18: ='FCD PROJETO'!I57 -> 0 | I18: ='FCD PROJETO'!J57 -> 0 | J18: ='FCD PROJETO'!K57 -> 0 | K18: ='FCD PROJETO'!L57 -> 0 | L18: ='FCD PROJETO'!M57 -> 0 | ... AM18: ='FCD PROJETO'!AN57 -> 0 | AN18: =SUM(E18:AM18) -> 0
B19: Serviços e manut. de equip eletromecânicos | E19: ='FCD PROJETO'!F58 -> #DIV/0! | F19: ='FCD PROJETO'!G58 -> #DIV/0! | G19: ='FCD PROJETO'!H58 -> #DIV/0! | H19: ='FCD PROJETO'!I58 -> #DIV/0! | I19: ='FCD PROJETO'!J58 -> #DIV/0! | J19: ='FCD PROJETO'!K58 -> #DIV/0! | K19: ='FCD PROJETO'!L58 -> #DIV/0! | L19: ='FCD PROJETO'!M58 -> #DIV/0! | ... AM19: ='FCD PROJETO'!AN58 -> #DIV/0! | AN19: =SUM(E19:AM19) -> #DIV/0!
B20: Reposição de ativos e equipamentos. | E20: ='FCD PROJETO'!F59 -> #DIV/0! | F20: ='FCD PROJETO'!G59 -> #DIV/0! | G20: ='FCD PROJETO'!H59 -> #DIV/0! | H20: ='FCD PROJETO'!I59 -> #DIV/0! | I20: ='FCD PROJETO'!J59 -> #DIV/0! | J20: ='FCD PROJETO'!K59 -> #DIV/0! | K20: ='FCD PROJETO'!L59 -> #DIV/0! | L20: ='FCD PROJETO'!M59 -> #DIV/0! | ... AM20: ='FCD PROJETO'!AN59 -> #DIV/0! | AN20: =SUM(E20:AM20) -> #DIV/0!
B21: Combustíveis e lubrificantes | E21: ='FCD PROJETO'!F60 -> 0 | F21: ='FCD PROJETO'!G60 -> 0 | G21: ='FCD PROJETO'!H60 -> 0 | H21: ='FCD PROJETO'!I60 -> 0 | I21: ='FCD PROJETO'!J60 -> 0 | J21: ='FCD PROJETO'!K60 -> 0 | K21: ='FCD PROJETO'!L60 -> 0 | L21: ='FCD PROJETO'!M60 -> 0 | ... AM21: ='FCD PROJETO'!AN60 -> 0 | AN21: =SUM(E21:AM21) -> 0
B22: Energia elétrica | E22: ='FCD PROJETO'!F61 -> 0 | F22: ='FCD PROJETO'!G61 -> 0 | G22: ='FCD PROJETO'!H61 -> 0 | H22: ='FCD PROJETO'!I61 -> 0 | I22: ='FCD PROJETO'!J61 -> 0 | J22: ='FCD PROJETO'!K61 -> 0 | K22: ='FCD PROJETO'!L61 -> 0 | L22: ='FCD PROJETO'!M61 -> 0 | ... AM22: ='FCD PROJETO'!AN61 -> 0 | AN22: =SUM(E22:AM22) -> 0
B23: Produtos Químicos | E23: ='FCD PROJETO'!F62 -> 0 | F23: ='FCD PROJETO'!G62 -> 0 | G23: ='FCD PROJETO'!H62 -> 0 | H23: ='FCD PROJETO'!I62 -> 0 | I23: ='FCD PROJETO'!J62 -> 0 | J23: ='FCD PROJETO'!K62 -> 0 | K23: ='FCD PROJETO'!L62 -> 0 | L23: ='FCD PROJETO'!M62 -> 0 | ... AM23: ='FCD PROJETO'!AN62 -> 0 | AN23: =SUM(E23:AM23) -> 0
B24: Despesas diversas | E24: ='FCD PROJETO'!F65 -> #DIV/0! | F24: ='FCD PROJETO'!G65 -> #DIV/0! | G24: ='FCD PROJETO'!H65 -> #DIV/0! | H24: ='FCD PROJETO'!I65 -> #DIV/0! | I24: ='FCD PROJETO'!J65 -> #DIV/0! | J24: ='FCD PROJETO'!K65 -> #DIV/0! | K24: ='FCD PROJETO'!L65 -> #DIV/0! | L24: ='FCD PROJETO'!M65 -> #DIV/0! | ... AM24: ='FCD PROJETO'!AN65 -> #DIV/0! | AN24: =SUM(E24:AM24) -> #DIV/0!
B25: Custeio administrativo e comercial | E25: ='FCD PROJETO'!F63 -> #DIV/0! | F25: ='FCD PROJETO'!G63 -> #DIV/0! | G25: ='FCD PROJETO'!H63 -> #DIV/0! | H25: ='FCD PROJETO'!I63 -> #DIV/0! | I25: ='FCD PROJETO'!J63 -> #DIV/0! | J25: ='FCD PROJETO'!K63 -> #DIV/0! | K25: ='FCD PROJETO'!L63 -> #DIV/0! | L25: ='FCD PROJETO'!M63 -> #DIV/0! | ... AM25: ='FCD PROJETO'!AN63 -> #DIV/0! | AN25: =SUM(E25:AM25) -> #DIV/0!
B26: Custeio legal e regulação | E26: ='FCD PROJETO'!F64 -> #DIV/0! | F26: ='FCD PROJETO'!G64 -> #DIV/0! | G26: ='FCD PROJETO'!H64 -> #DIV/0! | H26: ='FCD PROJETO'!I64 -> #DIV/0! | I26: ='FCD PROJETO'!J64 -> #DIV/0! | J26: ='FCD PROJETO'!K64 -> #DIV/0! | K26: ='FCD PROJETO'!L64 -> #DIV/0! | L26: ='FCD PROJETO'!M64 -> #DIV/0! | ... AM26: ='FCD PROJETO'!AN64 -> #DIV/0! | AN26: =SUM(E26:AM26) -> #DIV/0!
B27: Pagamento pelo uso de recursos hídricos | E27: ='FCD PROJETO'!F66 -> 0 | F27: ='FCD PROJETO'!G66 -> 0 | G27: ='FCD PROJETO'!H66 -> 0 | H27: ='FCD PROJETO'!I66 -> 0 | I27: ='FCD PROJETO'!J66 -> 0 | J27: ='FCD PROJETO'!K66 -> 0 | K27: ='FCD PROJETO'!L66 -> 0 | L27: ='FCD PROJETO'!M66 -> 0 | ... AM27: ='FCD PROJETO'!AN66 -> 0 | AN27: =SUM(E27:AM27) -> 0
B28: Reserva técnica de contingência e emergências | E28: ='FCD PROJETO'!F67 -> #DIV/0! | F28: ='FCD PROJETO'!G67 -> #DIV/0! | G28: ='FCD PROJETO'!H67 -> #DIV/0! | H28: ='FCD PROJETO'!I67 -> #DIV/0! | I28: ='FCD PROJETO'!J67 -> #DIV/0! | J28: ='FCD PROJETO'!K67 -> #DIV/0! | K28: ='FCD PROJETO'!L67 -> #DIV/0! | L28: ='FCD PROJETO'!M67 -> #DIV/0! | ... AM28: ='FCD PROJETO'!AN67 -> #DIV/0! | AN28: =SUM(E28:AM28) -> #DIV/0!
B29: Seguros | E29: =('FCD PROJETO'!F71+'FCD PROJETO'!F73+'FCD PROJETO'!F74) -> #DIV/0! | F29: =('FCD PROJETO'!G71+'FCD PROJETO'!G73+'FCD PROJETO'!G74) -> #DIV/0! | G29: =('FCD PROJETO'!H71+'FCD PROJETO'!H73+'FCD PROJETO'!H74) -> #DIV/0! | H29: =('FCD PROJETO'!I71+'FCD PROJETO'!I73+'FCD PROJETO'!I74) -> #DIV/0! | I29: =('FCD PROJETO'!J71+'FCD PROJETO'!J73+'FCD PROJETO'!J74) -> #DIV/0! | J29: =('FCD PROJETO'!K71+'FCD PROJETO'!K73+'FCD PROJETO'!K74) -> #DIV/0! | K29: =('FCD PROJETO'!L71+'FCD PROJETO'!L73+'FCD PROJETO'!L74) -> #DIV/0! | L29: =('FCD PROJETO'!M71+'FCD PROJETO'!M73+'FCD PROJETO'!M74) -> #DIV/0! | ... AM29: =('FCD PROJETO'!AN71+'FCD PROJETO'!AN73+'FCD PROJETO'!AN74) -> #DIV/0! | AN29: =SUM(E29:AM29) -> #DIV/0!
B30: Garantias | E30: ='FCD PROJETO'!F72 -> #DIV/0! | F30: ='FCD PROJETO'!G72 -> #DIV/0! | G30: ='FCD PROJETO'!H72 -> #DIV/0! | H30: ='FCD PROJETO'!I72 -> #DIV/0! | I30: ='FCD PROJETO'!J72 -> #DIV/0! | J30: ='FCD PROJETO'!K72 -> #DIV/0! | K30: ='FCD PROJETO'!L72 -> #DIV/0! | L30: ='FCD PROJETO'!M72 -> #DIV/0! | ... AM30: ='FCD PROJETO'!AN72 -> #DIV/0! | AN30: =SUM(E30:AM30) -> #DIV/0!
B31: Adm. Central | E31: ='FCD PROJETO'!F76 -> #DIV/0! | F31: ='FCD PROJETO'!G76 -> #DIV/0! | G31: ='FCD PROJETO'!H76 -> #DIV/0! | H31: ='FCD PROJETO'!I76 -> #DIV/0! | I31: ='FCD PROJETO'!J76 -> #DIV/0! | J31: ='FCD PROJETO'!K76 -> #DIV/0! | K31: ='FCD PROJETO'!L76 -> #DIV/0! | L31: ='FCD PROJETO'!M76 -> #DIV/0! | ... AM31: ='FCD PROJETO'!AN76 -> #DIV/0! | AN31: =SUM(E31:AM31) -> #DIV/0!
AN32: =SUM(E32:AH32) -> 0
E33: =E15-'FCD PROJETO'!F53 -> #DIV/0! | F33: =F15-'FCD PROJETO'!G53 -> #DIV/0! | G33: =G15-'FCD PROJETO'!H53 -> #DIV/0! | H33: =H15-'FCD PROJETO'!I53 -> #DIV/0! | I33: =I15-'FCD PROJETO'!J53 -> #DIV/0! | J33: =J15-'FCD PROJETO'!K53 -> #DIV/0! | K33: =K15-'FCD PROJETO'!L53 -> #DIV/0! | L33: =L15-'FCD PROJETO'!M53 -> #DIV/0! | ... AM33: =AM15-'FCD PROJETO'!AN53 -> #DIV/0!
B34: LAJIDA | E34: =E13+E15 -> #DIV/0! | F34: =F13+F15 -> #DIV/0! | G34: =G13+G15 -> #DIV/0! | H34: =H13+H15 -> #DIV/0! | I34: =I13+I15 -> #DIV/0! | J34: =J13+J15 -> #DIV/0! | K34: =K13+K15 -> #DIV/0! | L34: =L13+L15 -> #DIV/0! | ... AM34: =AM13+AM15 -> #DIV/0! | AN34: =SUM(E34:AM34) -> #DIV/0!
B35: Margem % | E35: =E34/E4 -> #DIV/0! | F35: =F34/F4 -> #DIV/0! | G35: =G34/G4 -> #DIV/0! | H35: =H34/H4 -> #DIV/0! | I35: =I34/I4 -> #DIV/0! | J35: =J34/J4 -> #DIV/0! | K35: =K34/K4 -> #DIV/0! | L35: =L34/L4 -> #DIV/0! | ... AN35: =AN34/AN4 -> #DIV/0!
B36: Amortização (deflacionada) | E36: ='FCD PROJETO'!F88 -> 0 | F36: ='FCD PROJETO'!G88 -> 0 | G36: ='FCD PROJETO'!H88 -> 0 | H36: ='FCD PROJETO'!I88 -> 0 | I36: ='FCD PROJETO'!J88 -> 0 | J36: ='FCD PROJETO'!K88 -> 0 | K36: ='FCD PROJETO'!L88 -> 0 | L36: ='FCD PROJETO'!M88 -> 0 | ... AM36: ='FCD PROJETO'!AN88 -> 0 | AN36: =SUM(E36:AM36) -> 0
B38: LAJIR | E38: =E34+E36 -> #DIV/0! | F38: =F34+F36 -> #DIV/0! | G38: =G34+G36 -> #DIV/0! | H38: =H34+H36 -> #DIV/0! | I38: =I34+I36 -> #DIV/0! | J38: =J34+J36 -> #DIV/0! | K38: =K34+K36 -> #DIV/0! | L38: =L34+L36 -> #DIV/0! | ... AM38: =AM34+AM36 -> #DIV/0! | AN38: =SUM(E38:AM38) -> #DIV/0!
B39: Margem % | E39: =E38/E4 -> #DIV/0! | F39: =F38/F4 -> #DIV/0! | G39: =G38/G4 -> #DIV/0! | H39: =H38/H4 -> #DIV/0! | I39: =I38/I4 -> #DIV/0! | J39: =J38/J4 -> #DIV/0! | K39: =K38/K4 -> #DIV/0! | L39: =L38/L4 -> #DIV/0! | ... AN39: =AN38/AN4 -> #DIV/0!
B40: Despesas Financeiras | AN40: =SUM(E40:AH40) -> 0
B42: LAIR | E42: =E38+E40 -> #DIV/0! | F42: =F38+F40 -> #DIV/0! | G42: =G38+G40 -> #DIV/0! | H42: =H38+H40 -> #DIV/0! | I42: =I38+I40 -> #DIV/0! | J42: =J38+J40 -> #DIV/0! | K42: =K38+K40 -> #DIV/0! | L42: =L38+L40 -> #DIV/0! | ... AM42: =AM38+AM40 -> #DIV/0! | AN42: =SUM(E42:AM42) -> #DIV/0!
B43: Impostos Diretos | E43: =IF(E42>0,-E42*'FCD PROJETO'!$C$102,0)+-IF(E42>0,IF(E42>240000,240000*'FCD PROJETO'!$C$103+(E42-(240000))*'FCD PROJETO'!$C$104,E42*'FCD PROJETO'!$C$103),0) -> #DIV/0! | F43: =IF(F42>0,-F42*'FCD PROJETO'!$C$102,0)+-IF(F42>0,IF(F42>240000,240000*'FCD PROJETO'!$C$103+(F42-(240000))*'FCD PROJETO'!$C$104,F42*'FCD PROJETO'!$C$103),0) -> #DIV/0! | G43: =IF(G42>0,-G42*'FCD PROJETO'!$C$102,0)+-IF(G42>0,IF(G42>240000,240000*'FCD PROJETO'!$C$103+(G42-(240000))*'FCD PROJETO'!$C$104,G42*'FCD PROJETO'!$C$103),0) -> #DIV/0! | H43: =IF(H42>0,-H42*'FCD PROJETO'!$C$102,0)+-IF(H42>0,IF(H42>240000,240000*'FCD PROJETO'!$C$103+(H42-(240000))*'FCD PROJETO'!$C$104,H42*'FCD PROJETO'!$C$103),0) -> #DIV/0! | I43: =IF(I42>0,-I42*'FCD PROJETO'!$C$102,0)+-IF(I42>0,IF(I42>240000,240000*'FCD PROJETO'!$C$103+(I42-(240000))*'FCD PROJETO'!$C$104,I42*'FCD PROJETO'!$C$103),0) -> #DIV/0! | J43: =IF(J42>0,-J42*'FCD PROJETO'!$C$102,0)+-IF(J42>0,IF(J42>240000,240000*'FCD PROJETO'!$C$103+(J42-(240000))*'FCD PROJETO'!$C$104,J42*'FCD PROJETO'!$C$103),0) -> #DIV/0! | K43: =IF(K42>0,-K42*'FCD PROJETO'!$C$102,0)+-IF(K42>0,IF(K42>240000,240000*'FCD PROJETO'!$C$103+(K42-(240000))*'FCD PROJETO'!$C$104,K42*'FCD PROJETO'!$C$103),0) -> #DIV/0! | L43: =IF(L42>0,-L42*'FCD PROJETO'!$C$102,0)+-IF(L42>0,IF(L42>240000,240000*'FCD PROJETO'!$C$103+(L42-(240000))*'FCD PROJETO'!$C$104,L42*'FCD PROJETO'!$C$103),0) -> #DIV/0! | ... AM43: =IF(AM42>0,-AM42*'FCD PROJETO'!$C$102,0)+-IF(AM42>0,IF(AM42>240000,240000*'FCD PROJETO'!$C$103+(AM42-(240000))*'FCD PROJETO'!$C$104,AM42*'FCD PROJETO'!$C$103),0) -> #DIV/0! | AN43: =SUM(E43:AM43) -> #DIV/0!
B45: Lucro Líquido | E45: =E42+E43 -> #DIV/0! | F45: =F42+F43 -> #DIV/0! | G45: =G42+G43 -> #DIV/0! | H45: =H42+H43 -> #DIV/0! | I45: =I42+I43 -> #DIV/0! | J45: =J42+J43 -> #DIV/0! | K45: =K42+K43 -> #DIV/0! | L45: =L42+L43 -> #DIV/0! | ... AM45: =AM42+AM43 -> #DIV/0! | AN45: =SUM(E45:AM45) -> #DIV/0!
B46: Margem Líquida % (Lucro Líquido/Receita Líquida) | E46: =E45/E13 -> #DIV/0! | F46: =F45/F13 -> #DIV/0! | G46: =G45/G13 -> #DIV/0! | H46: =H45/H13 -> #DIV/0! | I46: =I45/I13 -> #DIV/0! | J46: =J45/J13 -> #DIV/0! | K46: =K45/K13 -> #DIV/0! | L46: =L45/L13 -> #DIV/0! | ... AN46: =AN45/AN13 -> #DIV/0!
D48: ICSD | E48: =(E34+'FCD Acionista'!F34-IF('FCD Acionista'!F45>0='FCD Acionista'!F45,0))/-('FCD Acionista'!F34+'FCD Acionista'!F35) -> #DIV/0! | F48: =(F34+'FCD Acionista'!G34-IF('FCD Acionista'!G45>0='FCD Acionista'!G45,0))/-('FCD Acionista'!G34+'FCD Acionista'!G35) -> #DIV/0! | G48: =(G34+'FCD Acionista'!H34-IF('FCD Acionista'!H45>0='FCD Acionista'!H45,0))/-('FCD Acionista'!H34+'FCD Acionista'!H35) -> #DIV/0! | H48: =(H34+'FCD Acionista'!I34-IF('FCD Acionista'!I45>0='FCD Acionista'!I45,0))/-('FCD Acionista'!I34+'FCD Acionista'!I35) -> #DIV/0! | I48: =(I34+'FCD Acionista'!J34-IF('FCD Acionista'!J45>0='FCD Acionista'!J45,0))/-('FCD Acionista'!J34+'FCD Acionista'!J35) -> #DIV/0! | J48: =(J34+'FCD Acionista'!K34-IF('FCD Acionista'!K45>0='FCD Acionista'!K45,0))/-('FCD Acionista'!K34+'FCD Acionista'!K35) -> #DIV/0! | K48: =(K34+'FCD Acionista'!L34-IF('FCD Acionista'!L45>0='FCD Acionista'!L45,0))/-('FCD Acionista'!L34+'FCD Acionista'!L35) -> #DIV/0! | L48: =(L34+'FCD Acionista'!M34-IF('FCD Acionista'!M45>0='FCD Acionista'!M45,0))/-('FCD Acionista'!M34+'FCD Acionista'!M35) -> #DIV/0! | ... AM48: =(AM34+'FCD Acionista'!AN34-IF('FCD Acionista'!AN45>0='FCD Acionista'!AN45,0))/-('FCD Acionista'!AN34+'FCD Acionista'!AN35) -> #DIV/0!

Sheet FCD Acionista
A1: Preenchimento | B1: RESULTADO DO FLUXO DE CAIXA ACIONISTA - FCA | G1: Cálculo das Taxas de Juros
A2: Fórmulas | B2: Taxa de desconto | D2: =H6 -> 0 | G2: SELIC no Ano Base | H2: ='FCD PROJETO'!H4 -> 0 | I2: Inflação Ano Base | J2: ='FCD PROJETO'!J4 -> 0
A3: NÂO ALTERAR | B3: TIR Calculada do Acionista | D3: =IRR(F45:AN45) -> #VALUE! | G3: Taxa Juros Básica | H3: ='FCD PROJETO'!H5 -> 0 | I3: Rf | J3: ='FCD PROJETO'!J5 -> 0
B4: VPL Calculado do Acionista | D4: =ROUND(NPV(D2,F45:AN45),2) -> #DIV/0! | G4: Taxa de desconto | H4: ='FCD PROJETO'!H6 -> #DIV/0! | I4: Beta | J4: ='FCD PROJETO'!J6 -> 0
B5: PAYBACK Simples | D5: =MATCH(0,F46:AN46,1) -> #N/A | G5: TMA | H5: ='FCD PROJETO'!H7 -> 0 | I5: Rm | J5: ='FCD PROJETO'!J7 -> 0
B6: PAYBACK Descontado | D6: =IF(AN48>=0,35,MATCH(0,F48:AN48,1)+1) -> #DIV/0! | G6: ke | H6: ='FCD PROJETO'!H8 -> 0 | I6: Rc | J6: ='FCD PROJETO'!J8 -> 0
B7: Item | D7: Valor Nominal | E7: VPL | G7: kd | H7: ='FCD PROJETO'!H9 -> 0 | I7: TC = CSLL+IRPJ | J7: ='FCD PROJETO'!J9 -> 0.34
B8: Dividendos | D8: =AO23 -> #DIV/0! | E8: =NPV(D2,F23:AN23) -> #DIV/0! | G8: WACC calculado | J8: ='FCD PROJETO'!J10 -> #DIV/0!
B9: Equity | D9: =AO24 -> #DIV/0! | E9: =NPV(D2,F24:AN24) -> #DIV/0!
B10: Despesas Operacionais | D10: =(AO26) -> #DIV/0! | E10: =NPV(D2,F26:AN26) -> #DIV/0!
B11: Financiamentos | D11: =(AO34) -> 0 | E11: =NPV(D2,F34:AN34) -> 0
B12: Juros sobre o financiamento | D12: =(AO35) -> 0 | E12: =NPV(D2,F35:AN35) -> 0
B13: Amortizações | D13: =AO36 -> 0 | E13: =NPV(D2,F36:AN36) -> 0
B14: Benefício Fiscal | D14: =AO38 -> #DIV/0! | E14: =NPV(D2,F38:AN38) -> #DIV/0! | G14: Reserva Legal
B15: Reserva legal | D15: =AO42 -> #DIV/0! | E15: =NPV(D2,F42:AN42) -> #DIV/0! | G15: Verificador Independente (% do total do Faturamento o) | J15: 0.00060215318
B16: Lucro Líquido | D16: =SUM(D8:D15) -> #DIV/0! | E16: =ROUND(SUM(E8:E15),2) -> #DIV/0!
B17: Margem Líquida | D17: =D16/D8 -> #DIV/0! | E17: =E16/E8 -> #DIV/0!
B19: FLUXO DE CAIXA DO ACIONISTA
B20: ANO | D20: ='FCD PROJETO'!D23 -> Base | E20: ='FCD PROJETO'!E23 -> 0 | F20: ='FCD PROJETO'!F23 -> 1 | G20: ='FCD PROJETO'!G23 -> 2 | H20: ='FCD PROJETO'!H23 -> 3 | I20: ='FCD PROJETO'!I23 -> 4 | J20: ='FCD PROJETO'!J23 -> 5 | K20: ='FCD PROJETO'!K23 -> 6 | ... AN20: ='FCD PROJETO'!AN23 -> 35
D21: ='FCD PROJETO'!D24 -> 2025 | E21: ='FCD PROJETO'!E24 -> 2026 | F21: ='FCD PROJETO'!F24 -> 2027 | G21: ='FCD PROJETO'!G24 -> 2028 | H21: ='FCD PROJETO'!H24 -> 2029 | I21: ='FCD PROJETO'!I24 -> 2030 | J21: ='FCD PROJETO'!J24 -> 2031 | K21: ='FCD PROJETO'!K24 -> 2032 | ... AN21: ='FCD PROJETO'!AN24 -> 2061 | AO21: ACUMULADO
B22: 1 - Fluxo de Caixa do Projeto | C22: =AO22 -> #DIV/0! | F22: ='FCD PROJETO'!F107 -> #DIV/0! | G22: ='FCD PROJETO'!G107 -> #DIV/0! | H22: ='FCD PROJETO'!H107 -> #DIV/0! | I22: ='FCD PROJETO'!I107 -> #DIV/0! | J22: ='FCD PROJETO'!J107 -> #DIV/0! | K22: ='FCD PROJETO'!K107 -> #DIV/0! | L22: ='FCD PROJETO'!L107 -> #DIV/0! | M22: ='FCD PROJETO'!M107 -> #DIV/0! | ... AN22: ='FCD PROJETO'!AN107 -> #DIV/0! | AO22: =SUM(F22:AN22) -> #DIV/0!
B23: 1.1 - Dividendos Anuais | C23: =AO23 -> #DIV/0! | F23: =IF(F22>0,F22,0) -> #DIV/0! | G23: =IF(G22>0,G22,0) -> #DIV/0! | H23: =IF(H22>0,H22,0) -> #DIV/0! | I23: =IF(I22>0,I22,0) -> #DIV/0! | J23: =IF(J22>0,J22,0) -> #DIV/0! | K23: =IF(K22>0,K22,0) -> #DIV/0! | L23: =IF(L22>0,L22,0) -> #DIV/0! | M23: =IF(M22>0,M22,0) -> #DIV/0! | ... AN23: =IF(AN22>0,AN22,0) -> #DIV/0! | AO23: =SUM(F23:AN23) -> #DIV/0!
B24: 1.2 - Equity | C24: =AO24 -> #DIV/0! | F24: =IF(F22<0,F22,0) -> #DIV/0! | G24: =IF(G22<0,G22,0) -> #DIV/0! | H24: =IF(H22<0,H22,0) -> #DIV/0! | I24: =IF(I22<0,I22,0) -> #DIV/0! | J24: =IF(J22<0,J22,0) -> #DIV/0! | K24: =IF(K22<0,K22,0) -> #DIV/0! | L24: =IF(L22<0,L22,0) -> #DIV/0! | M24: =IF(M22<0,M22,0) -> #DIV/0! | ... AN24: =IF(AN22<0,AN22,0) -> #DIV/0! | AO24: =SUM(F24:AN24) -> #DIV/0!
B26: 2 - Despesas operacionais | C26: =AO26 -> #DIV/0! | F26: =SUM(F27:F28) -> #DIV/0! | G26: =SUM(G27:G28) -> #DIV/0! | H26: =SUM(H27:H28) -> #DIV/0! | I26: =SUM(I27:I28) -> #DIV/0! | J26: =SUM(J27:J28) -> #DIV/0! | K26: =SUM(K27:K28) -> #DIV/0! | L26: =SUM(L27:L28) -> #DIV/0! | M26: =SUM(M27:M28) -> #DIV/0! | ... AN26: =SUM(AN27:AN28) -> #DIV/0! | AO26: =SUM(F26:AN26) -> #DIV/0!
B27: 2.1 - Verificador Independente | C27: =AO27 -> #DIV/0! | F27: =-$J$15*'FCD PROJETO'!$D$10 -> #DIV/0! | G27: =-$J$15*'FCD PROJETO'!$D$10 -> #DIV/0! | H27: =-$J$15*'FCD PROJETO'!$D$10 -> #DIV/0! | I27: =-$J$15*'FCD PROJETO'!$D$10 -> #DIV/0! | J27: =-$J$15*'FCD PROJETO'!$D$10 -> #DIV/0! | K27: =-$J$15*'FCD PROJETO'!$D$10 -> #DIV/0! | L27: =-$J$15*'FCD PROJETO'!$D$10 -> #DIV/0! | M27: =-$J$15*'FCD PROJETO'!$D$10 -> #DIV/0! | ... AN27: =-$J$15*'FCD PROJETO'!$D$10 -> #DIV/0! | AO27: =SUM(F27:AN27) -> #DIV/0!
B30: Saldo de caixa (1+2) | C30: =AO30 -> #DIV/0! | F30: =F23+F26 -> #DIV/0! | G30: =G23+G26 -> #DIV/0! | H30: =H23+H26 -> #DIV/0! | I30: =I23+I26 -> #DIV/0! | J30: =J23+J26 -> #DIV/0! | K30: =K23+K26 -> #DIV/0! | L30: =L23+L26 -> #DIV/0! | M30: =M23+M26 -> #DIV/0! | ... AN30: =AN23+AN26 -> #DIV/0! | AO30: =SUM(F30:AN30) -> #DIV/0!
B31: Saldo de Caixa Acumulado | F31: =F30 -> #DIV/0! | G31: =F31+G30 -> #DIV/0! | H31: =G31+H30 -> #DIV/0! | I31: =H31+I30 -> #DIV/0! | J31: =I31+J30 -> #DIV/0! | K31: =J31+K30 -> #DIV/0! | L31: =K31+L30 -> #DIV/0! | M31: =L31+M30 -> #DIV/0! | N31: =M31+N30 -> #DIV/0! | ... AN31: =AM31+AN30 -> #DIV/0!
B33: 3 - Financiamento | C33: =AO33 -> 0 | F33: =F34+F35+F36 -> 0 | G33: =G34+G35+G36 -> 0 | H33: =H34+H35+H36 -> 0 | I33: =I34+I35+I36 -> 0 | J33: =J34+J35+J36 -> 0 | K33: =K34+K35+K36 -> 0 | L33: =L34+L35+L36 -> 0 | M33: =M34+M35+M36 -> 0 | ... AN33: =AN34+AN35+AN36 -> 0 | AO33: =SUM(F33:AN33) -> 0
B34: 3.1 - Empréstimos | C34: =AO34 -> 0 | F34: ='Financiamento '!D96 -> 0 | G34: ='Financiamento '!E96 -> 0 | H34: ='Financiamento '!F96 -> 0 | I34: ='Financiamento '!G96 -> 0 | J34: ='Financiamento '!H96 -> 0 | K34: ='Financiamento '!I96 -> 0 | L34: ='Financiamento '!J96 -> 0 | M34: ='Financiamento '!K96 -> 0 | ... AN34: ='Financiamento '!AL96 -> 0 | AO34: =SUM(F34:AN34) -> 0
B35: 3.2 - Juros sobre os financiamentos | C35: =AO35 -> 0 | F35: =-('Financiamento '!D99+'Financiamento '!D100+'Financiamento '!D101) -> 0 | G35: =-('Financiamento '!E99+'Financiamento '!E100+'Financiamento '!E101) -> 0 | H35: =-('Financiamento '!F99+'Financiamento '!F100+'Financiamento '!F101) -> 0 | I35: =-('Financiamento '!G99+'Financiamento '!G100+'Financiamento '!G101) -> 0 | J35: =-('Financiamento '!H99+'Financiamento '!H100+'Financiamento '!H101) -> 0 | K35: =-('Financiamento '!I99+'Financiamento '!I100+'Financiamento '!I101) -> 0 | L35: =-('Financiamento '!J99+'Financiamento '!J100+'Financiamento '!J101) -> 0 | M35: =-('Financiamento '!K99+'Financiamento '!K100+'Financiamento '!K101) -> 0 | ... AN35: =-('Financiamento '!AL99+'Financiamento '!AL100+'Financiamento '!AL101) -> 0 | AO35: =SUM(F35:AN35) -> 0
B36: 3.2 - Amortizações | C36: =AO36 -> 0 | F36: =-'Financiamento '!D102 -> 0 | G36: =-'Financiamento '!E102 -> 0 | H36: =-'Financiamento '!F102 -> 0 | I36: =-'Financiamento '!G102 -> 0 | J36: =-'Financiamento '!H102 -> 0 | K36: =-'Financiamento '!I102 -> 0 | L36: =-'Financiamento '!J102 -> 0 | M36: =-'Financiamento '!K102 -> 0 | ... AN36: =-'Financiamento '!AL102 -> 0 | AO36: =SUM(F36:AN36) -> 0
B38: 4 - Benefício Fiscal | C38: =AO38 -> #DIV/0! | F38: =F39+F40 -> #DIV/0! | G38: =G39+G40 -> #DIV/0! | H38: =H39+H40 -> #DIV/0! | I38: =I39+I40 -> #DIV/0! | J38: =J39+J40 -> #DIV/0! | K38: =K39+K40 -> #DIV/0! | L38: =L39+L40 -> #DIV/0! | M38: =M39+M40 -> #DIV/0! | ... AN38: =AN39+AN40 -> #DIV/0! | AO38: =SUM(F38:AN38) -> #DIV/0!
B39: 4.1 - Benefício Fiscal Financiamentos | C39: =AO39 -> 0 | F39: =-(IF(F35>240000,240000*15%+(F35-240000)*10%,F35*15%)+F35*9%) -> 0 | G39: =-(IF(G35>240000,240000*15%+(G35-240000)*10%,G35*15%)+G35*9%) -> 0 | H39: =-(IF(H35>240000,240000*15%+(H35-240000)*10%,H35*15%)+H35*9%) -> 0 | I39: =-(IF(I35>240000,240000*15%+(I35-240000)*10%,I35*15%)+I35*9%) -> 0 | J39: =-(IF(J35>240000,240000*15%+(J35-240000)*10%,J35*15%)+J35*9%) -> 0 | K39: =-(IF(K35>240000,240000*15%+(K35-240000)*10%,K35*15%)+K35*9%) -> 0 | L39: =-(IF(L35>240000,240000*15%+(L35-240000)*10%,L35*15%)+L35*9%) -> 0 | M39: =-(IF(M35>240000,240000*15%+(M35-240000)*10%,M35*15%)+M35*9%) -> 0 | ... AN39: =-(IF(AN35>240000,240000*15%+(AN35-240000)*10%,AN35*15%)+AN35*9%) -> 0 | AO39: =SUM(F39:AN39) -> 0
B40: 4.2 - Beneficio Fiscal Ressarcimentos | C40: =AO40 -> #DIV/0! | F40: =-(IF((F27)>240000,240000*15%+((+F27)-240000)*10%,(+F27)*15%)+(+F27)*9%) -> #DIV/0! | G40: =-(IF((G27)>240000,240000*15%+((+G27)-240000)*10%,(+G27)*15%)+(+G27)*9%) -> #DIV/0! | H40: =-(IF((H27)>240000,240000*15%+((+H27)-240000)*10%,(+H27)*15%)+(+H27)*9%) -> #DIV/0! | I40: =-(IF((I27)>240000,240000*15%+((+I27)-240000)*10%,(+I27)*15%)+(+I27)*9%) -> #DIV/0! | J40: =-(IF((J27)>240000,240000*15%+((+J27)-240000)*10%,(+J27)*15%)+(+J27)*9%) -> #DIV/0! | K40: =-(IF((K27)>240000,240000*15%+((+K27)-240000)*10%,(+K27)*15%)+(+K27)*9%) -> #DIV/0! | L40: =-(IF((L27)>240000,240000*15%+((+L27)-240000)*10%,(+L27)*15%)+(+L27)*9%) -> #DIV/0! | M40: =-(IF((M27)>240000,240000*15%+((+M27)-240000)*10%,(+M27)*15%)+(+M27)*9%) -> #DIV/0! | ... AN40: =-(IF((AN27)>240000,240000*15%+((+AN27)-240000)*10%,(+AN27)*15%)+(+AN27)*9%) -> #DIV/0! | AO40: =SUM(F40:AN40) -> #DIV/0!
B42: 5 - Reserva Legal | C42: =AO42 -> #DIV/0! | F42: =-IF(F23<0,0,F23*$J$14) -> #DIV/0! | G42: =-IF(G23<0,0,G23*$J$14) -> #DIV/0! | H42: =-IF(H23<0,0,H23*$J$14) -> #DIV/0! | I42: =-IF(I23<0,0,I23*$J$14) -> #DIV/0! | J42: =-IF(J23<0,0,J23*$J$14) -> #DIV/0! | K42: =-IF(K23<0,0,K23*$J$14) -> #DIV/0! | L42: =-IF(L23<0,0,L23*$J$14) -> #DIV/0! | M42: =-IF(M23<0,0,M23*$J$14) -> #DIV/0! | ... AN42: =-IF(AN23<0,0,AN23*$J$14) -> #DIV/0! | AO42: =SUM(F42:AN42) -> #DIV/0!
B45: Fluxo de Caixa do Acionista | D45: =MATCH(0,F45:AN45,1)+1 -> #N/A | F45: =F22+F26+F33+F38+F42 -> #DIV/0! | G45: =G22+G26+G33+G38+G42 -> #DIV/0! | H45: =H22+H26+H33+H38+H42 -> #DIV/0! | I45: =I22+I26+I33+I38+I42 -> #DIV/0! | J45: =J22+J26+J33+J38+J42 -> #DIV/0! | K45: =K22+K26+K33+K38+K42 -> #DIV/0! | L45: =L22+L26+L33+L38+L42 -> #DIV/0! | M45: =M22+M26+M33+M38+M42 -> #DIV/0! | ... AN45: =AN22+AN26+AN33+AN38+AN42 -> #DIV/0! | AO45: =SUM(F45:AN45) -> #DIV/0! | AP45: =AO45-D16 -> #DIV/0!
B46: Fluxo de Caixa do Acionista Acumulado | D46: =MATCH(0,F46:AN46,1)+1 -> #N/A | F46: =F45 -> #DIV/0! | G46: =F46+G45 -> #DIV/0! | H46: =G46+H45 -> #DIV/0! | I46: =H46+I45 -> #DIV/0! | J46: =I46+J45 -> #DIV/0! | K46: =J46+K45 -> #DIV/0! | L46: =K46+L45 -> #DIV/0! | M46: =L46+M45 -> #DIV/0! | N46: =M46+N45 -> #DIV/0! | ... AN46: =AM46+AN45 -> #DIV/0!
B47: Fluxo de Caixa do Acionista Descontado | D47: =MATCH(0,F47:AN47,1)+1 -> #N/A | F47: =F45/(1+$D$2)^F20 -> #DIV/0! | G47: =G45/(1+$D$2)^G20 -> #DIV/0! | H47: =H45/(1+$D$2)^H20 -> #DIV/0! | I47: =I45/(1+$D$2)^I20 -> #DIV/0! | J47: =J45/(1+$D$2)^J20 -> #DIV/0! | K47: =K45/(1+$D$2)^K20 -> #DIV/0! | L47: =L45/(1+$D$2)^L20 -> #DIV/0! | M47: =M45/(1+$D$2)^M20 -> #DIV/0! | ... AN47: =AN45/(1+$D$2)^AN20 -> #DIV/0! | AO47: =SUM(F47:AN47) -> #DIV/0!
B48: Fluxo de Caixa do Acionista Descontado Acumulado | D48: =IF(AN48>=0,35,MATCH(0,F48:AN48,1)+1) -> #DIV/0! | F48: =F47 -> #DIV/0! | G48: =F48+G47 -> #DIV/0! | H48: =G48+H47 -> #DIV/0! | I48: =H48+I47 -> #DIV/0! | J48: =I48+J47 -> #DIV/0! | K48: =J48+K47 -> #DIV/0! | L48: =K48+L47 -> #DIV/0! | M48: =L48+M47 -> #DIV/0! | N48: =M48+N47 -> #DIV/0! | ... AN48: =AM48+AN47 -> #DIV/0!
B50: TIR Financiamento | C50: =IRR(F33:AI33) -> #NUM! | AN50: =ROUND(AN48,5) -> #DIV/0!
B51: TIR Acionista | C51: =IRR(F45:AN45) -> #VALUE!
B52: TIR Projeto | C52: {='FCD PROJETO'!D5:D5} -> #VALUE!
B53: Capital Próprio | C53: =-SUM(F24:AN24) -> #DIV/0! | D53: =1-D54 -> #DIV/0!
B54: Capital de Terceiros | C54: =SUM(F34:AN34) -> 0 | D54: =C54/(C54+C53) -> #DIV/0!
B55: Ke | C55: ='FCD PROJETO'!$H$8 -> 0
B56: Kd | C56: ='FCD PROJETO'!$H$9 -> 0
B57: WACC | C57: =C53/(C53+C54)*C55+C54/(C53+C54)*C56*(1-'FCD PROJETO'!J9) -> #DIV/0!

Sheet Matriz Tarifária
A1: Preenchimento | B1: Matriz Tarifária Proposta | V1: TABELA 2 - TARIFAS PARA FORNECIMENTO DE ÁGUA, COLETA, AFASTAMENTO E TRATAMENTO E ESGOTO - AVULSO
A2: Fórmulas | B2: Categoria | C2: Faixa de consumo | D2: 0 | E2: Tarifa Água | F2: Tarifa Esgoto | H2: Valor da Conta mensal de água e esgoto Dezembro de 2025 | V2: Tabela 2 - Tarifas para fornecimento de água, coleta, afastamento e tratamento e esgoto - Avulso
A3: NÂO ALTERAR | B3: 0 | C3: Inferior | D3: Superior | E3: (R$/m³) | F3: (R$/m³) | H3: Categoria | I3: Conta | J3: Valor previsto no Projeto | M3: Valor praticado Samae 2025 | V3: Item | W3: Descrição | X3: Unidade | Y3: Preço Unitário
B4: Residencial Social | C4: TBO | D4: TBO | E4: =Histograma!F4 -> 0 | F4: =Histograma!G4 -> 0 | H4: 0 | I4: Vol mës | J4: Água | K4: Esgoto | L4: Total | M4: Água | N4: Esgoto | O4: Total | P4: Diferença | Q4: % | V4: 1 | W4: Fornecimento temporário de água e tratamento de esgoto domiciliar avulso para usuários cadastrados.
C5: 0.01 | D5: 10 | E5: =Histograma!F5 -> 0 | F5: =Histograma!G5 -> 0 | H5: Residencial Social | I5: 10 m³ | J5: =E4+10*(E5) -> 0 | K5: =F4+10*(F5) -> 0 | L5: =SUM(J5:K5) -> 0 | M5: =6.35+10*1.14 -> 17.75 | N5: =6.35+10*1.14 -> 17.75 | O5: =M5+N5 -> 35.5 | P5: =L5-O5 -> -35.5 | Q5: =P5/O5 -> -1 | V5: 1.1 | W5: Fornecimento de água em caminhão 6m³ até 15 km - Categoria Residencial | X5: R$/m³ | Y5: 79.94
C6: 10.01 | D6: 15 | E6: =Histograma!F6 -> 0 | F6: =Histograma!G6 -> 0 | I6: 15 m³ | J6: =J5+5*E6 -> 0 | K6: =K5+5*F6 -> 0 | L6: =SUM(J6:K6) -> 0 | M6: =M5+5*2.02 -> 27.85 | N6: =N5+5*2.02 -> 27.85 | O6: =M6+N6 -> 55.7 | P6: =L6-O6 -> -55.7 | Q6: =P6/O6 -> -1 | V6: 1.2 | W6: Fornecimento de água em caminhão 6m³ até 15 km - Categoria Residencial Social | X6: R$/m³ | Y6: 71.24
C7: 15.01 | D7: 20 | E7: =Histograma!F7 -> 0 | F7: =Histograma!G7 -> 0 | I7: 20 m³ | J7: =J6+5*E7 -> 0 | K7: =K6+5*F7 -> 0 | L7: =SUM(J7:K7) -> 0 | M7: =M6+5*2.02 -> 37.95 | N7: =N6+5*2.02 -> 37.95 | O7: =M7+N7 -> 75.9 | P7: =L7-O7 -> -75.9 | Q7: =P7/O7 -> -1 | V7: 1.3 | W7: Fornecimento de água em caminhão 6m³ até 15 km - Categoria Mista | X7: R$/m³ | Y7: 91.15
C8: 20.01 | D8: 30 | E8: =Histograma!F8 -> 0 | F8: =Histograma!G8 -> 0 | I8: 25 m³ | J8: =J7+5*E8 -> 0 | K8: =K7+5*F8 -> 0 | L8: =SUM(J8:K8) -> 0 | M8: =M7+5*2.8 -> 51.95 | N8: =N7+5*2.8 -> 51.95 | O8: =M8+N8 -> 103.9 | P8: =L8-O8 -> -103.9 | Q8: =P8/O8 -> -1 | V8: 1.4 | W8: Fornecimento de água em caminhão 6m³ até 15 km - Categoria Comercial / Industrial | X8: R$/m³ | Y8: 96.87
C9: 30.01 | D9: 50 | E9: =Histograma!F9 -> 0 | F9: =Histograma!G9 -> 0 | I9: 30 m³ | J9: =J8+5*E8 -> 0 | K9: =K8+5*F8 -> 0 | L9: =SUM(J9:K9) -> 0 | M9: =M8+5*2.8 -> 65.95 | N9: =N8+5*2.8 -> 65.95 | O9: =M9+N9 -> 131.9 | P9: =L9-O9 -> -131.9 | Q9: =P9/O9 -> -1 | V9: 1.5 | W9: Fornecimento de água em caminhão 6m³ até 15 km - Categoria Pública | X9: R$/m³ | Y9: 94.61
C10: 50.01 | D10: 100 | E10: =Histograma!F10 -> 0 | F10: =Histograma!G10 -> 0 | I10: 40 m³ | J10: =J9+10*E9 -> 0 | K10: =K9+10*F9 -> 0 | L10: =SUM(J10:K10) -> 0 | M10: =M9+10*3.5 -> 100.95 | N10: =N9+10*3.5 -> 100.95 | O10: =M10+N10 -> 201.9 | P10: =L10-O10 -> -201.9 | Q10: =P10/O10 -> -1 | V10: 1.6 | W10: Fornecimento de água tratada em caminhão 6m³ até 15 km - para abastecimento de piscina | X10: R$/m³ | Y10: 84.28
C11: > 100 | D11: 0 | E11: =Histograma!F11 -> 0 | F11: =Histograma!G11 -> 0 | I11: 50 m³ | J11: =J10+10*E10 -> 0 | K11: =K10+10*F10 -> 0 | L11: =SUM(J11:K11) -> 0 | M11: =M10+10*3.5 -> 135.95 | N11: =N10+10*3.5 -> 135.95 | O11: =M11+N11 -> 271.9 | P11: =L11-O11 -> -271.9 | Q11: =P11/O11 -> -1 | V11: 1.7 | W11: Fornecimento de água de reuso para irrigação em caminhão 6 m³ até 15 km | X11: R$/m³ | Y11: 64.28
B12: Residencial | C12: TBO | D12: TBO | E12: =Histograma!F28 -> 0 | F12: =Histograma!G28 -> 0 | I12: Conta | J12: Água | K12: Esgoto | L12: Total | M12: Água | N12: Esgoto | O12: Total | P12: Diferença | Q12: % | V12: 1.8 | W12: Fornecimento de água de reuso para irrigação em veículo do interessado | X12: R$/m³ | Y12: 8.69
C13: 0.01 | D13: 10 | E13: =Histograma!F29 -> 0 | F13: =Histograma!G29 -> 0 | H13: Residencial | I13: 10 m³ | J13: =E12+10*(E13) -> 0 | K13: =F12+10*(F13) -> 0 | L13: =SUM(J13:K13) -> 0 | M13: =15.99+10*2.85 -> 44.49 | N13: =15.99+10*2.85 -> 44.49 | O13: =M13+N13 -> 88.98 | P13: =L13-O13 -> -88.98 | Q13: =P13/O13 -> -1 | V13: 1.9 | W13: Km rodado adicional acima de 15 Km | X13: R$/Km | Y13: 18.75
C14: 10.01 | D14: 15 | E14: =Histograma!F30 -> 0 | F14: =Histograma!G30 -> 0 | I14: 15 m³ | J14: =J13+5*E14 -> 0 | K14: =K13+5*F14 -> 0 | L14: =SUM(J14:K14) -> 0 | M14: =M13+5*5.05 -> 69.74 | N14: =N13+5*5.05 -> 69.74 | O14: =M14+N14 -> 139.48 | P14: =L14-O14 -> -139.48 | Q14: =P14/O14 -> -1 | V14: 1.10 | W14: Fornecimento de água tratada em veículo do interessado | X14: R$/m³ | Y14: 34.33
C15: 15.01 | D15: 20 | E15: =Histograma!F31 -> 0 | F15: =Histograma!G31 -> 0 | I15: 20 m³ | J15: =J14+5*E15 -> 0 | K15: =K14+5*F15 -> 0 | L15: =SUM(J15:K15) -> 0 | M15: =M14+5*5.05 -> 94.99 | N15: =N14+5*5.05 -> 94.99 | O15: =M15+N15 -> 189.98 | P15: =L15-O15 -> -189.98 | Q15: =P15/O15 -> -1 | V15: 1.11 | W15: Despejo avulso de efluente domiciliar em estação de tratamento de esgoto | X15: R$/m³ | Y15: 15.48
C16: 20.01 | D16: 30 | E16: =Histograma!F32 -> 0 | F16: =Histograma!G32 -> 0 | I16: 25 m³ | J16: =J15+5*E16 -> 0 | K16: =K15+5*F16 -> 0 | L16: =SUM(J16:K16) -> 0 | M16: =M15+5*7.01 -> 130.04 | N16: =N15+5*7.01 -> 130.04 | O16: =M16+N16 -> 260.08 | P16: =L16-O16 -> -260.08 | Q16: =P16/O16 -> -1 | V16: 2 | W16: Fornecimento temporário de água e tratamento de esgoto domiciliar avulso para usuários não cadastrados.
C17: 30.01 | D17: 50 | E17: =Histograma!F33 -> 0 | F17: =Histograma!G33 -> 0 | I17: 30 m³ | J17: =J16+5*E16 -> 0 | K17: =K16+5*F16 -> 0 | L17: =SUM(J17:K17) -> 0 | M17: =M16+5*7.01 -> 165.09 | N17: =N16+5*7.01 -> 165.09 | O17: =M17+N17 -> 330.18 | P17: =L17-O17 -> -330.18 | Q17: =P17/O17 -> -1 | V17: 2.1 | W17: Fornecimento de água tratada em caminhão 6m³ até 15 km | X17: R$/m³ | Y17: 116.25
C18: 50.01 | D18: 100 | E18: =Histograma!F34 -> 0 | F18: =Histograma!G34 -> 0 | I18: 40 m³ | J18: =J17+10*E17 -> 0 | K18: =K17+10*F17 -> 0 | L18: =SUM(J18:K18) -> 0 | M18: =M17+10*8.76 -> 252.69 | N18: =N17+10*8.76 -> 252.69 | O18: =M18+N18 -> 505.38 | P18: =L18-O18 -> -505.38 | Q18: =P18/O18 -> -1 | V18: 2.2 | W18: Fornecimento de água de reuso para irrigação em caminhão 6 m³ até 15 km | X18: R$/m³ | Y18: 77.14
C19: > 100 | D19: 0 | E19: =Histograma!F35 -> 0 | F19: =Histograma!G35 -> 0 | I19: 50 m³ | J19: =J18+10*E18 -> 0 | K19: =K18+10*F18 -> 0 | L19: =SUM(J19:K19) -> 0 | M19: =M18+10*8.76 -> 340.29 | N19: =N18+10*8.76 -> 340.29 | O19: =M19+N19 -> 680.58 | P19: =L19-O19 -> -680.58 | Q19: =P19/O19 -> -1 | V19: 2.3 | W19: Fornecimento de água de reuso para irrigação em veículo do interessado | X19: R$/m³ | Y19: 10.42
B20: Comercial | C20: TBO | D20: TBO | E20: =Histograma!F52 -> 0 | F20: =Histograma!G52 -> 0 | I20: Conta | J20: Água | K20: Esgoto | L20: Total | M20: Água | N20: Esgoto | O20: Total | P20: Diferença | Q20: % | V20: 2.4 | W20: Km rodado adicional acima de 15 Km | X20: R$/Km | Y20: 18.75
C21: 0.01 | D21: 10 | E21: =Histograma!F53 -> 0 | F21: =Histograma!G53 -> 0 | H21: Comercial | I21: 10 m³ | J21: =E20+10*(E21) -> 0 | K21: =F20+10*(F21) -> 0 | L21: =SUM(J21:K21) -> 0 | M21: =22.34+10*13.99 -> 162.24 | N21: =22.34+10*13.99 -> 162.24 | O21: =M21+N21 -> 324.48 | P21: =L21-O21 -> -324.48 | Q21: =P21/O21 -> -1 | V21: 2.5 | W21: Fornecimento de água tratada em veículo do interessado | X21: R$/m³ | Y21: 41.2
C22: 10.01 | D22: 15 | E22: =Histograma!F54 -> 0 | F22: =Histograma!G54 -> 0 | I22: 15 m³ | J22: =J21+5*E22 -> 0 | K22: =K21+5*F22 -> 0 | L22: =SUM(J22:K22) -> 0 | M22: =M21+5*7.06 -> 197.54 | N22: =N21+5*7.06 -> 197.54 | O22: =M22+N22 -> 395.08 | P22: =L22-O22 -> -395.08 | Q22: =P22/O22 -> -1 | V22: 2.6 | W22: Despejo avulso de efluente domiciliar em estação de tratamento de esgoto | X22: R$/m³ | Y22: 18.57
C23: 15.01 | D23: 20 | E23: =Histograma!F55 -> 0 | F23: =Histograma!G55 -> 0 | I23: 20 m³ | J23: =J22+5*E23 -> 0 | K23: =K22+5*F23 -> 0 | L23: =SUM(J23:K23) -> 0 | M23: =M22+5*7.06 -> 232.84 | N23: =N22+5*7.06 -> 232.84 | O23: =M23+N23 -> 465.68 | P23: =L23-O23 -> -465.68 | Q23: =P23/O23 -> -1
C24: 20.01 | D24: 30 | E24: =Histograma!F56 -> 0 | F24: =Histograma!G56 -> 0 | I24: 25 m³ | J24: =J23+5*E24 -> 0 | K24: =K23+5*F24 -> 0 | L24: =SUM(J24:K24) -> 0 | M24: =M23+5*9.81 -> 281.89 | N24: =N23+5*9.81 -> 281.89 | O24: =M24+N24 -> 563.78 | P24: =L24-O24 -> -563.78 | Q24: =P24/O24 -> -1 | V24: TABELA 3 - TARIFAS DE SERVIÇOS DE REDES E AMPLIAÇÃO DOS SISTEMAS DE ABASTECIMENTO DE ÁGUA E/OU COLETA, AFASTAMENTO E TRATAMENTO DE ESGOTO
C25: 30.01 | D25: 50 | E25: =Histograma!F57 -> 0 | F25: =Histograma!G57 -> 0 | I25: 30 m³ | J25: =J24+5*E24 -> 0 | K25: =K24+5*F24 -> 0 | L25: =SUM(J25:K25) -> 0 | M25: =M24+5*9.81 -> 330.94 | N25: =N24+5*9.81 -> 330.94 | O25: =M25+N25 -> 661.88 | P25: =L25-O25 -> -661.88 | Q25: =P25/O25 -> -1 | V25: Tabela 3 - Tarifas de serviços de redes e ampliação dos sistemas de abastecimento de água e/ou coleta, afastamento e tratamento de esgoto
C26: 50.01 | D26: 100 | E26: =Histograma!F58 -> 0 | F26: =Histograma!G58 -> 0 | I26: 40 m³ | J26: =J25+10*E25 -> 0 | K26: =K25+10*F25 -> 0 | L26: =SUM(J26:K26) -> 0 | M26: =M25+10*12.26 -> 453.54 | N26: =N25+10*12.26 -> 453.54 | O26: =M26+N26 -> 907.08 | P26: =L26-O26 -> -907.08 | Q26: =P26/O26 -> -1 | V26: Item | W26: Descrição | X26: Unidade | Y26: Preço Unitário
C27: > 100 | D27: 0 | E27: =Histograma!F59 -> 0 | F27: =Histograma!G59 -> 0 | I27: 50 m³ | J27: =J26+10*E26 -> 0 | K27: =K26+10*F26 -> 0 | L27: =SUM(J27:K27) -> 0 | M27: =M26+10*12.26 -> 576.14 | N27: =N26+10*12.26 -> 576.14 | O27: =M27+N27 -> 1152.28 | P27: =L27-O27 -> -1152.28 | Q27: =P27/O27 -> -1 | V27: 1 | W27: Serviços de redes
B28: Industrial | C28: TBO | D28: TBO | E28: =Histograma!F60 -> 0 | F28: =Histograma!G60 -> 0 | I28: Conta | J28: Água | K28: Esgoto | L28: Total | M28: Água | N28: Esgoto | O28: Total | P28: Diferença | Q28: % | V28: 1.2 | W28: Extensão de rede de água DN 50 mm | X28: R$/m | Y28: 355.84
C29: 0.01 | D29: 10 | E29: =Histograma!F61 -> 0 | F29: =Histograma!G61 -> 0 | H29: Industrial | I29: 10 m³ | J29: =E28+10*(E29) -> 0 | K29: =F28+10*(F29) -> 0 | L29: =SUM(J29:K29) -> 0 | M29: =22.34+10*13.99 -> 162.24 | N29: =22.34+10*13.99 -> 162.24 | O29: =M29+N29 -> 324.48 | P29: =L29-O29 -> -324.48 | Q29: =P29/O29 -> -1 | V29: 1.3 | W29: Extensão de rede de água DN 75 mm | X29: R$/m | Y29: 393.94
C30: 10.01 | D30: 15 | E30: =Histograma!F62 -> 0 | F30: =Histograma!G62 -> 0 | I30: 15 m³ | J30: =J29+5*E30 -> 0 | K30: =K29+5*F30 -> 0 | L30: =SUM(J30:K30) -> 0 | M30: =M29+5*7.06 -> 197.54 | N30: =N29+5*7.06 -> 197.54 | O30: =M30+N30 -> 395.08 | P30: =L30-O30 -> -395.08 | Q30: =P30/O30 -> -1 | V30: 1.4 | W30: Extensão de rede de água DN 100 mm | X30: R$/m | Y30: 437.14
C31: 15.01 | D31: 20 | E31: =Histograma!F63 -> 0 | F31: =Histograma!G63 -> 0 | I31: 20 m³ | J31: =J30+5*E31 -> 0 | K31: =K30+5*F31 -> 0 | L31: =SUM(J31:K31) -> 0 | M31: =M30+5*7.06 -> 232.84 | N31: =N30+5*7.06 -> 232.84 | O31: =M31+N31 -> 465.68 | P31: =L31-O31 -> -465.68 | Q31: =P31/O31 -> -1 | V31: 1.5 | W31: Extensão de rede de água DN 150 mm | X31: R$/m | Y31: 658.75
C32: 20.01 | D32: 30 | E32: =Histograma!F64 -> 0 | F32: =Histograma!G64 -> 0 | I32: 25 m³ | J32: =J31+5*E32 -> 0 | K32: =K31+5*F32 -> 0 | L32: =SUM(J32:K32) -> 0 | M32: =M31+5*9.81 -> 281.89 | N32: =N31+5*9.81 -> 281.89 | O32: =M32+N32 -> 563.78 | P32: =L32-O32 -> -563.78 | Q32: =P32/O32 -> -1 | V32: 1.6 | W32: Extensão de rede de água DN 200 mm | X32: R$/m | Y32: 988.13
C33: 30.01 | D33: 50 | E33: =Histograma!F65 -> 0 | F33: =Histograma!G65 -> 0 | I33: 30 m³ | J33: =J32+5*E32 -> 0 | K33: =K32+5*F32 -> 0 | L33: =SUM(J33:K33) -> 0 | M33: =M32+5*9.81 -> 330.94 | N33: =N32+5*9.81 -> 330.94 | O33: =M33+N33 -> 661.88 | P33: =L33-O33 -> -661.88 | Q33: =P33/O33 -> -1 | V33: 1.7 | W33: Extensão de rede de água DN 250 mm | X33: R$/m | Y33: 1119.88
C34: 50.01 | D34: 100 | E34: =Histograma!F66 -> 0 | F34: =Histograma!G66 -> 0 | I34: 40 m³ | J34: =J33+10*E33 -> 0 | K34: =K33+10*F33 -> 0 | L34: =SUM(J34:K34) -> 0 | M34: =M33+10*12.26 -> 453.54 | N34: =N33+10*12.26 -> 453.54 | O34: =M34+N34 -> 907.08 | P34: =L34-O34 -> -907.08 | Q34: =P34/O34 -> -1 | V34: 1.8 | W34: Extensão de rede de água DN 250 mm | X34: R$/m | Y34: 1317.5
C35: > 100 | D35: 0 | E35: =Histograma!F67 -> 0 | F35: =Histograma!G67 -> 0 | I35: 50 m³ | J35: =J34+10*E34 -> 0 | K35: =K34+10*F34 -> 0 | L35: =SUM(J35:K35) -> 0 | M35: =M34+10*12.26 -> 576.14 | N35: =N34+10*12.26 -> 576.14 | O35: =M35+N35 -> 1152.28 | P35: =L35-O35 -> -1152.28 | Q35: =P35/O35 -> -1 | V35: 1.9 | W35: Extensão de rede de esgoto DN 150 mm | X35: R$/m | Y35: 502.99
B36: Pública | C36: TBO | D36: TBO | E36: =Histograma!F68 -> 0 | F36: =Histograma!G68 -> 0 | I36: Conta | J36: Água | K36: Esgoto | L36: Total | M36: Água | N36: Esgoto | O36: Total | P36: Diferença | Q36: % | V36: 1.10 | W36: Extensão de rede de esgoto DN 200 mm | X36: R$/m | Y36: 779.64
C37: 0.01 | D37: 10 | E37: =Histograma!F69 -> 0 | F37: =Histograma!G69 -> 0 | H37: Pública | I37: 10 m³ | J37: =E36+10*(E37) -> 0 | K37: =F36+10*(F37) -> 0 | L37: =SUM(J37:K37) -> 0 | M37: =15.99+10*2.85 -> 44.49 | N37: =15.99+10*2.85 -> 44.49 | O37: =M37+N37 -> 88.98 | P37: =L37-O37 -> -88.98 | Q37: =P37/O37 -> -1 | V37: 1.11 | W37: Extensão de rede de esgoto DN 250 mm | X37: R$/m | Y37: 930.54
C38: 10.01 | D38: 15 | E38: =Histograma!F70 -> 0 | F38: =Histograma!G70 -> 0 | I38: 15 m³ | J38: =J37+5*E38 -> 0 | K38: =K37+5*F38 -> 0 | L38: =SUM(J38:K38) -> 0 | M38: =M37+5*5.05 -> 69.74 | N38: =N37+5*5.05 -> 69.74 | O38: =M38+N38 -> 139.48 | P38: =L38-O38 -> -139.48 | Q38: =P38/O38 -> -1 | V38: 1.12 | W38: Extensão de rede de esgoto DN 300 mm | X38: R$/m | Y38: 1257.48
C39: 15.01 | D39: 20 | E39: =Histograma!F71 -> 0 | F39: =Histograma!G71 -> 0 | I39: 20 m³ | J39: =J38+5*E39 -> 0 | K39: =K38+5*F39 -> 0 | L39: =SUM(J39:K39) -> 0 | M39: =M38+5*5.05 -> 94.99 | N39: =N38+5*5.05 -> 94.99 | O39: =M39+N39 -> 189.98 | P39: =L39-O39 -> -189.98 | Q39: =P39/O39 -> -1 | V39: 2 | W39: Execução de Poços de Visita
C40: 20.01 | D40: 30 | E40: =Histograma!F72 -> 0 | F40: =Histograma!G72 -> 0 | I40: 25 m³ | J40: =J39+5*E40 -> 0 | K40: =K39+5*F40 -> 0 | L40: =SUM(J40:K40) -> 0 | M40: =M39+5*7.01 -> 130.04 | N40: =N39+5*7.01 -> 130.04 | O40: =M40+N40 -> 260.08 | P40: =L40-O40 -> -260.08 | Q40: =P40/O40 -> -1 | V40: 2.1 | W40: Em alvenaria com profundidade menor ou igual a 1,5 m | X40: unidade | Y40: 4957.92
C41: 30.01 | D41: 50 | E41: =Histograma!F73 -> 0 | F41: =Histograma!G73 -> 0 | I41: 30 m³ | J41: =J40+5*E40 -> 0 | K41: =K40+5*F40 -> 0 | L41: =SUM(J41:K41) -> 0 | M41: =M40+5*7.01 -> 165.09 | N41: =N40+5*7.01 -> 165.09 | O41: =M41+N41 -> 330.18 | P41: =L41-O41 -> -330.18 | Q41: =P41/O41 -> -1 | V41: 2.2 | W41: Acréscimo de alvenaria com profundidade maior que 1,5 m | X41: R$/m | Y41: 2189.64
C42: 50.01 | D42: 100 | E42: =Histograma!F74 -> 0 | F42: =Histograma!G74 -> 0 | I42: 40 m³ | J42: =J41+10*E41 -> 0 | K42: =K41+10*F41 -> 0 | L42: =SUM(J42:K42) -> 0 | M42: =M41+10*8.76 -> 252.69 | N42: =N41+10*8.76 -> 252.69 | O42: =M42+N42 -> 505.38 | P42: =L42-O42 -> -505.38 | Q42: =P42/O42 -> -1 | V42: 2.3 | W42: Instalação de Poço de visita em PEAD | X42: unidade | Y42: 3560.748
C43: > 100 | D43: 0 | E43: =Histograma!F75 -> 0 | F43: =Histograma!G75 -> 0 | I43: 50 m³ | J43: =J42+10*E42 -> 0 | K43: =K42+10*F42 -> 0 | L43: =SUM(J43:K43) -> 0 | M43: =M42+10*8.76 -> 340.29 | N43: =N42+10*8.76 -> 340.29 | O43: =M43+N43 -> 680.58 | P43: =L43-O43 -> -680.58 | Q43: =P43/O43 -> -1 | V43: 3 | W43: Pavimentação
B44: Especial | C44: TBO | D44: TBO | E44: =Histograma!F76 -> 0 | F44: =Histograma!G76 -> 0 | I44: Conta | J44: Água | K44: Esgoto | L44: Total | M44: Água | N44: Esgoto | O44: Total | P44: Diferença | Q44: % | V44: 3.1 | W44: Reposição do pavimento de rua com massa asfáltica usinada a quente (CBUQ), incluindo base de brita graduada E=20 cm com meio fio e capa asfáltica de 4cm. | X44: R$/m² | Y44: 217.75
C45: 0.01 | D45: 10 | E45: =Histograma!F77 -> 0 | F45: =Histograma!G77 -> 0 | H45: Especial | I45: 10 m³ | J45: =E44+10*(E45) -> 0 | K45: =F44+10*(F45) -> 0 | L45: =SUM(J45:K45) -> 0 | M45: =15.99+10*2.85 -> 44.49 | N45: =15.99+10*2.85 -> 44.49 | O45: =M45+N45 -> 88.98 | P45: =L45-O45 -> -88.98 | Q45: =P45/O45 -> -1 | V45: 3.2 | W45: Reposição do pavimento com PAVER (20x10x8), incluindo base de pedrisco E=15 Cm e com meio fio | X45: R$/m² | Y45: 203.26
C46: 10.01 | D46: 15 | E46: =Histograma!F78 -> 0 | F46: =Histograma!G78 -> 0 | I46: 15 m³ | J46: =J45+5*E46 -> 0 | K46: =K45+5*F46 -> 0 | L46: =SUM(J46:K46) -> 0 | M46: =M45+5*5.05 -> 69.74 | N46: =N45+5*5.05 -> 69.74 | O46: =M46+N46 -> 139.48 | P46: =L46-O46 -> -139.48 | Q46: =P46/O46 -> -1 | V46: 3.3 | W46: Reposição do pavimento de rua com Paralelepípedo de concreto | X46: R$/m² | Y46: 316.29
C47: 15.01 | D47: 20 | E47: =Histograma!F79 -> 0 | F47: =Histograma!G79 -> 0 | I47: 20 m³ | J47: =J46+5*E47 -> 0 | K47: =K46+5*F47 -> 0 | L47: =SUM(J47:K47) -> 0 | M47: =M46+5*5.05 -> 94.99 | N47: =N46+5*5.05 -> 94.99 | O47: =M47+N47 -> 189.98 | P47: =L47-O47 -> -189.98 | Q47: =P47/O47 -> -1 | V47: 4 | W47: Ligação de água
C48: 20.01 | D48: 30 | E48: =Histograma!F80 -> 0 | F48: =Histograma!G80 -> 0 | I48: 25 m³ | J48: =J47+5*E48 -> 0 | K48: =K47+5*F48 -> 0 | L48: =SUM(J48:K48) -> 0 | M48: =M47+5*7.01 -> 130.04 | N48: =N47+5*7.01 -> 130.04 | O48: =M48+N48 -> 260.08 | P48: =L48-O48 -> -260.08 | Q48: =P48/O48 -> -1 | V48: 4.1 | W48: Primeira ligação de água – Novos Usuários da Categoria Residencial Social¹ (¹) A primeira ligação de água para novos usuários da categoria Residencial Social, compreendendo a implantação do ramal predial, a reposição de pavimento e o fornecimento da caixa padrão de hidrômetro (CPH) e do hidrômetro, é de responsabilidade da Concessionário, sem qualquer custo adicional ao usuário. | Y48: gratuito
C49: 30.01 | D49: 50 | E49: =Histograma!F81 -> 0 | F49: =Histograma!G81 -> 0 | I49: 30 m³ | J49: =J48+5*E48 -> 0 | K49: =K48+5*F48 -> 0 | L49: =SUM(J49:K49) -> 0 | M49: =M48+5*7.01 -> 165.09 | N49: =N48+5*7.01 -> 165.09 | O49: =M49+N49 -> 330.18 | P49: =L49-O49 -> -330.18 | Q49: =P49/O49 -> -1 | V49: 4.2 | W49: Ligação nova de água Ø¾”
C50: 50.01 | D50: 100 | E50: =Histograma!F82 -> 0 | F50: =Histograma!G82 -> 0 | I50: 40 m³ | J50: =J49+10*E49 -> 0 | K50: =K49+10*F49 -> 0 | L50: =SUM(J50:K50) -> 0 | M50: =M49+10*8.76 -> 252.69 | N50: =N49+10*8.76 -> 252.69 | O50: =M50+N50 -> 505.38 | P50: =L50-O50 -> -505.38 | Q50: =P50/O50 -> -1 | V50: 4.2.1 | W50: Ligação nova de água Ø¾” executada sob via sem pavimentação - TUBO DE PEAD DN 25 mm -sem reposição de calçada | X50: unidade | Y50: 354.864
C51: > 100 | D51: 0 | E51: =Histograma!F83 -> 0 | F51: =Histograma!G83 -> 0 | I51: 50 m³ | J51: =J50+10*E50 -> 0 | K51: =K50+10*F50 -> 0 | L51: =SUM(J51:K51) -> 0 | M51: =M50+10*8.76 -> 340.29 | N51: =N50+10*8.76 -> 340.29 | O51: =M51+N51 -> 680.58 | P51: =L51-O51 -> -680.58 | Q51: =P51/O51 -> -1 | V51: 4.2.2 | W51: Ligação nova de água Ø¾” executada sob via sem pavimentação - TUBO DE PEAD DN 25 mm - com reposição de calçada | X51: unidade | Y51: 418.212
V52: 4.2.3 | W52: Ligação nova de água Ø¾” executada sob via de pavimentação asfaltica - TUBO DE PEAD DN 25 mm - sem reposição de calçada | X52: unidade | Y52: 561.228
B53: 2 - Tarifas para fornecimento de água, coleta, afastamento e tratamento e esgoto através de ligações temporárias | V53: 4.2.4 | W53: Ligação nova de água Ø¾” executada sob via de pavimentação asfaltica - TUBO DE PEAD DN 25 mm - com reposição de calçada | X53: unidade | Y53: 624.576
B54: 2.1 | C54: Fornecimento de água, coleta, afastamento e tratamento e esgoto por ligação em caráter temporário para festas, circos e eventos. | E54: =TRUNC(1.26816239316239*Histograma!Y89,2) -> #DIV/0! | F54: =TRUNC(1.26816239316239*Histograma!Z89,2) -> #DIV/0! | V54: 4.2.5 | W54: Ligação nova de água Ø¾” executada sob via de pavimentação paralelepípedo - TUBO DE PEAD DN 25 mm - sem reposição de calçada | X54: unidade | Y54: 571.824
V55: 4.2.6 | W55: Ligação nova de água Ø¾” executada sob via de pavimentação asfaltica - TUBO DE PEAD DN 25 mm - com reposição de calçada | X55: unidade | Y55: 635.172
V56: 4.2.7 | W56: Ligação nova de água Ø¾” executada sob via de pavimentação bloco intertravado de concreto - TUBO DE PEAD DN 25 mm - sem reposição de calçada | X56: unidade | Y56: 554.364
V57: 4.2.8 | W57: Ligação nova de água Ø¾” executada sob via de pavimentação de bloco intertravaddo dde concreto - TUBO DE PEAD DN 25 mm - com reposição de calçada | X57: unidade | Y57: 617.712
V58: 4.3 | W58: Ligação nova de água Ø1”
V59: 4.3.1 | W59: Ligação nova de água Ø1” executada sob via sem pavimentação - TUBO DE PEAD DN 32 mm - incluinddo hidrômetro sem reposição de calçada | X59: unidade | Y59: 425.484
V60: 4.3.2 | W60: Ligação de água Ø1” executada sob via sem pavimentação - TUBO DE PEAD DN 32mm -com reposição de calçada | X60: unidade | Y60: 488.832
V61: 4.3.3 | W61: Ligação de água Ø1” executada sob via de pavimentação asfaltica - TUBO DE PEAD DN 32 mm - sem reposição de calçada | X61: unidade | Y61: 631.848
V62: 4.3.4 | W62: Ligação de água Ø1” executada sob via de pavimentação asfaltica - TUBO DE PEAD DN 32 mm - com reposição de calçada | X62: unidade | Y62: 695.196
V63: 4.3.5 | W63: Ligação de água Ø1” executada sob via de pavimentação paralelepípedo - TUBO DE PEAD DN 32 mm - isem reposição de calçada | X63: unidade | Y63: 642.444
V64: 4.3.6 | W64: Ligação de água Ø1” executada sob via de pavimentação asfaltica - TUBO DE PEAD DN 32 mm - com reposição de calçada | X64: unidade | Y64: 705.792
V65: 4.3.7 | W65: Ligação nova de água Ø1” executada sob via de pavimentação bloco intertravado de concreto - TUBO DE PEAD DN 32 mm - sem reposição de calçada | X65: unidade | Y65: 624.984
V66: 4.3.8 | W66: Ligação nova de água Ø1” executada sob via de pavimentação de bloco intertravaddo dde concreto - TUBO DE PEAD DN 32 mm - com reposição de calçada | X66: unidade | Y66: 688.332
V67: 4.4 | W67: Ligação nova de água Ø1 1/2"
V68: 4.4.1 | W68: Ligação nova de água Ø1 1/2” executada sob via sem pavimentação - TUBO DE PEAD DN 40 mm - incluinddo hidrômetro sem reposição de calçada | X68: unidade | Y68: 529.056
V69: 4.4.2 | W69: Ligação de água Ø1 1/2” executada sob via sem pavimentação - TUBO DE PEAD DN 40 mm -com reposição de calçada | X69: unidade | Y69: 592.404
V70: 4.4.3 | W70: Ligação de água Ø1 1/2” executada sob via de pavimentação asfaltica - TUBO DE PEAD DN 40 mm - sem reposição de calçada | X70: unidade | Y70: 735.42
V71: 4.4.4 | W71: Ligação de água Ø1 1/2” executada sob via de pavimentação asfaltica - TUBO DE PEAD DN 40 mm - com reposição de calçada | X71: unidade | Y71: 798.768
V72: 4.4.5 | W72: Ligação de água Ø1 1/2” executada sob via de pavimentação paralelepípedo - TUBO DE PEAD DN 40 mm - isem reposição de calçada | X72: unidade | Y72: 746.016
V73: 4.4.6 | W73: Ligação de água Ø1 1/2” executada sob via de pavimentação asfaltica - TUBO DE PEAD DN 40 mm - com reposição de calçada | X73: unidade | Y73: 809.364
V74: 4.4.7 | W74: Ligação nova de água Ø1 1/2” executada sob via de pavimentação bloco intertravado de concreto - TUBO DE PEAD DN 40 mm - sem reposição de calçada | X74: unidade | Y74: 728.556
V75: 4.4.8 | W75: Ligação nova de água Ø1 1/2” executada sob via de pavimentação de bloco intertravaddo dde concreto - TUBO DE PEAD DN 40 mm - com reposição de calçada | X75: unidade | Y75: 791.904
V76: 4.5 | W76: Ligação nova de água Ø2"
V77: 4.5.1 | W77: Ligação nova de água Ø2” executada sob via sem pavimentação - TUBO DE PEAD DN 60 mm - incluinddo hidrômetro sem reposição de calçada | X77: unidade | Y77: 623.7
V78: 4.5.2 | W78: Ligação de água Ø 2” executada sob via sem pavimentação - TUBO DE PEAD DN 40 mm -com reposição de calçada | X78: unidade | Y78: 687.048
V79: 4.5.3 | W79: Ligação de água Ø 2” executada sob via de pavimentação asfaltica - TUBO DE PEAD DN 40 mm - sem reposição de calçada | X79: unidade | Y79: 830.064
V80: 4.5.4 | W80: Ligação de água Ø 2” executada sob via de pavimentação asfaltica - TUBO DE PEAD DN 40 mm - com reposição de calçada | X80: unidade | Y80: 893.412
V81: 4.5.5 | W81: Ligação de água Ø 2” executada sob via de pavimentação paralelepípedo - TUBO DE PEAD DN 40 mm - isem reposição de calçada | X81: unidade | Y81: 840.66
V82: 4.5.6 | W82: Ligação de água Ø 2” executada sob via de pavimentação asfaltica - TUBO DE PEAD DN 40 mm - com reposição de calçada | X82: unidade | Y82: 904.008
V83: 4.5.7 | W83: Ligação nova de água Ø 2” executada sob via de pavimentação bloco intertravado de concreto - TUBO DE PEAD DN 40 mm - sem reposição de calçada | X83: unidade | Y83: 823.2
V84: 4.5.8 | W84: Ligação nova de água Ø 2” executada sob via de pavimentação de bloco intertravaddo dde concreto - TUBO DE PEAD DN 40 mm - com reposição de calçada | X84: unidade | Y84: 886.548
V85: 5 | W85: Caixa de proteção de hidrômetro
V86: 5.1 | W86: Fornecimento de Caixa de proteção de hidrômetro Ø ¾” e 1" Padrão de Parede | X86: unidade | Y86: 187.84
V87: 5.2 | W87: Fornecimento de Caixa de proteção de hidrômetro Ø ¾” e 1" Padrão de Piso | X87: unidade | Y87: 291.84
V88: 5.3 | W88: Fornecimento e instalação de Caixa de proteção de hidrômetro Ø ¾” e 1" Padrão no piso. | X88: unidade | Y88: 769.79
V89: 5.4 | W89: Fornecimento e instalação de Caixa de proteção de hidrômetro Ø ¾” e 1" Padrão em parede existente. | X89: unidade | Y89: 898.65
V90: 5.5 | W90: Fornecimento e instalação de Caixa de proteção de hidrômetro Ø ¾” e 1" Padrão em totem de alvenaria | X90: unidade | Y90: 1158.77
V91: 5.6 | W91: Fornecimento e instalação de Caixa de proteção para dois hidrômetros de Ø¾” e 1" Padrão em totem. | X91: unidade | Y91: 1757.27
V92: 5.7 | W92: Fornecimento e instalação de Caixa de proteção para dois hidrômetros de Ø ¾” e 1" Padrão em parede. | X92: unidade | Y92: 1331.84
V93: 6 | W93: Ligação de esgoto
V94: 6.1 | W94: Primeira ligação de esgoto² - Para usuários da Categoria Residencial Social e para os usuários já conectados ao sistema de abastecimento de água na data da celebração do Contrato. (²) A primeira ligação de esgoto, especificamente para aos usuários que, na data de celebração do CONTRATO, estejam conectados ao sistema de abastecimento de água e para novos usuários da categoria Residencial Social, terão os custos das ligações de esgoto custeados integralmente pela CONCESSIONÁRIA quando da implantação do sistema de esgotamento sanitário, incluindo os serviços de implantação do ramal predial, reposição de pavimento e fornecimento de TIL de inspeção com tampa, instalado na calçada, sem custo adicional para o usuário. | X94: unidade | Y94: gratuíto
V95: 6.2 | W95: Ligação de esgoto DN 100 mm - Ligação de esgoto executada sob via de pavimentada, com caixa de inspeção de plástico, executada em TUBO DE PVC ocre para esgoto com junta elástica - DN 100 mm até 6 m | X95: unidade | Y95: 1026.096
V96: 6.3 | W96: Ligação de esgoto executada sob via sem pavimentação, com caixa de inspeção de plástico, executada em TUBO DE PVC ocre para esgoto com junta elástica - DN 100 mm até 6 m | X96: unidade | Y96: 501.42
V97: 6.4 | W97: Tubo PVC ocre para esgoto com junta elástica - DN 100mm - NBR 7362 | X97: R$/m | Y97: 54.03
V98: 6.5 | W98: Fornecimento e instalação de TIL de inspeção de esgoto, com tampa de concreto e tampão de inspeção 150 mm, altura ddo plomgamoto de 0,50 m, incluindo reposição de calçada | X98: unidade | Y98: 353.69429
V99: 6.6 | W99: Fornecimento e instalação de Caixa de inspeção de esgoto padrão de plástico de 0,35 x 0,45 x 0,50, com tampa de concreto e tampão de inspeção 150 mm, incluindo reposição de calçada | X99: unidade | Y99: 495.172
V100: 6.7 | W100: Fornecimento e instalação de Caixa de inspeção de esgoto padrão de concretro de 0,45 x 0,65 m, altura de 0,60 a 0,70, com tampa de concreto e tampão de inspeção 150 mm, incluindo reposição de calçada | X100: unidade | Y100: 866.551
...

Sheet Dados ME
A1: Preenchimento | B1: Premissas Macroeconômicas | C1: -4 | D1: -3 | E1: -2 | F1: -1 | G1: 0 | H1: =G1+1 -> 1 | I1: =H1+1 -> 2 | J1: =I1+1 -> 3 | K1: =J1+1 -> 4 | L1: =K1+1 -> 5 | M1: =L1+1 -> 6 | N1: =M1+1 -> 7 | O1: =N1+1 -> 8 | ... AP1: =AO1+1 -> 35
A2: Fórmulas | C2: 2022 | D2: 2023 | E2: =D2+1 -> 2024 | F2: =E2+1 -> 2025 | G2: =F2+1 -> 2026 | H2: =G2+1 -> 2027 | I2: =H2+1 -> 2028 | J2: =I2+1 -> 2029 | K2: =J2+1 -> 2030 | L2: =K2+1 -> 2031 | ... AP2: =AO2+1 -> 2061
B3: TLP (anual)
B4: Spread sobre TLP (anual)
B5: Spread Financ. BNDES (anual)
B6: IPCA (anual)
B7: IPCA (acum) | C7: =C6 -> 0 | D7: =D6 -> 0 | E7: =E6 -> 0 | F7: =(1+F6)*(1+E7)-1 -> 0 | G7: =(1+G6)*(1+F7)-1 -> 0 | H7: =(1+H6)*(1+G7)-1 -> 0 | I7: =(1+I6)*(1+H7)-1 -> 0 | J7: =(1+J6)*(1+I7)-1 -> 0 | K7: =(1+K6)*(1+J7)-1 -> 0 | L7: =(1+L6)*(1+K7)-1 -> 0 | M7: =(1+M6)*(1+L7)-1 -> 0 | ... AP7: =(1+AP6)*(1+AO7)-1 -> 0
B8: SELIC (anual)
B9: SELIC (sem IPCA) | C9: =(1+C8)/(1+C6)-1 -> 0 | D9: =(1+D8)/(1+D6)-1 -> 0 | E9: =(1+E8)/(1+E6)-1 -> 0 | F9: =(1+F8)/(1+F6)-1 -> 0 | G9: =(1+G8)/(1+G6)-1 -> 0 | H9: =(1+H8)/(1+H6)-1 -> 0 | I9: =(1+I8)/(1+I6)-1 -> 0 | J9: =(1+J8)/(1+J6)-1 -> 0 | ... AP9: =(1+AP8)/(1+AP6)-1 -> 0
B10: PIB - Brasil
B11: Projeção Inflação - EUA (anual)
B12: Tx Retorno Livre Risco - EUA (anual)
B13: Equity Risk Premium - Merc Acionário-EUA (anual)
B14: Risco País - Brasil (anual)

Sheet Histograma
A1: Preenchimento | B1: Matriz Tarifária Proposta | I1: Histograma de Consumo | O1: Volume Faturado por faixa de consumo | W1: Faturamento por faixa de Consumo
A2: Fórmulas | B2: Categoria | C2: Faixa de consumo | E2: Proporção Tarifária | F2: Tarifa Água | G2: Tarifa Esgoto | I2: Faixa de consumo | K2: Vol faturado | O2: Distribuição Água | S2: Distribuição Esgoto | W2: Fat Água | X2: Fat Esgoto | Y2: % FAT | Z2: % FAT CAT
A3: NÂO ALTERAR | C3: Inferior | D3: Superior | F3: (R$/m³) | G3: (R$/m³) | I3: Inferior | J3: Superior | K3: Água | L3: % | M3: Esgoto | N3: % | O3: % | P3: Economias | Q3: Ligações | R3: Vol Fat | S3: % | T3: Economias | U3: Ligações | V3: Vol Fat
C4: TBO | D4: TBO | E4: 0.76444215 | F4: =E4*$F$13 -> 0 | G4: =F4*$G$85 -> 0 | I4: =C4 -> TBO | J4: =D4 -> TBO | P4: =ROUND(O4*$L$88,0) -> 0 | Q4: =ROUND(P4/$P$88,0) -> #DIV/0! | R4: =ROUND(K4*L4*$P$4,0) -> 0 | S4: =O4 -> 0 | T4: =ROUND(S4*$L$89,0) -> 0 | U4: =ROUND(T4/$P$89,0) -> #DIV/0! | V4: =ROUND(M4*N4*$T$4*(1-$S$89),0) -> 0 | W4: =P4*F4 -> 0 | X4: =T4*G4 -> 0 | Y4: =(W4+X4)/$W$86 -> #DIV/0! | Z4: =SUM(Y4:Y11) -> #DIV/0!
B5: Residencial Social | C5: 0.01 | D5: 10 | E5: 0.4 | F5: =$F$13*E5 -> 0 | G5: =F5*$G$85 -> 0 | I5: =C5 -> 0.01 | J5: =D5 -> 10 | R5: =ROUND(K5*L5*$P$4*(1-$S$89),0) -> 0 | V5: =ROUND(M5*N5*$T$4*(1-$S$89),0) -> 0 | W5: =ROUND(L5*P4*K5*F5,2) -> 0 | X5: =ROUND(N5*T4*M5*G5,2) -> 0 | Y5: =(W5+X5)/$W$86 -> #DIV/0!
C6: 10.01 | D6: 15 | E6: 0.4 | F6: =$F$13*E6 -> 0 | G6: =F6*$G$85 -> 0 | I6: =C6 -> 10.01 | J6: =D6 -> 15 | R6: =ROUND(K6*L6*$P$4*(1-$S$89),0) -> 0 | V6: =ROUND(M6*N6*$T$4*(1-$S$89),0) -> 0 | W6: =ROUND(L6*P4*(J5*F5+(K6-J5)*F6),2) -> 0 | X6: =ROUND(N6*T4*(J5*G5+(M6-J5)*G6),2) -> 0 | Y6: =(W6+X6)/$W$86 -> #DIV/0!
C7: 15.01 | D7: 20 | E7: 0.8 | F7: =$F$13*E7 -> 0 | G7: =F7*$G$85 -> 0 | I7: =C7 -> 15.01 | J7: =D7 -> 20 | R7: =ROUND(K7*L7*$P$4*(1-$S$89),0) -> 0 | V7: =ROUND(M7*N7*$T$4*(1-$S$89),0) -> 0 | W7: =ROUND(L7*P4*(J5*F5+(J6-J5)*F6+(K7-J6)*F7),2) -> 0 | X7: =ROUND(N7*T4*(J5*G5+(J6-J5)*G6+(M7-J6)*G7),2) -> 0 | Y7: =(W7+X7)/$W$86 -> #DIV/0!
C8: 20.01 | D8: 30 | E8: 1 | F8: =$F$13*E8 -> 0 | G8: =F8*$G$85 -> 0 | I8: =C8 -> 20.01 | J8: =D8 -> 30 | R8: =ROUND(K8*L8*$P$4*(1-$S$89),0) -> 0 | V8: =ROUND(M8*N8*$T$4*(1-$S$89),0) -> 0 | W8: =ROUND(L8*P4*(J5*F5+(J6-J5)*F6+(J7-J6)*F7+(K8-J7)*F8),2) -> 0 | X8: =ROUND(N8*T4*(J5*G5+(J6-J5)*G6+(J7-J6)*G7+(M8-J7)*G8),2) -> 0 | Y8: =(W8+X8)/$W$86 -> #DIV/0!
C9: 30.01 | D9: 50 | E9: 1.2 | F9: =$F$13*E9 -> 0 | G9: =F9*$G$85 -> 0 | I9: =C9 -> 30.01 | J9: =D9 -> 50 | R9: =ROUND(K9*L9*$P$4*(1-$S$89),0) -> 0 | V9: =ROUND(M9*N9*$T$4*(1-$S$89),0) -> 0 | W9: =ROUND(L9*P4*(J5*F5+(J6-J5)*F6+(J7-J6)*F7+(J8-J7)*F8+(K9-J8)*F9),2) -> 0 | X9: =ROUND(N9*T4*(10*G5+(J6-J5)*G6+(J7-J6)*G7+(J8-J7)*G8+(M9-J8)*G9),2) -> 0 | Y9: =(W9+X9)/$W$86 -> #DIV/0!
C10: 50.01 | D10: 100 | E10: 1.4 | F10: =$F$13*E10 -> 0 | G10: =F10*$G$85 -> 0 | I10: =C10 -> 50.01 | J10: =D10 -> 100 | R10: =ROUND(K10*L10*$P$4*(1-$S$89),0) -> 0 | V10: =ROUND(M10*N10*$T$4*(1-$S$89),0) -> 0 | W10: =ROUND(L10*P4*(J5*F5+(J6-J5)*F6+(J7-J6)*F7+(J8-J7)*F8+(J9-J8)*F9+(K10-J9)*F10),2) -> 0 | X10: =ROUND(N10*T4*(J5*G5+(J6-J5)*G6+(J7-J6)*G7+(J8-J7)*G8+(J9-J8)*G9+(M10-J9)*G10),2) -> 0 | Y10: =(W10+X10)/$W$86 -> #DIV/0!
C11: > 100 | E11: 2.4 | F11: =$F$13*E11 -> 0 | G11: =F11*$G$85 -> 0 | I11: > 100 | R11: =ROUND(K11*L11*$P$4*(1-$S$89),0) -> 0 | V11: =ROUND(M11*N11*$T$4*(1-$S$89),0) -> 0 | W11: =ROUND(L11*P4*(J5*F5+(J6-J5)*F6+(J7-J6)*F7+(J8-J7)*F8+(J9-J8)*F9+(J10-J9)*F10+(K11-J10)*F11),2) -> 0 | X11: =ROUND(N11*T4*(J5*G5+(J6-J5)*G6+(J7-J6)*G7+(J8-J7)*G8+(J9-J8)*G9+(J10-J9)*G10+(M11-J10)*G11),2) -> 0 | Y11: =(W11+X11)/$W$86 -> #DIV/0!
C12: TBO | D12: TBO | E12: 4.18 | F12: =$F$13*E12 -> 0 | G12: =F12*$G$85 -> 0 | I12: =C12 -> TBO | J12: =D12 -> TBO | P12: =ROUND(O12*$L$88,0) -> 0 | Q12: =ROUND(P12/$P$88,0) -> #DIV/0! | R12: =ROUND(K12*L12*$P$12,0) -> 0 | S12: =O12 -> 0 | T12: =ROUND(S12*$L$89,0) -> 0 | U12: =ROUND(T12/$P$89,0) -> #DIV/0! | V12: =ROUND(M12*N12*$T$12*(1-$S$89),0) -> 0 | W12: =P12*F12 -> 0 | X12: =T12*G12 -> 0 | Y12: =(W12+X12)/$W$86 -> #DIV/0! | Z12: =SUM(Y12:Y19) -> #DIV/0!
B13: Residencial Padrão A - Área constr. 0 a 50 m² | C13: 0.01 | D13: 10 | E13: 1 | F13: ='FCD PROJETO'!K15 -> 0 | G13: =F13*$G$85 -> 0 | I13: =C13 -> 0.01 | J13: =D13 -> 10 | R13: =ROUND(K13*L13*$P$12*(1-$S$89),0) -> 0 | V13: =ROUND(M13*N13*$T$12*(1-$S$89),0) -> 0 | W13: =ROUND(L13*P12*K13*F13,2) -> 0 | X13: =ROUND(N13*T12*M13*G13,2) -> 0 | Y13: =(W13+X13)/$W$86 -> #DIV/0!
C14: 10.01 | D14: 15 | E14: 1.4 | F14: =$F$13*E14 -> 0 | G14: =F14*$G$85 -> 0 | I14: =C14 -> 10.01 | J14: =D14 -> 15 | R14: =ROUND(K14*L14*$P$12*(1-$S$89),0) -> 0 | V14: =ROUND(M14*N14*$T$12*(1-$S$89),0) -> 0 | W14: =ROUND(L14*P12*(J13*F13+(K14-J13)*F14),2) -> 0 | X14: =ROUND(N14*T12*(J13*G13+(M14-J13)*G14),2) -> 0 | Y14: =(W14+X14)/$W$86 -> #DIV/0!
C15: 15.01 | D15: 20 | E15: 1.8 | F15: =$F$13*E15 -> 0 | G15: =F15*$G$85 -> 0 | I15: =C15 -> 15.01 | J15: =D15 -> 20 | R15: =ROUND(K15*L15*$P$12*(1-$S$89),0) -> 0 | V15: =ROUND(M15*N15*$T$12*(1-$S$89),0) -> 0 | W15: =ROUND(L15*P12*(J13*F13+(J14-J13)*F14+(K15-J14)*F15),2) -> 0 | X15: =ROUND(N15*T12*(J13*G13+(J14-J13)*G14+(M15-J14)*G15),2) -> 0 | Y15: =(W15+X15)/$W$86 -> #DIV/0!
C16: 20.01 | D16: 30 | E16: 2.2 | F16: =$F$13*E16 -> 0 | G16: =F16*$G$85 -> 0 | I16: =C16 -> 20.01 | J16: =D16 -> 30 | R16: =ROUND(K16*L16*$P$12*(1-$S$89),0) -> 0 | V16: =ROUND(M16*N16*$T$12*(1-$S$89),0) -> 0 | W16: =ROUND(L16*P12*(J13*F13+(J14-J13)*F14+(J15-J14)*F15+(K16-J15)*F16),2) -> 0 | X16: =ROUND(N16*T12*(J13*G13+(J14-J13)*G14+(J15-J14)*G15+(M16-J15)*G16),2) -> 0 | Y16: =(W16+X16)/$W$86 -> #DIV/0!
C17: 30.01 | D17: 50 | E17: 2.8 | F17: =$F$13*E17 -> 0 | G17: =F17*$G$85 -> 0 | I17: =C17 -> 30.01 | J17: =D17 -> 50 | R17: =ROUND(K17*L17*$P$12*(1-$S$89),0) -> 0 | V17: =ROUND(M17*N17*$T$12*(1-$S$89),0) -> 0 | W17: =ROUND(L17*P12*(J13*F13+(J14-J13)*F14+(J15-J14)*F15+(J16-J15)*F16+(K17-J16)*F17),2) -> 0 | X17: =ROUND(N17*T12*(10*G13+(J14-J13)*G14+(J15-J14)*G15+(J16-J15)*G16+(M17-J16)*G17),2) -> 0 | Y17: =(W17+X17)/$W$86 -> #DIV/0!
C18: 50.01 | D18: 100 | E18: 3.6 | F18: =$F$13*E18 -> 0 | G18: =F18*$G$85 -> 0 | I18: =C18 -> 50.01 | J18: =D18 -> 100 | R18: =ROUND(K18*L18*$P$12*(1-$S$89),0) -> 0 | V18: =ROUND(M18*N18*$T$12*(1-$S$89),0) -> 0 | W18: =ROUND(L18*P12*(J13*F13+(J14-J13)*F14+(J15-J14)*F15+(J16-J15)*F16+(J17-J16)*F17+(K18-J17)*F18),2) -> 0 | X18: =ROUND(N18*T12*(J13*G13+(J14-J13)*G14+(J15-J14)*G15+(J16-J15)*G16+(J17-J16)*G17+(M18-J17)*G18),2) -> 0 | Y18: =(W18+X18)/$W$86 -> #DIV/0!
C19: > 100 | E19: 4.8 | F19: =$F$13*E19 -> 0 | G19: =F19*$G$85 -> 0 | I19: > 100 | R19: =ROUND(K19*L19*$P$12*(1-$S$89),0) -> 0 | V19: =ROUND(M19*N19*$T$12*(1-$S$89),0) -> 0 | W19: =ROUND(L19*P12*(J13*F13+(J14-J13)*F14+(J15-J14)*F15+(J16-J15)*F16+(J17-J16)*F17+(J18-J17)*F18+(K19-J18)*F19),2) -> 0 | X19: =ROUND(N19*T12*(J13*G13+(J14-J13)*G14+(J15-J14)*G15+(J16-J15)*G16+(J17-J16)*G17+(J18-J17)*G18+(M19-J18)*G19),2) -> 0 | Y19: =(W19+X19)/$W$86 -> #DIV/0!
C20: TBO | D20: TBO | E20: 5 | F20: =$F$13*E20 -> 0 | G20: =F20*$G$85 -> 0 | I20: =C20 -> TBO | J20: =D20 -> TBO | P20: =ROUND(O20*$L$88,0) -> 0 | Q20: =ROUND(P20/$P$88,0) -> #DIV/0! | R20: =ROUND(K20*L20*$P$20,0) -> 0 | S20: =O20 -> 0 | T20: =ROUND(S20*$L$89,0) -> 0 | U20: =ROUND(T20/$P$89,0) -> #DIV/0! | V20: =ROUND(M20*N20*$T$20*(1-$S$89),0) -> 0 | W20: =P20*F20 -> 0 | X20: =T20*G20 -> 0 | Y20: =(W20+X20)/$W$86 -> #DIV/0! | Z20: =SUM(Y20:Y27) -> #DIV/0!
B21: Residencial Padrão B - Área constr 50,01 a 100 m² | C21: 0.01 | D21: 10 | E21: 1.21 | F21: =$F$13*E21 -> 0 | G21: =F21*$G$85 -> 0 | I21: =C21 -> 0.01 | J21: =D21 -> 10 | R21: =ROUND(K21*L21*$P$20*(1-$S$89),0) -> 0 | V21: =ROUND(M21*N21*$T$20*(1-$S$89),0) -> 0 | W21: =ROUND(L21*P20*K21*F21,2) -> 0 | X21: =ROUND(N21*T20*M21*G21,2) -> 0 | Y21: =(W21+X21)/$W$86 -> #DIV/0!
C22: 10.01 | D22: 15 | E22: 1.694 | F22: =$F$13*E22 -> 0 | G22: =F22*$G$85 -> 0 | I22: =C22 -> 10.01 | J22: =D22 -> 15 | R22: =ROUND(K22*L22*$P$20*(1-$S$89),0) -> 0 | V22: =ROUND(M22*N22*$T$20*(1-$S$89),0) -> 0 | W22: =ROUND(L22*P20*(J21*F21+(K22-J21)*F22),2) -> 0 | X22: =ROUND(N22*T20*(J21*G21+(M22-J21)*G22),2) -> 0 | Y22: =(W22+X22)/$W$86 -> #DIV/0!
C23: 15.01 | D23: 20 | E23: 2.178 | F23: =$F$13*E23 -> 0 | G23: =F23*$G$85 -> 0 | I23: =C23 -> 15.01 | J23: =D23 -> 20 | R23: =ROUND(K23*L23*$P$20*(1-$S$89),0) -> 0 | V23: =ROUND(M23*N23*$T$20*(1-$S$89),0) -> 0 | W23: =ROUND(L23*P20*(J21*F21+(J22-J21)*F22+(K23-J22)*F23),2) -> 0 | X23: =ROUND(N23*T20*(J21*G21+(J22-J21)*G22+(M23-J22)*G23),2) -> 0 | Y23: =(W23+X23)/$W$86 -> #DIV/0!
C24: 20.01 | D24: 30 | E24: 2.662 | F24: =$F$13*E24 -> 0 | G24: =F24*$G$85 -> 0 | I24: =C24 -> 20.01 | J24: =D24 -> 30 | R24: =ROUND(K24*L24*$P$20*(1-$S$89),0) -> 0 | V24: =ROUND(M24*N24*$T$20*(1-$S$89),0) -> 0 | W24: =ROUND(L24*P20*(J21*F21+(J22-J21)*F22+(J23-J22)*F23+(K24-J23)*F24),2) -> 0 | X24: =ROUND(N24*T20*(J21*G21+(J22-J21)*G22+(J23-J22)*G23+(M24-J23)*G24),2) -> 0 | Y24: =(W24+X24)/$W$86 -> #DIV/0!
C25: 30.01 | D25: 50 | E25: 3.388 | F25: =$F$13*E25 -> 0 | G25: =F25*$G$85 -> 0 | I25: =C25 -> 30.01 | J25: =D25 -> 50 | R25: =ROUND(K25*L25*$P$20*(1-$S$89),0) -> 0 | V25: =ROUND(M25*N25*$T$20*(1-$S$89),0) -> 0 | W25: =ROUND(L25*P20*(J21*F21+(J22-J21)*F22+(J23-J22)*F23+(J24-J23)*F24+(K25-J24)*F25),2) -> 0 | X25: =ROUND(N25*T20*(10*G21+(J22-J21)*G22+(J23-J22)*G23+(J24-J23)*G24+(M25-J24)*G25),2) -> 0 | Y25: =(W25+X25)/$W$86 -> #DIV/0!
C26: 50.01 | D26: 100 | E26: 4.356 | F26: =$F$13*E26 -> 0 | G26: =F26*$G$85 -> 0 | I26: =C26 -> 50.01 | J26: =D26 -> 100 | R26: =ROUND(K26*L26*$P$20*(1-$S$89),0) -> 0 | V26: =ROUND(M26*N26*$T$20*(1-$S$89),0) -> 0 | W26: =ROUND(L26*P20*(J21*F21+(J22-J21)*F22+(J23-J22)*F23+(J24-J23)*F24+(J25-J24)*F25+(K26-J25)*F26),2) -> 0 | X26: =ROUND(N26*T20*(J21*G21+(J22-J21)*G22+(J23-J22)*G23+(J24-J23)*G24+(J25-J24)*G25+(M26-J25)*G26),2) -> 0 | Y26: =(W26+X26)/$W$86 -> #DIV/0!
C27: > 100 | E27: 5.808 | F27: =$F$13*E27 -> 0 | G27: =F27*$G$85 -> 0 | I27: > 100 | R27: =ROUND(K27*L27*$P$20*(1-$S$89),0) -> 0 | V27: =ROUND(M27*N27*$T$20*(1-$S$89),0) -> 0 | W27: =ROUND(L27*P20*(J21*F21+(J22-J21)*F22+(J23-J22)*F23+(J24-J23)*F24+(J25-J24)*F25+(J26-J25)*F26+(K27-J26)*F27),2) -> 0 | X27: =ROUND(N27*T20*(J21*G21+(J22-J21)*G22+(J23-J22)*G23+(J24-J23)*G24+(J25-J24)*G25+(J26-J25)*G26+(M27-J26)*G27),2) -> 0 | Y27: =(W27+X27)/$W$86 -> #DIV/0!
C28: TBO | D28: TBO | E28: 5 | F28: =$F$13*E28 -> 0 | G28: =F28*$G$85 -> 0 | I28: =C28 -> TBO | J28: =D28 -> TBO | P28: =ROUND(O28*$L$88,0) -> 0 | Q28: =ROUND(P28/$P$88,0) -> #DIV/0! | R28: =ROUND(K28*L28*$P$28,0) -> 0 | S28: =O28 -> 0 | T28: =ROUND(S28*$L$89,0) -> 0 | U28: =ROUND(T28/$P$89,0) -> #DIV/0! | V28: =ROUND(M28*N28*$T$28*(1-$S$89),0) -> 0 | W28: =P28*F28 -> 0 | X28: =T28*G28 -> 0 | Y28: =(W28+X28)/$W$86 -> #DIV/0! | Z28: =SUM(Y28:Y35) -> #DIV/0!
B29: Residencial Padrão | C29: 0.01 | D29: 10 | E29: 1.36 | F29: =$F$13*E29 -> 0 | G29: =F29*$G$85 -> 0 | I29: =C29 -> 0.01 | J29: =D29 -> 10 | R29: =ROUND(K29*L29*$P$28*(1-$S$89),0) -> 0 | V29: =ROUND(M29*N29*$T$28*(1-$S$89),0) -> 0 | W29: =ROUND(L29*P28*K29*F29,2) -> 0 | X29: =ROUND(N29*T28*M29*G29,2) -> 0 | Y29: =(W29+X29)/$W$86 -> #DIV/0!
C30: 10.01 | D30: 15 | E30: 1.904 | F30: =$F$13*E30 -> 0 | G30: =F30*$G$85 -> 0 | I30: =C30 -> 10.01 | J30: =D30 -> 15 | R30: =ROUND(K30*L30*$P$28*(1-$S$89),0) -> 0 | V30: =ROUND(M30*N30*$T$28*(1-$S$89),0) -> 0 | W30: =ROUND(L30*P28*(J29*F29+(K30-J29)*F30),2) -> 0 | X30: =ROUND(N30*T28*(J29*G29+(M30-J29)*G30),2) -> 0 | Y30: =(W30+X30)/$W$86 -> #DIV/0!
C31: 15.01 | D31: 20 | E31: 2.448 | F31: =$F$13*E31 -> 0 | G31: =F31*$G$85 -> 0 | I31: =C31 -> 15.01 | J31: =D31 -> 20 | R31: =ROUND(K31*L31*$P$28*(1-$S$89),0) -> 0 | V31: =ROUND(M31*N31*$T$28*(1-$S$89),0) -> 0 | W31: =ROUND(L31*P28*(J29*F29+(J30-J29)*F30+(K31-J30)*F31),2) -> 0 | X31: =ROUND(N31*T28*(J29*G29+(J30-J29)*G30+(M31-J30)*G31),2) -> 0 | Y31: =(W31+X31)/$W$86 -> #DIV/0!
C32: 20.01 | D32: 30 | E32: 2.992 | F32: =$F$13*E32 -> 0 | G32: =F32*$G$85 -> 0 | I32: =C32 -> 20.01 | J32: =D32 -> 30 | R32: =ROUND(K32*L32*$P$28*(1-$S$89),0) -> 0 | V32: =ROUND(M32*N32*$T$28*(1-$S$89),0) -> 0 | W32: =ROUND(L32*P28*(J29*F29+(J30-J29)*F30+(J31-J30)*F31+(K32-J31)*F32),2) -> 0 | X32: =ROUND(N32*T28*(J29*G29+(J30-J29)*G30+(J31-J30)*G31+(M32-J31)*G32),2) -> 0 | Y32: =(W32+X32)/$W$86 -> #DIV/0!
C33: 30.01 | D33: 50 | E33: 3.808 | F33: =$F$13*E33 -> 0 | G33: =F33*$G$85 -> 0 | I33: =C33 -> 30.01 | J33: =D33 -> 50 | R33: =ROUND(K33*L33*$P$28*(1-$S$89),0) -> 0 | V33: =ROUND(M33*N33*$T$28*(1-$S$89),0) -> 0 | W33: =ROUND(L33*P28*(J29*F29+(J30-J29)*F30+(J31-J30)*F31+(J32-J31)*F32+(K33-J32)*F33),2) -> 0 | X33: =ROUND(N33*T28*(10*G29+(J30-J29)*G30+(J31-J30)*G31+(J32-J31)*G32+(M33-J32)*G33),2) -> 0 | Y33: =(W33+X33)/$W$86 -> #DIV/0!
C34: 50.01 | D34: 100 | E34: 4.896 | F34: =$F$13*E34 -> 0 | G34: =F34*$G$85 -> 0 | I34: =C34 -> 50.01 | J34: =D34 -> 100 | R34: =ROUND(K34*L34*$P$28*(1-$S$89),0) -> 0 | V34: =ROUND(M34*N34*$T$28*(1-$S$89),0) -> 0 | W34: =ROUND(L34*P28*(J29*F29+(J30-J29)*F30+(J31-J30)*F31+(J32-J31)*F32+(J33-J32)*F33+(K34-J33)*F34),2) -> 0 | X34: =ROUND(N34*T28*(J29*G29+(J30-J29)*G30+(J31-J30)*G31+(J32-J31)*G32+(J33-J32)*G33+(M34-J33)*G34),2) -> 0 | Y34: =(W34+X34)/$W$86 -> #DIV/0!
C35: > 100 | E35: 6.528 | F35: =$F$13*E35 -> 0 | G35: =F35*$G$85 -> 0 | I35: > 100 | R35: =ROUND(K35*L35*$P$28*(1-$S$89),0) -> 0 | V35: =ROUND(M35*N35*$T$28*(1-$S$89),0) -> 0 | W35: =ROUND(L35*P28*(J29*F29+(J30-J29)*F30+(J31-J30)*F31+(J32-J31)*F32+(J33-J32)*F33+(J34-J33)*F34+(K35-J34)*F35),2) -> 0 | X35: =ROUND(N35*T28*(J29*G29+(J30-J29)*G30+(J31-J30)*G31+(J32-J31)*G32+(J33-J32)*G33+(J34-J33)*G34+(M35-J34)*G35),2) -> 0 | Y35: =(W35+X35)/$W$86 -> #DIV/0!
C36: TBO | D36: TBO | E36: 7 | F36: =$F$13*E36 -> 0 | G36: =F36*$G$85 -> 0 | I36: =C36 -> TBO | J36: =D36 -> TBO | P36: =ROUND(O36*$L$88,0) -> 0 | Q36: =ROUND(P36/$P$88,0) -> #DIV/0! | R36: =ROUND(K36*L36*$P$36,0) -> 0 | S36: =O36 -> 0 | T36: =ROUND(S36*$L$89,0) -> 0 | U36: =ROUND(T36/$P$89,0) -> #DIV/0! | V36: =ROUND(M36*N36*$T$36*(1-$S$89),0) -> 0 | W36: =P36*F36 -> 0 | X36: =T36*G36 -> 0 | Y36: =(W36+X36)/$W$86 -> #DIV/0! | Z36: =SUM(Y36:Y43) -> #DIV/0!
B37: Residencial Padrão D - Área constr 150,01 a 200 m² | C37: 0.01 | D37: 10 | E37: 1.9392 | F37: =$F$13*E37 -> 0 | G37: =F37*$G$85 -> 0 | I37: =C37 -> 0.01 | J37: =D37 -> 10 | R37: =ROUND(K37*L37*$P$36*(1-$S$89),0) -> 0 | V37: =ROUND(M37*N37*$T$36*(1-$S$89),0) -> 0 | W37: =ROUND(L37*P36*K37*F37,2) -> 0 | X37: =ROUND(N37*T36*M37*G37,2) -> 0 | Y37: =(W37+X37)/$W$86 -> #DIV/0!
C38: 10.01 | D38: 15 | E38: 2.71488 | F38: =$F$13*E38 -> 0 | G38: =F38*$G$85 -> 0 | I38: =C38 -> 10.01 | J38: =D38 -> 15 | R38: =ROUND(K38*L38*$P$36*(1-$S$89),0) -> 0 | V38: =ROUND(M38*N38*$T$36*(1-$S$89),0) -> 0 | W38: =ROUND(L38*P36*(J37*F37+(K38-J37)*F38),2) -> 0 | X38: =ROUND(N38*T36*(J37*G37+(M38-J37)*G38),2) -> 0 | Y38: =(W38+X38)/$W$86 -> #DIV/0!
C39: 15.01 | D39: 20 | E39: 3.49056 | F39: =$F$13*E39 -> 0 | G39: =F39*$G$85 -> 0 | I39: =C39 -> 15.01 | J39: =D39 -> 20 | R39: =ROUND(K39*L39*$P$36*(1-$S$89),0) -> 0 | V39: =ROUND(M39*N39*$T$36*(1-$S$89),0) -> 0 | W39: =ROUND(L39*P36*(J37*F37+(J38-J37)*F38+(K39-J38)*F39),2) -> 0 | X39: =ROUND(N39*T36*(J37*G37+(J38-J37)*G38+(M39-J38)*G39),2) -> 0 | Y39: =(W39+X39)/$W$86 -> #DIV/0!
C40: 20.01 | D40: 30 | E40: 4.26624 | F40: =$F$13*E40 -> 0 | G40: =F40*$G$85 -> 0 | I40: =C40 -> 20.01 | J40: =D40 -> 30 | R40: =ROUND(K40*L40*$P$36*(1-$S$89),0) -> 0 | V40: =ROUND(M40*N40*$T$36*(1-$S$89),0) -> 0 | W40: =ROUND(L40*P36*(J37*F37+(J38-J37)*F38+(J39-J38)*F39+(K40-J39)*F40),2) -> 0 | X40: =ROUND(N40*T36*(J37*G37+(J38-J37)*G38+(J39-J38)*G39+(M40-J39)*G40),2) -> 0 | Y40: =(W40+X40)/$W$86 -> #DIV/0!
C41: 30.01 | D41: 50 | E41: 5.42976 | F41: =$F$13*E41 -> 0 | G41: =F41*$G$85 -> 0 | I41: =C41 -> 30.01 | J41: =D41 -> 50 | R41: =ROUND(K41*L41*$P$36*(1-$S$89),0) -> 0 | V41: =ROUND(M41*N41*$T$36*(1-$S$89),0) -> 0 | W41: =ROUND(L41*P36*(J37*F37+(J38-J37)*F38+(J39-J38)*F39+(J40-J39)*F40+(K41-J40)*F41),2) -> 0 | X41: =ROUND(N41*T36*(10*G37+(J38-J37)*G38+(J39-J38)*G39+(J40-J39)*G40+(M41-J40)*G41),2) -> 0 | Y41: =(W41+X41)/$W$86 -> #DIV/0!
C42: 50.01 | D42: 100 | E42: 6.98112 | F42: =$F$13*E42 -> 0 | G42: =F42*$G$85 -> 0 | I42: =C42 -> 50.01 | J42: =D42 -> 100 | R42: =ROUND(K42*L42*$P$36*(1-$S$89),0) -> 0 | V42: =ROUND(M42*N42*$T$36*(1-$S$89),0) -> 0 | W42: =ROUND(L42*P36*(J37*F37+(J38-J37)*F38+(J39-J38)*F39+(J40-J39)*F40+(J41-J40)*F41+(K42-J41)*F42),2) -> 0 | X42: =ROUND(N42*T36*(J37*G37+(J38-J37)*G38+(J39-J38)*G39+(J40-J39)*G40+(J41-J40)*G41+(M42-J41)*G42),2) -> 0 | Y42: =(W42+X42)/$W$86 -> #DIV/0!
C43: > 100 | E43: 9.30816 | F43: =$F$13*E43 -> 0 | G43: =F43*$G$85 -> 0 | I43: > 100 | R43: =ROUND(K43*L43*$P$36*(1-$S$89),0) -> 0 | V43: =ROUND(M43*N43*$T$36*(1-$S$89),0) -> 0 | W43: =ROUND(L43*P36*(J37*F37+(J38-J37)*F38+(J39-J38)*F39+(J40-J39)*F40+(J41-J40)*F41+(J42-J41)*F42+(K43-J42)*F43),2) -> 0 | X43: =ROUND(N43*T36*(J37*G37+(J38-J37)*G38+(J39-J38)*G39+(J40-J39)*G40+(J41-J40)*G41+(J42-J41)*G42+(M43-J42)*G43),2) -> 0 | Y43: =(W43+X43)/$W$86 -> #DIV/0!
C44: TBO | D44: TBO | E44: 7 | F44: =$F$13*E44 -> 0 | G44: =F44*$G$85 -> 0 | I44: =C44 -> TBO | J44: =D44 -> TBO | P44: =ROUND(O44*$L$88,0) -> 0 | Q44: =ROUND(P44/$P$88,0) -> #DIV/0! | R44: =ROUND(K44*L44*$P$44,0) -> 0 | S44: =O44 -> 0 | T44: =ROUND(S44*$L$89,0) -> 0 | U44: =ROUND(T44/$P$89,0) -> #DIV/0! | V44: =ROUND(M44*N44*$T$44*(1-$S$89),0) -> 0 | W44: =P44*F44 -> 0 | X44: =T44*G44 -> 0 | Y44: =(W44+X44)/$W$86 -> #DIV/0! | Z44: =SUM(Y44:Y51) -> #DIV/0!
B45: Residencial Padrão E - Área constr. acima de 200,01 m² | C45: 0.01 | D45: 10 | E45: 2.4 | F45: =$F$13*E45 -> 0 | G45: =F45*$G$85 -> 0 | I45: =C45 -> 0.01 | J45: =D45 -> 10 | R45: =ROUND(K45*L45*$P$44*(1-$S$89),0) -> 0 | V45: =ROUND(M45*N45*$T$44*(1-$S$89),0) -> 0 | W45: =ROUND(L45*P44*K45*F45,2) -> 0 | X45: =ROUND(N45*T44*M45*G45,2) -> 0 | Y45: =(W45+X45)/$W$86 -> #DIV/0!
C46: 10.01 | D46: 15 | E46: 3.36 | F46: =$F$13*E46 -> 0 | G46: =F46*$G$85 -> 0 | I46: =C46 -> 10.01 | J46: =D46 -> 15 | R46: =ROUND(K46*L46*$P$44*(1-$S$89),0) -> 0 | V46: =ROUND(M46*N46*$T$44*(1-$S$89),0) -> 0 | W46: =ROUND(L46*P44*(J45*F45+(K46-J45)*F46),2) -> 0 | X46: =ROUND(N46*T44*(J45*G45+(M46-J45)*G46),2) -> 0 | Y46: =(W46+X46)/$W$86 -> #DIV/0!
C47: 15.01 | D47: 20 | E47: 4.32 | F47: =$F$13*E47 -> 0 | G47: =F47*$G$85 -> 0 | I47: =C47 -> 15.01 | J47: =D47 -> 20 | R47: =ROUND(K47*L47*$P$44*(1-$S$89),0) -> 0 | V47: =ROUND(M47*N47*$T$44*(1-$S$89),0) -> 0 | W47: =ROUND(L47*P44*(J45*F45+(J46-J45)*F46+(K47-J46)*F47),2) -> 0 | X47: =ROUND(N47*T44*(J45*G45+(J46-J45)*G46+(M47-J46)*G47),2) -> 0 | Y47: =(W47+X47)/$W$86 -> #DIV/0!
C48: 20.01 | D48: 30 | E48: 5.28 | F48: =$F$13*E48 -> 0 | G48: =F48*$G$85 -> 0 | I48: =C48 -> 20.01 | J48: =D48 -> 30 | R48: =ROUND(K48*L48*$P$44*(1-$S$89),0) -> 0 | V48: =ROUND(M48*N48*$T$44*(1-$S$89),0) -> 0 | W48: =ROUND(L48*P44*(J45*F45+(J46-J45)*F46+(J47-J46)*F47+(K48-J47)*F48),2) -> 0 | X48: =ROUND(N48*T44*(J45*G45+(J46-J45)*G46+(J47-J46)*G47+(M48-J47)*G48),2) -> 0 | Y48: =(W48+X48)/$W$86 -> #DIV/0!
C49: 30.01 | D49: 50 | E49: 6.72 | F49: =$F$13*E49 -> 0 | G49: =F49*$G$85 -> 0 | I49: =C49 -> 30.01 | J49: =D49 -> 50 | R49: =ROUND(K49*L49*$P$44*(1-$S$89),0) -> 0 | V49: =ROUND(M49*N49*$T$44*(1-$S$89),0) -> 0 | W49: =ROUND(L49*P44*(J45*F45+(J46-J45)*F46+(J47-J46)*F47+(J48-J47)*F48+(K49-J48)*F49),2) -> 0 | X49: =ROUND(N49*T44*(10*G45+(J46-J45)*G46+(J47-J46)*G47+(J48-J47)*G48+(M49-J48)*G49),2) -> 0 | Y49: =(W49+X49)/$W$86 -> #DIV/0!
C50: 50.01 | D50: 100 | E50: 8.64 | F50: =$F$13*E50 -> 0 | G50: =F50*$G$85 -> 0 | I50: =C50 -> 50.01 | J50: =D50 -> 100 | R50: =ROUND(K50*L50*$P$44*(1-$S$89),0) -> 0 | V50: =ROUND(M50*N50*$T$44*(1-$S$89),0) -> 0 | W50: =ROUND(L50*P44*(J45*F45+(J46-J45)*F46+(J47-J46)*F47+(J48-J47)*F48+(J49-J48)*F49+(K50-J49)*F50),2) -> 0 | X50: =ROUND(N50*T44*(J45*G45+(J46-J45)*G46+(J47-J46)*G47+(J48-J47)*G48+(J49-J48)*G49+(M50-J49)*G50),2) -> 0 | Y50: =(W50+X50)/$W$86 -> #DIV/0!
C51: > 100 | E51: 11.52 | F51: =$F$13*E51 -> 0 | G51: =F51*$G$85 -> 0 | I51: > 100 | R51: =ROUND(K51*L51*$P$44*(1-$S$89),0) -> 0 | V51: =ROUND(M51*N51*$T$44*(1-$S$89),0) -> 0 | W51: =ROUND(L51*P44*(J45*F45+(J46-J45)*F46+(J47-J46)*F47+(J48-J47)*F48+(J49-J48)*F49+(J50-J49)*F50+(K51-J50)*F51),2) -> 0 | X51: =ROUND(N51*T44*(J45*G45+(J46-J45)*G46+(J47-J46)*G47+(J48-J47)*G48+(J49-J48)*G49+(J50-J49)*G50+(M51-J50)*G51),2) -> 0 | Y51: =(W51+X51)/$W$86 -> #DIV/0!
C52: TBO | D52: TBO | E52: 8 | F52: =$F$13*E52 -> 0 | G52: =F52*$G$85 -> 0 | I52: =C52 -> TBO | J52: =D52 -> TBO | P52: =ROUND(O52*$L$88,0) -> 0 | Q52: =ROUND(P52/$P$88,0) -> #DIV/0! | R52: =ROUND(K52*L52*$P$52,0) -> 0 | S52: =O52 -> 0 | T52: =ROUND(S52*$L$89,0) -> 0 | U52: =ROUND(T52/$P$89,0) -> #DIV/0! | V52: =ROUND(M52*N52*$T$52*(1-$S$89),0) -> 0 | W52: =P52*F52 -> 0 | X52: =T52*G52 -> 0 | Y52: =(W52+X52)/$W$86 -> #DIV/0! | Z52: =SUM(Y52:Y59) -> #DIV/0!
B53: Comercial | C53: 0.01 | D53: 10 | E53: 2.4 | F53: =$F$13*E53 -> 0 | G53: =F53*$G$85 -> 0 | I53: =C53 -> 0.01 | J53: =D53 -> 10 | R53: =ROUND(K53*L53*$P$52*(1-$S$89),0) -> 0 | V53: =ROUND(M53*N53*$T$52*(1-$S$89),0) -> 0 | W53: =ROUND(L53*P52*K53*F53,2) -> 0 | X53: =ROUND(N53*T52*M53*G53,2) -> 0 | Y53: =(W53+X53)/$W$86 -> #DIV/0!
C54: 10.01 | D54: 15 | E54: 3.36 | F54: =$F$13*E54 -> 0 | G54: =F54*$G$85 -> 0 | I54: =C54 -> 10.01 | J54: =D54 -> 15 | R54: =ROUND(K54*L54*$P$52*(1-$S$89),0) -> 0 | V54: =ROUND(M54*N54*$T$52*(1-$S$89),0) -> 0 | W54: =ROUND(L54*P52*(J53*F53+(K54-J53)*F54),2) -> 0 | X54: =ROUND(N54*T52*(J53*G53+(M54-J53)*G54),2) -> 0 | Y54: =(W54+X54)/$W$86 -> #DIV/0!
C55: 15.01 | D55: 20 | E55: 4.32 | F55: =$F$13*E55 -> 0 | G55: =F55*$G$85 -> 0 | I55: =C55 -> 15.01 | J55: =D55 -> 20 | R55: =ROUND(K55*L55*$P$52*(1-$S$89),0) -> 0 | V55: =ROUND(M55*N55*$T$52*(1-$S$89),0) -> 0 | W55: =ROUND(L55*P52*(J53*F53+(J54-J53)*F54+(K55-J54)*F55),2) -> 0 | X55: =ROUND(N55*T52*(J53*G53+(J54-J53)*G54+(M55-J54)*G55),2) -> 0 | Y55: =(W55+X55)/$W$86 -> #DIV/0!
C56: 20.01 | D56: 30 | E56: 5.28 | F56: =$F$13*E56 -> 0 | G56: =F56*$G$85 -> 0 | I56: =C56 -> 20.01 | J56: =D56 -> 30 | R56: =ROUND(K56*L56*$P$52*(1-$S$89),0) -> 0 | V56: =ROUND(M56*N56*$T$52*(1-$S$89),0) -> 0 | W56: =ROUND(L56*P52*(J53*F53+(J54-J53)*F54+(J55-J54)*F55+(K56-J55)*F56),2) -> 0 | X56: =ROUND(N56*T52*(J53*G53+(J54-J53)*G54+(J55-J54)*G55+(M56-J55)*G56),2) -> 0 | Y56: =(W56+X56)/$W$86 -> #DIV/0!
C57: 30.01 | D57: 50 | E57: 6.72 | F57: =$F$13*E57 -> 0 | G57: =F57*$G$85 -> 0 | I57: =C57 -> 30.01 | J57: =D57 -> 50 | R57: =ROUND(K57*L57*$P$52*(1-$S$89),0) -> 0 | V57: =ROUND(M57*N57*$T$52*(1-$S$89),0) -> 0 | W57: =ROUND(L57*P52*(J53*F53+(J54-J53)*F54+(J55-J54)*F55+(J56-J55)*F56+(K57-J56)*F57),2) -> 0 | X57: =ROUND(N57*T52*(10*G53+(J54-J53)*G54+(J55-J54)*G55+(J56-J55)*G56+(M57-J56)*G57),2) -> 0 | Y57: =(W57+X57)/$W$86 -> #DIV/0!
C58: 50.01 | D58: 100 | E58: 8.64 | F58: =$F$13*E58 -> 0 | G58: =F58*$G$85 -> 0 | I58: =C58 -> 50.01 | J58: =D58 -> 100 | R58: =ROUND(K58*L58*$P$52*(1-$S$89),0) -> 0 | V58: =ROUND(M58*N58*$T$52*(1-$S$89),0) -> 0 | W58: =ROUND(L58*P52*(J53*F53+(J54-J53)*F54+(J55-J54)*F55+(J56-J55)*F56+(J57-J56)*F57+(K58-J57)*F58),2) -> 0 | X58: =ROUND(N58*T52*(J53*G53+(J54-J53)*G54+(J55-J54)*G55+(J56-J55)*G56+(J57-J56)*G57+(M58-J57)*G58),2) -> 0 | Y58: =(W58+X58)/$W$86 -> #DIV/0!
C59: > 100 | E59: 11.52 | F59: =$F$13*E59 -> 0 | G59: =F59*$G$85 -> 0 | I59: > 100 | R59: =ROUND(K59*L59*$P$52*(1-$S$89),0) -> 0 | V59: =ROUND(M59*N59*$T$52*(1-$S$89),0) -> 0 | W59: =ROUND(L59*P52*(J53*F53+(J54-J53)*F54+(J55-J54)*F55+(J56-J55)*F56+(J57-J56)*F57+(J58-J57)*F58+(K59-J58)*F59),2) -> 0 | X59: =ROUND(N59*T52*(J53*G53+(J54-J53)*G54+(J55-J54)*G55+(J56-J55)*G56+(J57-J56)*G57+(J58-J57)*G58+(M59-J58)*G59),2) -> 0 | Y59: =(W59+X59)/$W$86 -> #DIV/0!
C60: TBO | D60: TBO | E60: 8 | F60: =$F$13*E60 -> 0 | G60: =F60*$G$85 -> 0 | I60: =C60 -> TBO | J60: =D60 -> TBO | P60: =ROUND(O60*$L$88,0) -> 0 | Q60: =ROUND(P60/$P$88,0) -> #DIV/0! | R60: =ROUND(K60*L60*$P$60,0) -> 0 | S60: =O60 -> 0 | T60: =ROUND(S60*$L$89,0) -> 0 | U60: =ROUND(T60/$P$89,0) -> #DIV/0! | V60: =ROUND(M60*N60*$T$60*(1-$S$89),0) -> 0 | W60: =P60*F60 -> 0 | X60: =T60*G60 -> 0 | Y60: =(W60+X60)/$W$86 -> #DIV/0! | Z60: =SUM(Y60:Y67) -> #DIV/0!
B61: Industrial | C61: 0.01 | D61: 10 | E61: 2.4 | F61: =$F$13*E61 -> 0 | G61: =F61*$G$85 -> 0 | I61: =C61 -> 0.01 | J61: =D61 -> 10 | R61: =ROUND(K61*L61*$P$60*(1-$S$89),0) -> 0 | V61: =ROUND(M61*N61*$T$60*(1-$S$89),0) -> 0 | W61: =ROUND(L61*P60*K61*F61,2) -> 0 | X61: =ROUND(N61*T60*M61*G61,2) -> 0 | Y61: =(W61+X61)/$W$86 -> #DIV/0!
C62: 10.01 | D62: 15 | E62: 3.36 | F62: =$F$13*E62 -> 0 | G62: =F62*$G$85 -> 0 | I62: =C62 -> 10.01 | J62: =D62 -> 15 | R62: =ROUND(K62*L62*$P$60*(1-$S$89),0) -> 0 | V62: =ROUND(M62*N62*$T$60*(1-$S$89),0) -> 0 | W62: =ROUND(L62*P60*(J61*F61+(K62-J61)*F62),2) -> 0 | X62: =ROUND(N62*T60*(J61*G61+(M62-J61)*G62),2) -> 0 | Y62: =(W62+X62)/$W$86 -> #DIV/0!
C63: 15.01 | D63: 20 | E63: 4.32 | F63: =$F$13*E63 -> 0 | G63: =F63*$G$85 -> 0 | I63: =C63 -> 15.01 | J63: =D63 -> 20 | R63: =ROUND(K63*L63*$P$60*(1-$S$89),0) -> 0 | V63: =ROUND(M63*N63*$T$60*(1-$S$89),0) -> 0 | W63: =ROUND(L63*P60*(J61*F61+(J62-J61)*F62+(K63-J62)*F63),2) -> 0 | X63: =ROUND(N63*T60*(J61*G61+(J62-J61)*G62+(M63-J62)*G63),2) -> 0 | Y63: =(W63+X63)/$W$86 -> #DIV/0!
C64: 20.01 | D64: 30 | E64: 5.28 | F64: =$F$13*E64 -> 0 | G64: =F64*$G$85 -> 0 | I64: =C64 -> 20.01 | J64: =D64 -> 30 | R64: =ROUND(K64*L64*$P$60*(1-$S$89),0) -> 0 | V64: =ROUND(M64*N64*$T$60*(1-$S$89),0) -> 0 | W64: =ROUND(L64*P60*(J61*F61+(J62-J61)*F62+(J63-J62)*F63+(K64-J63)*F64),2) -> 0 | X64: =ROUND(N64*T60*(J61*G61+(J62-J61)*G62+(J63-J62)*G63+(M64-J63)*G64),2) -> 0 | Y64: =(W64+X64)/$W$86 -> #DIV/0!
C65: 30.01 | D65: 50 | E65: 6.72 | F65: =$F$13*E65 -> 0 | G65: =F65*$G$85 -> 0 | I65: =C65 -> 30.01 | J65: =D65 -> 50 | R65: =ROUND(K65*L65*$P$60*(1-$S$89),0) -> 0 | V65: =ROUND(M65*N65*$T$60*(1-$S$89),0) -> 0 | W65: =ROUND(L65*P60*(J61*F61+(J62-J61)*F62+(J63-J62)*F63+(J64-J63)*F64+(K65-J64)*F65),2) -> 0 | X65: =ROUND(N65*T60*(10*G61+(J62-J61)*G62+(J63-J62)*G63+(J64-J63)*G64+(M65-J64)*G65),2) -> 0 | Y65: =(W65+X65)/$W$86 -> #DIV/0!
C66: 50.01 | D66: 100 | E66: 8.64 | F66: =$F$13*E66 -> 0 | G66: =F66*$G$85 -> 0 | I66: =C66 -> 50.01 | J66: =D66 -> 100 | R66: =ROUND(K66*L66*$P$60*(1-$S$89),0) -> 0 | V66: =ROUND(M66*N66*$T$60*(1-$S$89),0) -> 0 | W66: =ROUND(L66*P60*(J61*F61+(J62-J61)*F62+(J63-J62)*F63+(J64-J63)*F64+(J65-J64)*F65+(K66-J65)*F66),2) -> 0 | X66: =ROUND(N66*T60*(J61*G61+(J62-J61)*G62+(J63-J62)*G63+(J64-J63)*G64+(J65-J64)*G65+(M66-J65)*G66),2) -> 0 | Y66: =(W66+X66)/$W$86 -> #DIV/0!
C67: > 100 | E67: 11.52 | F67: =$F$13*E67 -> 0 | G67: =F67*$G$85 -> 0 | I67: > 100 | R67: =ROUND(K67*L67*$P$60*(1-$S$89),0) -> 0 | V67: =ROUND(M67*N67*$T$60*(1-$S$89),0) -> 0 | W67: =ROUND(L67*P60*(J61*F61+(J62-J61)*F62+(J63-J62)*F63+(J64-J63)*F64+(J65-J64)*F65+(J66-J65)*F66+(K67-J66)*F67),2) -> 0 | X67: =ROUND(N67*T60*(J61*G61+(J62-J61)*G62+(J63-J62)*G63+(J64-J63)*G64+(J65-J64)*G65+(J66-J65)*G66+(M67-J66)*G67),2) -> 0 | Y67: =(W67+X67)/$W$86 -> #DIV/0!
C68: TBO | D68: TBO | E68: 6 | F68: =$F$13*E68 -> 0 | G68: =F68*$G$85 -> 0 | I68: =C68 -> TBO | J68: =D68 -> TBO | P68: =ROUND(O68*$L$88,0) -> 0 | Q68: =ROUND(P68/$P$88,0) -> #DIV/0! | R68: =ROUND(K68*L68*$P$68,0) -> 0 | S68: =O68 -> 0 | T68: =ROUND(S68*$L$89,0) -> 0 | U68: =ROUND(T68/$P$89,0) -> #DIV/0! | V68: =ROUND(M68*N68*$T$68*(1-$S$89),0) -> 0 | W68: =P68*F68 -> 0 | X68: =T68*G68 -> 0 | Y68: =(W68+X68)/$W$86 -> #DIV/0! | Z68: =SUM(Y68:Y75) -> #DIV/0!
B69: Pública | C69: 0.01 | D69: 10 | E69: 1.452 | F69: =$F$13*E69 -> 0 | G69: =F69*$G$85 -> 0 | I69: =C69 -> 0.01 | J69: =D69 -> 10 | R69: =ROUND(K69*L69*$P$68*(1-$S$89),0) -> 0 | V69: =ROUND(M69*N69*$T$68*(1-$S$89),0) -> 0 | W69: =ROUND(L69*P68*K69*F69,2) -> 0 | X69: =ROUND(N69*T68*M69*G69,2) -> 0 | Y69: =(W69+X69)/$W$86 -> #DIV/0!
C70: 10.01 | D70: 15 | E70: 2.0328 | F70: =$F$13*E70 -> 0 | G70: =F70*$G$85 -> 0 | I70: =C70 -> 10.01 | J70: =D70 -> 15 | R70: =ROUND(K70*L70*$P$68*(1-$S$89),0) -> 0 | V70: =ROUND(M70*N70*$T$68*(1-$S$89),0) -> 0 | W70: =ROUND(L70*P68*(J69*F69+(K70-J69)*F70),2) -> 0 | X70: =ROUND(N70*T68*(J69*G69+(M70-J69)*G70),2) -> 0 | Y70: =(W70+X70)/$W$86 -> #DIV/0!
C71: 15.01 | D71: 20 | E71: 2.6136 | F71: =$F$13*E71 -> 0 | G71: =F71*$G$85 -> 0 | I71: =C71 -> 15.01 | J71: =D71 -> 20 | R71: =ROUND(K71*L71*$P$68*(1-$S$89),0) -> 0 | V71: =ROUND(M71*N71*$T$68*(1-$S$89),0) -> 0 | W71: =ROUND(L71*P68*(J69*F69+(J70-J69)*F70+(K71-J70)*F71),2) -> 0 | X71: =ROUND(N71*T68*(J69*G69+(J70-J69)*G70+(M71-J70)*G71),2) -> 0 | Y71: =(W71+X71)/$W$86 -> #DIV/0!
C72: 20.01 | D72: 30 | E72: 3.1944 | F72: =$F$13*E72 -> 0 | G72: =F72*$G$85 -> 0 | I72: =C72 -> 20.01 | J72: =D72 -> 30 | R72: =ROUND(K72*L72*$P$68*(1-$S$89),0) -> 0 | V72: =ROUND(M72*N72*$T$68*(1-$S$89),0) -> 0 | W72: =ROUND(L72*P68*(J69*F69+(J70-J69)*F70+(J71-J70)*F71+(K72-J71)*F72),2) -> 0 | X72: =ROUND(N72*T68*(J69*G69+(J70-J69)*G70+(J71-J70)*G71+(M72-J71)*G72),2) -> 0 | Y72: =(W72+X72)/$W$86 -> #DIV/0!
C73: 30.01 | D73: 50 | E73: 4.0656 | F73: =$F$13*E73 -> 0 | G73: =F73*$G$85 -> 0 | I73: =C73 -> 30.01 | J73: =D73 -> 50 | R73: =ROUND(K73*L73*$P$68*(1-$S$89),0) -> 0 | V73: =ROUND(M73*N73*$T$68*(1-$S$89),0) -> 0 | W73: =ROUND(L73*P68*(J69*F69+(J70-J69)*F70+(J71-J70)*F71+(J72-J71)*F72+(K73-J72)*F73),2) -> 0 | X73: =ROUND(N73*T68*(10*G69+(J70-J69)*G70+(J71-J70)*G71+(J72-J71)*G72+(M73-J72)*G73),2) -> 0 | Y73: =(W73+X73)/$W$86 -> #DIV/0!
C74: 50.01 | D74: 100 | E74: 5.2272 | F74: =$F$13*E74 -> 0 | G74: =F74*$G$85 -> 0 | I74: =C74 -> 50.01 | J74: =D74 -> 100 | R74: =ROUND(K74*L74*$P$68*(1-$S$89),0) -> 0 | V74: =ROUND(M74*N74*$T$68*(1-$S$89),0) -> 0 | W74: =ROUND(L74*P68*(J69*F69+(J70-J69)*F70+(J71-J70)*F71+(J72-J71)*F72+(J73-J72)*F73+(K74-J73)*F74),2) -> 0 | X74: =ROUND(N74*T68*(J69*G69+(J70-J69)*G70+(J71-J70)*G71+(J72-J71)*G72+(J73-J72)*G73+(M74-J73)*G74),2) -> 0 | Y74: =(W74+X74)/$W$86 -> #DIV/0!
C75: > 100 | E75: 6.9696 | F75: =$F$13*E75 -> 0 | G75: =F75*$G$85 -> 0 | I75: > 100 | R75: =ROUND(K75*L75*$P$68*(1-$S$89),0) -> 0 | V75: =ROUND(M75*N75*$T$68*(1-$S$89),0) -> 0 | W75: =ROUND(L75*P68*(J69*F69+(J70-J69)*F70+(J71-J70)*F71+(J72-J71)*F72+(J73-J72)*F73+(J74-J73)*F74+(K75-J74)*F75),2) -> 0 | X75: =ROUND(N75*T68*(J69*G69+(J70-J69)*G70+(J71-J70)*G71+(J72-J71)*G72+(J73-J72)*G73+(J74-J73)*G74+(M75-J74)*G75),2) -> 0 | Y75: =(W75+X75)/$W$86 -> #DIV/0!
C76: TBO | D76: TBO | E76: 6 | F76: =$F$13*E76 -> 0 | G76: =F76*$G$85 -> 0 | I76: =C76 -> TBO | J76: =D76 -> TBO | P76: =ROUND(O76*$L$88,0) -> 0 | Q76: =ROUND(P76/$P$88,0) -> #DIV/0! | R76: =ROUND(K76*L76*$P$76,0) -> 0 | S76: =O76 -> 0 | T76: =ROUND(S76*$L$89,0) -> 0 | U76: =ROUND(T76/$P$89,0) -> #DIV/0! | V76: =ROUND(M76*N76*$T$76*(1-$S$89),0) -> 0 | W76: =P76*F76 -> 0 | X76: =T76*G76 -> 0 | Y76: =(W76+X76)/$W$86 -> #DIV/0! | Z76: =SUM(Y76:Y83) -> #DIV/0!
B77: Especial | C77: 0.01 | D77: 10 | E77: 1.4524806 | F77: =$F$13*E77 -> 0 | G77: =F77*$G$85 -> 0 | I77: =C77 -> 0.01 | J77: =D77 -> 10 | R77: =ROUND(K77*L77*$P$76*(1-$S$89),0) -> 0 | V77: =ROUND(M77*N77*$T$76*(1-$S$89),0) -> 0 | W77: =ROUND(L77*P76*K77*F77,2) -> 0 | X77: =ROUND(N77*T76*M77*G77,2) -> 0 | Y77: =(W77+X77)/$W$86 -> #DIV/0!
C78: 10.01 | D78: 15 | E78: 2.0334728 | F78: =$F$13*E78 -> 0 | G78: =F78*$G$85 -> 0 | I78: =C78 -> 10.01 | J78: =D78 -> 15 | R78: =ROUND(K78*L78*$P$76*(1-$S$89),0) -> 0 | V78: =ROUND(M78*N78*$T$76*(1-$S$89),0) -> 0 | W78: =ROUND(L78*P76*(J77*F77+(K78-J77)*F78),2) -> 0 | X78: =ROUND(N78*T76*(J77*G77+(M78-J77)*G78),2) -> 0 | Y78: =(W78+X78)/$W$86 -> #DIV/0!
C79: 15.01 | D79: 20 | E79: 2.614465 | F79: =$F$13*E79 -> 0 | G79: =F79*$G$85 -> 0 | I79: =C79 -> 15.01 | J79: =D79 -> 20 | R79: =ROUND(K79*L79*$P$76*(1-$S$89),0) -> 0 | V79: =ROUND(M79*N79*$T$76*(1-$S$89),0) -> 0 | W79: =ROUND(L79*P76*(J77*F77+(J78-J77)*F78+(K79-J78)*F79),2) -> 0 | X79: =ROUND(N79*T76*(J77*G77+(J78-J77)*G78+(M79-J78)*G79),2) -> 0 | Y79: =(W79+X79)/$W$86 -> #DIV/0!
C80: 20.01 | D80: 30 | E80: 3.1954573 | F80: =$F$13*E80 -> 0 | G80: =F80*$G$85 -> 0 | I80: =C80 -> 20.01 | J80: =D80 -> 30 | R80: =ROUND(K80*L80*$P$76*(1-$S$89),0) -> 0 | V80: =ROUND(M80*N80*$T$76*(1-$S$89),0) -> 0 | W80: =ROUND(L80*P76*(J77*F77+(J78-J77)*F78+(J79-J78)*F79+(K80-J79)*F80),2) -> 0 | X80: =ROUND(N80*T76*(J77*G77+(J78-J77)*G78+(J79-J78)*G79+(M80-J79)*G80),2) -> 0 | Y80: =(W80+X80)/$W$86 -> #DIV/0!
C81: 30.01 | D81: 50 | E81: 4.0669456 | F81: =$F$13*E81 -> 0 | G81: =F81*$G$85 -> 0 | I81: =C81 -> 30.01 | J81: =D81 -> 50 | R81: =ROUND(K81*L81*$P$76*(1-$S$89),0) -> 0 | V81: =ROUND(M81*N81*$T$76*(1-$S$89),0) -> 0 | W81: =ROUND(L81*P76*(J77*F77+(J78-J77)*F78+(J79-J78)*F79+(J80-J79)*F80+(K81-J80)*F81),2) -> 0 | X81: =ROUND(N81*T76*(10*G77+(J78-J77)*G78+(J79-J78)*G79+(J80-J79)*G80+(M81-J80)*G81),2) -> 0 | Y81: =(W81+X81)/$W$86 -> #DIV/0!
C82: 50.01 | D82: 100 | E82: 5.2289301 | F82: =$F$13*E82 -> 0 | G82: =F82*$G$85 -> 0 | I82: =C82 -> 50.01 | J82: =D82 -> 100 | R82: =ROUND(K82*L82*$P$76*(1-$S$89),0) -> 0 | V82: =ROUND(M82*N82*$T$76*(1-$S$89),0) -> 0 | W82: =ROUND(L82*P76*(J77*F77+(J78-J77)*F78+(J79-J78)*F79+(J80-J79)*F80+(J81-J80)*F81+(K82-J81)*F82),2) -> 0 | X82: =ROUND(N82*T76*(J77*G77+(J78-J77)*G78+(J79-J78)*G79+(J80-J79)*G80+(J81-J80)*G81+(M82-J81)*G82),2) -> 0 | Y82: =(W82+X82)/$W$86 -> #DIV/0!
C83: > 100 | E83: 6.9719068 | F83: =$F$13*E83 -> 0 | G83: =F83*$G$85 -> 0 | I83: > 100 | R83: =ROUND(K83*L83*$P$76*(1-$S$89),0) -> 0 | V83: =ROUND(M83*N83*$T$76*(1-$S$89),0) -> 0 | W83: =ROUND(L83*P76*(J77*F77+(J78-J77)*F78+(J79-J78)*F79+(J80-J79)*F80+(J81-J80)*F81+(J82-J81)*F82+(K83-J82)*F83),2) -> 0 | X83: =ROUND(N83*T76*(J77*G77+(J78-J77)*G78+(J79-J78)*G79+(J80-J79)*G80+(J81-J80)*G81+(J82-J81)*G82+(M83-J82)*G83),2) -> 0 | Y83: =(W83+X83)/$W$86 -> #DIV/0!
I84: Totais | O84: =SUM(O4:O83) -> 0 | P84: =SUM(P4:P83) -> 0 | Q84: =SUM(Q4:Q83) -> #DIV/0! | R84: =SUM(R5:R83) -> 0 | S84: =SUM(S4:S83) -> 0 | T84: =SUM(T4:T83) -> 0 | U84: =SUM(U4:U83) -> #DIV/0! | V84: =SUM(V4:V83) -> 0 | W84: =ROUND(SUM(W4:W83),2) -> 0 | X84: =ROUND(SUM(X4:X83),2) -> 0 | Y84: =SUM(Y4:Y83) -> #DIV/0! | Z84: =SUM(Z4:Z83) -> #DIV/0!
B85: Relação entre a Tarifa E/A | G85: 1 | W85: Faturamento mensal bruto | Y85: Faturamento anual
W86: =W84+X84 -> 0 | Y86: =W86*12 -> 0
I88: Economias Ativas de Agua | L88: ='Base Física'!T48 -> 0 | M88: Densidade de Econ por Lig. Agua | P88: ='Base Física'!T48/'Base Física'!T52 -> #DIV/0! | Q88: Perdas Aparentes | S88: ='Base Física'!T42 -> 0 | X88: Tarifa | Y88: Água | Z88: Esgoto
I89: Economias Ativas de Esgoto | L89: ='Base Física'!T49 -> 0 | M89: Densidade de Econ por Lig Esgoto | P89: ='Base Física'!T49/'Base Física'!T53 -> #DIV/0! | Q89: Perdas Aparentes | S89: =S88 -> 0 | X89: Média | Y89: =ROUND(W84/R84,2) -> #DIV/0! | Z89: =ROUND(X84/V84,2) -> #DIV/0!
X90: Média A+E | Y90: =(Y89+Z89)/(1+G85) -> #DIV/0!

Sheet Base Física
A1: Preenchimento | B1: ANO | C1: Unidade | D1: Base | E1: 0 | F1: =E1+1 -> 1 | G1: =F1+1 -> 2 | H1: =G1+1 -> 3 | I1: =H1+1 -> 4 | J1: =I1+1 -> 5 | K1: =J1+1 -> 6 | L1: =K1+1 -> 7 | M1: =L1+1 -> 8 | ... AN1: =AM1+1 -> 35
A2: Fórmulas | D2: ='FCD PROJETO'!D24 -> 2025 | E2: =D2+1 -> 2026 | F2: =E2+1 -> 2027 | G2: =F2+1 -> 2028 | H2: =G2+1 -> 2029 | I2: =H2+1 -> 2030 | J2: =I2+1 -> 2031 | K2: =J2+1 -> 2032 | L2: =K2+1 -> 2033 | ... AN2: =AM2+1 -> 2061
A3: NÂO ALTERAR | B3: População
B4: População Urbana Permanente | C4: hab. | D4: 45430.859 | E4: 46011.58
B6: Índice de atendimento
B7: Atendimento Água | C7: % | D7: 0.964 | E7: 0.964
B8: Atendimento Esgoto | C8: % | D8: 0 | E8: 0
B10: Extensão da rede de água | C10: m | D10: 289462.29 | E10: 296019.63
B11: Incremento anual rede de água | E11: =E10-D10 -> 6557.3365 | F11: =F10-E10 -> -296019.63 | G11: =G10-F10 -> 0 | H11: =H10-G10 -> 0 | I11: =I10-H10 -> 0 | J11: =J10-I10 -> 0 | K11: =K10-J10 -> 0 | L11: =L10-K10 -> 0 | ... AN11: =AN10-AM10 -> 0
B13: Extensão da rede de esgoto | C13: m | D13: 0 | E13: 0
B14: Incremento anual rede de esgoto | E14: =E13-D13 -> 0 | F14: =F13-E13 -> 0 | G14: =G13-F13 -> 0 | H14: =H13-G13 -> 0 | I14: =I13-H13 -> 0 | J14: =J13-I13 -> 0 | K14: =K13-J13 -> 0 | L14: =L13-K13 -> 0 | ... AN14: =AN13-AM13 -> 0
B16: População Atendida
B17: Água | C17: hab. | D17: =ROUND(D4*D7,0) -> 43795 | E17: =ROUND(E4*E7,0) -> 44355 | F17: =ROUND(F4*F7,0) -> 0 | G17: =ROUND(G4*G7,0) -> 0 | H17: =ROUND(H4*H7,0) -> 0 | I17: =ROUND(I4*I7,0) -> 0 | J17: =ROUND(J4*J7,0) -> 0 | K17: =ROUND(K4*K7,0) -> 0 | ... AN17: =ROUND(AN4*AN7,0) -> 0
B18: Esgoto | C18: hab. | D18: =ROUND(D4*D8,0) -> 0 | E18: =ROUND(E4*E8,0) -> 0 | F18: =ROUND(F4*F8,0) -> 0 | G18: =ROUND(G4*G8,0) -> 0 | H18: =ROUND(H4*H8,0) -> 0 | I18: =ROUND(I4*I8,0) -> 0 | J18: =ROUND(J4*J8,0) -> 0 | K18: =ROUND(K4*K8,0) -> 0 | ... AN18: =ROUND(AN4*AN8,0) -> 0
B20: Crescimento vegetativo da População
B21: Água | C21: hab. | E21: =ROUND(E4-D4,0) -> 581 | F21: =ROUND(F4-E4,0) -> -46012 | G21: =ROUND(G4-F4,0) -> 0 | H21: =ROUND(H4-G4,0) -> 0 | I21: =ROUND(I4-H4,0) -> 0 | J21: =ROUND(J4-I4,0) -> 0 | K21: =ROUND(K4-J4,0) -> 0 | L21: =ROUND(L4-K4,0) -> 0 | ... AN21: =ROUND(AN4-AM4,0) -> 0 | AO21: =SUM(F21:AN21) -> -46012
B22: Esgoto | C22: hab. | E22: =ROUND(E4-D4,0) -> 581 | F22: =ROUND(F4-E4,0) -> -46012 | G22: =ROUND(G4-F4,0) -> 0 | H22: =ROUND(H4-G4,0) -> 0 | I22: =ROUND(I4-H4,0) -> 0 | J22: =ROUND(J4-I4,0) -> 0 | K22: =ROUND(K4-J4,0) -> 0 | L22: =ROUND(L4-K4,0) -> 0 | ... AN22: =ROUND(AN4-AM4,0) -> 0 | AO22: =SUM(F22:AN22) -> -46012
B24: População sem atendimento
B25: Água | C25: hab. | D25: =ROUND(D4-D17,0) -> 1636 | E25: =E4-E17 -> 1656.5804 | F25: =F4-F17 -> 0 | G25: =G4-G17 -> 0 | H25: =H4-H17 -> 0 | I25: =I4-I17 -> 0 | J25: =J4-J17 -> 0 | K25: =K4-K17 -> 0 | L25: =L4-L17 -> 0 | ... AN25: =AN4-AN17 -> 0
B26: Esgoto | C26: hab. | D26: =ROUND(D4-D18,0) -> 45431 | E26: =E4-E18 -> 46011.58 | F26: =F4-F18 -> 0 | G26: =G4-G18 -> 0 | H26: =H4-H18 -> 0 | I26: =I4-I18 -> 0 | J26: =J4-J18 -> 0 | K26: =K4-K18 -> 0 | L26: =L4-L18 -> 0 | ... AN26: =AN4-AN18 -> 0
B28: Demanda Reprimida
B29: Água | C29: hab. | D29: =D4-D17 -> 1635.8592 | E29: =E4-E17 -> 1656.5804 | F29: =F4-F17 -> 0 | G29: =G4-G17 -> 0 | H29: =H4-H17 -> 0 | I29: =I4-I17 -> 0 | J29: =J4-J17 -> 0 | K29: =K4-K17 -> 0 | ... AN29: =AN4-AN17 -> 0
B30: Esgoto | C30: hab. | D30: =D4-D18 -> 45430.859 | E30: =E4-E18 -> 46011.58 | F30: =F4-F18 -> 0 | G30: =G4-G18 -> 0 | H30: =H4-H18 -> 0 | I30: =I4-I18 -> 0 | J30: =J4-J18 -> 0 | K30: =K4-K18 -> 0 | ... AN30: =AN4-AN18 -> 0
B32: Recuperação da Demanda Reprimida
B33: Água | C33: hab. | D33: 0 | E33: =ROUND(IF(D29<E29,0,D29-E29),0) -> 0 | F33: =ROUND(IF(E29<F29,0,E29-F29),0) -> 1657 | G33: =ROUND(IF(F29<G29,0,F29-G29),0) -> 0 | H33: =ROUND(IF(G29<H29,0,G29-H29),0) -> 0 | I33: =ROUND(IF(H29<I29,0,H29-I29),0) -> 0 | J33: =ROUND(IF(I29<J29,0,I29-J29),0) -> 0 | K33: =ROUND(IF(J29<K29,0,J29-K29),0) -> 0 | L33: =ROUND(IF(K29<L29,0,K29-L29),0) -> 0 | ... AN33: =ROUND(IF(AM29<AN29,0,AM29-AN29),0) -> 0 | AO33: =SUM(F33:AN33) -> 1657
B34: Esgoto | C34: hab. | D34: 0 | E34: =ROUND(IF(D30<E30,0,D30-E30),0) -> 0 | F34: =ROUND(IF(E30<F30,0,E30-F30),0) -> 46012 | G34: =ROUND(IF(F30<G30,0,F30-G30),0) -> 0 | H34: =ROUND(IF(G30<H30,0,G30-H30),0) -> 0 | I34: =ROUND(IF(H30<I30,0,H30-I30),0) -> 0 | J34: =ROUND(IF(I30<J30,0,I30-J30),0) -> 0 | K34: =ROUND(IF(J30<K30,0,J30-K30),0) -> 0 | L34: =ROUND(IF(K30<L30,0,K30-L30),0) -> 0 | ... AN34: =ROUND(IF(AM30<AN30,0,AM30-AN30),0) -> 0 | AO34: =SUM(F34:AN34) -> 46012
B36: Consumo per capita Disponibilizado | C36: l/hab.dia | D36: 272.33 | E36: 273.72
B37: Consumo per capita Consumido | C37: l/hab.dia | D37: 168.85 | E37: 168.89
B38: Consumo per capita Medido | C38: l/hab.dia | D38: 145.24 | E38: 145.98
B40: Perda Total | C40: % | D40: 0.4667 | E40: 0.4667
B41: Perda de Fisica | C41: % | D41: 0.38 | E41: 0.383
B42: Perda Aparente | C42: % | D42: 0.0867 | E42: 0.0837
B43: Perda Produção | C43: % | D43: 0.04 | E43: 0.04
B44: Inadimplência | C44: % | D44: 0.0581 | E44: 0.0581
B45: Volume Faturado sobre Medido | C45: % | D45: 0 | E45: 0
B47: Economias Ativas
B48: Água | C48: Econ. | D48: 18054.533 | E48: 18464.929
B49: Esgoto | C49: Econ. | D49: 0 | E49: 0
B51: Ligações Ativas
B52: Água | C52: Lig. | D52: 13647.444 | E52: 13956.607 | AO52: =AN52-F52 -> 0
B53: Esgoto | C53: Lig. | D53: 0 | E53: 0 | AO53: =AN53-F53 -> 0
B55: Resumo
B56: População Urbana Atendida com Água | C56: hab. | D56: =D17 -> 43795 | E56: =E17 -> 44355 | F56: =F17 -> 0 | G56: =G17 -> 0 | H56: =H17 -> 0 | I56: =I17 -> 0 | J56: =J17 -> 0 | K56: =K17 -> 0 | ... AN56: =AN17 -> 0
B57: População Urbana Atendida com Esgoto | C57: hab. | D57: =D18 -> 0 | E57: =E18 -> 0 | F57: =F18 -> 0 | G57: =G18 -> 0 | H57: =H18 -> 0 | I57: =I18 -> 0 | J57: =J18 -> 0 | K57: =K18 -> 0 | ... AN57: =AN18 -> 0
B58: Água
B59: Volume produzido | C59: m³/ano | D59: =ROUND(D36/1000*D56*30.4375*12*(1+D43),0) -> 4530473 | E59: =ROUND(E36/1000*E56*30.4375*12*(1+E43),0) -> 4611824 | F59: =ROUND(F36/1000*F56*30.4375*12*(1+F43),0) -> 0 | G59: =ROUND(G36/1000*G56*30.4375*12*(1+G43),0) -> 0 | H59: =ROUND(H36/1000*H56*30.4375*12*(1+H43),0) -> 0 | I59: =ROUND(I36/1000*I56*30.4375*12*(1+I43),0) -> 0 | J59: =ROUND(J36/1000*J56*30.4375*12*(1+J43),0) -> 0 | K59: =ROUND(K36/1000*K56*30.4375*12*(1+K43),0) -> 0 | ... AN59: =ROUND(AN36/1000*AN56*30.4375*12*(1+AN43),0) -> 0
B60: Volume distribuido | C60: m³/ano | D60: =ROUND(D36/1000*D56*30.4375*12,0) -> 4356224 | E60: =ROUND(E36/1000*E56*30.4375*12,0) -> 4434446 | F60: =ROUND(F36/1000*F56*30.4375*12,0) -> 0 | G60: =ROUND(G36/1000*G56*30.4375*12,0) -> 0 | H60: =ROUND(H36/1000*H56*30.4375*12,0) -> 0 | I60: =ROUND(I36/1000*I56*30.4375*12,0) -> 0 | J60: =ROUND(J36/1000*J56*30.4375*12,0) -> 0 | K60: =ROUND(K36/1000*K56*30.4375*12,0) -> 0 | ... AN60: =ROUND(AN36/1000*AN56*30.4375*12,0) -> 0
B61: Volume consumido | C61: m³/ano | D61: =ROUND(D37/1000*D56*30.4375*12,0) -> 2700945 | E61: =ROUND(E37/1000*E56*30.4375*12,0) -> 2736130 | F61: =ROUND(F37/1000*F56*30.4375*12,0) -> 0 | G61: =ROUND(G37/1000*G56*30.4375*12,0) -> 0 | H61: =ROUND(H37/1000*H56*30.4375*12,0) -> 0 | I61: =ROUND(I37/1000*I56*30.4375*12,0) -> 0 | J61: =ROUND(J37/1000*J56*30.4375*12,0) -> 0 | K61: =ROUND(K37/1000*K56*30.4375*12,0) -> 0 | ... AN61: =ROUND(AN37/1000*AN56*30.4375*12,0) -> 0
B62: Volume medido | C62: m³/ano | D62: =ROUND(D38/1000*D56*30.4375*12,0) -> 2323277 | E62: =ROUND(E38/1000*E56*30.4375*12,0) -> 2364973 | F62: =ROUND(F38/1000*F56*30.4375*12,0) -> 0 | G62: =ROUND(G38/1000*G56*30.4375*12,0) -> 0 | H62: =ROUND(H38/1000*H56*30.4375*12,0) -> 0 | I62: =ROUND(I38/1000*I56*30.4375*12,0) -> 0 | J62: =ROUND(J38/1000*J56*30.4375*12,0) -> 0 | K62: =ROUND(K38/1000*K56*30.4375*12,0) -> 0 | ... AN62: =ROUND(AN38/1000*AN56*30.4375*12,0) -> 0
B63: Volume faturado | C63: m³/ano | D63: =ROUND(D38/1000*D56*30.4375*12*(1+D45),0) -> 2323277 | E63: =ROUND(E38/1000*E56*30.4375*12*(1+E45),0) -> 2364973 | F63: =ROUND(F38/1000*F56*30.4375*12*(1+F45),0) -> 0 | G63: =ROUND(G38/1000*G56*30.4375*12*(1+G45),0) -> 0 | H63: =ROUND(H38/1000*H56*30.4375*12*(1+H45),0) -> 0 | I63: =ROUND(I38/1000*I56*30.4375*12*(1+I45),0) -> 0 | J63: =ROUND(J38/1000*J56*30.4375*12*(1+J45),0) -> 0 | K63: =ROUND(K38/1000*K56*30.4375*12*(1+K45),0) -> 0 | ... AN63: =ROUND(AN38/1000*AN56*30.4375*12*(1+AN45),0) -> 0
B64: Esgoto
B65: Volume faturado | C65: m³/ano | D65: =ROUND(D38/1000*D57*30.4375*12*(1+D45),0) -> 0 | E65: =ROUND(E38/1000*E57*30.4375*12*(1+E45),0) -> 0 | F65: =ROUND(F38/1000*F57*30.4375*12*(1+F45),0) -> 0 | G65: =ROUND(G38/1000*G57*30.4375*12*(1+G45),0) -> 0 | H65: =ROUND(H38/1000*H57*30.4375*12*(1+H45),0) -> 0 | I65: =ROUND(I38/1000*I57*30.4375*12*(1+I45),0) -> 0 | J65: =ROUND(J38/1000*J57*30.4375*12*(1+J45),0) -> 0 | K65: =ROUND(K38/1000*K57*30.4375*12*(1+K45),0) -> 0 | ... AN65: =ROUND(AN38/1000*AN57*30.4375*12*(1+AN45),0) -> 0
B66: Volume gerado | C66: m³/ano | D66: =ROUND(D57*D37/1000*30.4375*12*0.8,0) -> 0 | E66: =ROUND(E57*E37/1000*30.4375*12*0.8,0) -> 0 | F66: =ROUND(F57*F37/1000*30.4375*12*0.8,0) -> 0 | G66: =ROUND(G57*G37/1000*30.4375*12*0.8,0) -> 0 | H66: =ROUND(H57*H37/1000*30.4375*12*0.8,0) -> 0 | I66: =ROUND(I57*I37/1000*30.4375*12*0.8,0) -> 0 | J66: =ROUND(J57*J37/1000*30.4375*12*0.8,0) -> 0 | K66: =ROUND(K57*K37/1000*30.4375*12*0.8,0) -> 0 | ... AN66: =ROUND(AN57*AN37/1000*30.4375*12*0.8,0) -> 0
B67: Volume de Infiltração | C67: m³/ano | D67: =ROUND(D13*0.07/1000*86400*365.25/1000,0) -> 0 | E67: =ROUND(E13*0.07/1000*86400*365.25/1000,0) -> 0 | F67: =ROUND(F13*0.07/1000*86400*365.25/1000,0) -> 0 | G67: =ROUND(G13*0.07/1000*86400*365.25/1000,0) -> 0 | H67: =ROUND(H13*0.07/1000*86400*365.25/1000,0) -> 0 | I67: =ROUND(I13*0.07/1000*86400*365.25/1000,0) -> 0 | J67: =ROUND(J13*0.07/1000*86400*365.25/1000,0) -> 0 | K67: =ROUND(K13*0.07/1000*86400*365.25/1000,0) -> 0 | ... AN67: =ROUND(AN13*0.07/1000*86400*365.25/1000,0) -> 0
B68: Volume tratado | C68: m³/ano | D68: =ROUND(D66+D67,0) -> 0 | E68: =ROUND(E66+E67,0) -> 0 | F68: =ROUND(F66+F67,0) -> 0 | G68: =ROUND(G66+G67,0) -> 0 | H68: =ROUND(H66+H67,0) -> 0 | I68: =ROUND(I66+I67,0) -> 0 | J68: =ROUND(J66+J67,0) -> 0 | K68: =ROUND(K66+K67,0) -> 0 | ... AN68: =ROUND(AN66+AN67,0) -> 0

Sheet CAPEX
A1: Preenchimento | C1: RESUMO
A2: Fórmulas
A3: NÂO ALTERAR | C3: 1. INVESTIMENTOS EM FUNÇÃO DA DEMANDA REPRIMIDA | D3: Custo | E3: População | F3: Valor Total
D4: R$/hab. | E4: Hab. | F4: R$
C5: Água - Captação e tratamento | D5: =ROUND(F5/E5,2) -> 0 | E5: =SUM('Base Física'!F33:AN33) -> 1657 | F5: =ROUND(G57*$I$12,2) -> 0
C6: Água - Distribuição | D6: =ROUND(F6/E6,2) -> 0 | E6: =E5 -> 1657 | F6: =ROUND(G216*$I$12,2) -> 0
C7: Água - Reservação | D7: =ROUND(F7/E7,2) -> 0 | E7: =E6 -> 1657 | F7: =ROUND(G241*$I$12,2) -> 0
C8: Água - Ligaçãos Predial | D8: =ROUND(F8/E8,2) -> 0 | E8: =E7 -> 1657 | F8: =ROUND(G291*$I$12,2) -> 0
C9: Água - Projeto | D9: =ROUND(F9/E9,2) -> 0 | E9: =E8 -> 1657 | F9: =ROUND(G297*$I$12/2,2) -> 0
C10: Água - Consultoria e licenciamento ambiental | D10: =ROUND(F10/E10,2) -> 0 | E10: =E9 -> 1657 | F10: =ROUND(G297*$I$12/2,2) -> 0
C11: Água - Gerenciamento de obra | D11: =ROUND(F11/E11,2) -> 0 | E11: =E10 -> 1657 | F11: =ROUND(G308*$I$12,2) -> 0
C12: Total Água | D12: =SUM(D5:D11) -> 0 | E12: =E11 -> 1657 | F12: =SUM(F5:F11) -> 0 | G12: =Cronograma!AL12 -> 5.8 | H12: =F12-G12 -> -5.8 | I12: 0.12148358
C13: Esgoto - Coleta e afastamento | D13: =ROUND(F13/E13,2) -> 0 | E13: =SUM('Base Física'!F34:AN34) -> 46012 | F13: =ROUND(G320*$I$19,2) -> 0
C14: Esgoto – Tratamento e disposição final | D14: =ROUND(F14/E14,2) -> 0 | E14: =E13 -> 46012 | F14: =ROUND(G334*$I$19,2) -> 0
C15: Esgoto - Ligaçãos Predial | D15: =ROUND(F15/E15,2) -> 0 | E15: =E13 -> 46012 | F15: =ROUND(G340*$I$19,2) -> 0
C16: Esgoto - Projeto | D16: =ROUND(F16/E16,2) -> 0 | E16: =E14 -> 46012 | F16: =ROUND(G346*$I$19/2,2) -> 0
C17: Esgoto - Consultoria e licenciamento ambiental | D17: =ROUND(F17/E17,2) -> 0 | E17: =E15 -> 46012 | F17: =ROUND(G346*$I$19/2,2) -> 0
C18: Esgoto - Gerenciamento de obra | D18: =ROUND(F18/E18,2) -> 0 | E18: =E16 -> 46012 | F18: =ROUND(G356*$I$19/2,2) -> 0
C19: Total Esgoto | D19: =SUM(D13:D18) -> 0 | E19: =E18 -> 46012 | F19: =SUM(F13:F18) -> 0 | G19: =Cronograma!AL19 -> 0 | H19: =F19-G19 -> 0 | I19: 0.80059966
C20: Total Água + Esgoto | D20: =D19+D12 -> 0 | F20: =F12+F19 -> 0
C22: 2. INVESTIMENTOS EM FUNÇÃO DO CRESCIMENTO VEGETATIVO | D22: Custo | E22: População | F22: Valor Total
D23: R$/hab. | E23: Hab. | F23: R$
C24: Água - Captação e tratamento | D24: =ROUND(F24/E24,2) -> 0 | E24: =SUM('Base Física'!F21:AN21) -> -46012 | F24: =G57-F5 -> 0
C25: Água - Distribuição | D25: =ROUND(F25/E25,2) -> 0 | E25: =E24 -> -46012 | F25: =G216-F6 -> 0
C26: Água - Reservação | D26: =ROUND(F26/E26,2) -> 0 | E26: =E25 -> -46012 | F26: =G241-F7 -> 0
C27: Água - Ligaçãos Predial | D27: =ROUND(F27/E27,2) -> 0 | E27: =E25 -> -46012 | F27: =G291-F8 -> 0
C28: Água - Projeto | D28: =ROUND(F28/E28,2) -> 0 | E28: =E27 -> -46012 | F28: =G297/2-F9 -> 0
C29: Água - Consultoria e licenciamento ambiental | D29: =ROUND(F29/E29,2) -> 0 | E29: =E28 -> -46012 | F29: =G297/2-F10 -> 0
C30: Água - Gerenciamento de obra | D30: =ROUND(F30/E30,2) -> 0 | E30: =E29 -> -46012 | F30: =G308-F11 -> 0
C31: Total Água | D31: =SUM(D24:D27) -> 0 | E31: =E27 -> -46012 | F31: =SUM(F24:F30) -> 0 | G31: =Cronograma!AL31 -> 0 | H31: =F31-G31 -> 0
C32: Esgoto - Coleta e afastamento | D32: =ROUND(F32/E32,2) -> 0 | E32: =SUM('Base Física'!F22:AN22) -> -46012 | F32: =G320-F13 -> 0
C33: Esgoto – Tratamento e disposição final | D33: =ROUND(F33/E33,2) -> 0 | E33: =E32 -> -46012 | F33: =G334-F14 -> 0
C34: Esgoto - Ligaçãos Predial | D34: =ROUND(F34/E34,2) -> 0 | E34: =E33 -> -46012 | F34: =G342-F15 -> 0
C35: Esgoto - Projeto | D35: =ROUND(F35/E35,2) -> 0 | E35: =E33 -> -46012 | F35: =G346/2-F16 -> 0
C36: Esgoto - Consultoria e licenciamento ambiental | D36: =ROUND(F36/E36,2) -> 0 | E36: =E34 -> -46012 | F36: =G346/2-F17 -> 0
C37: Esgoto - Gerenciamento de obra | D37: =ROUND(F37/E37,2) -> 0 | E37: =E35 -> -46012 | F37: =G356-F18 -> 0
C38: Total Esgoto | D38: =SUM(D32:D34) -> 0 | E38: =E34 -> -46012 | F38: =SUM(F32:F37) -> 0 | G38: =Cronograma!AL38 -> 0 | H38: =F38-G38 -> 0
C39: Total Água + Esgoto | D39: =D38+D31 -> 0 | F39: =F31+F38 -> 0
C41: =C3 -> 1. INVESTIMENTOS EM FUNÇÃO DA DEMANDA REPRIMIDA | D41: Custo | E41: População | F41: Valor Total
C42: Total Água | D42: =D12 -> 0 | E42: =E12 -> 1657 | F42: =F12 -> 0 | G42: =Cronograma!AL12 -> 5.8 | H42: =F42-G42 -> -5.8
C43: Total Esgoto | D43: =D19 -> 0 | E43: =E19 -> 46012 | F43: =F19 -> 0 | G43: =Cronograma!AL19 -> 0 | H43: =F43-G43 -> 0
C44: Total Água + Esgoto | D44: =D20 -> 0 | F44: =F42+F43 -> 0 | G44: =Cronograma!AL20 -> 0 | H44: =F44-G44 -> 0
C45: =C22 -> 2. INVESTIMENTOS EM FUNÇÃO DO CRESCIMENTO VEGETATIVO | D45: Custo | E45: População | F45: Valor Total
C46: Total Água | D46: =D31 -> 0 | E46: =E31 -> -46012 | F46: =F31 -> 0 | G46: =Cronograma!AL31 -> 0 | H46: =F46-G46 -> 0
C47: Total Esgoto | D47: =D38 -> 0 | E47: =E38 -> -46012 | F47: =F38 -> 0 | G47: =Cronograma!AL38 -> 0 | H47: =F47-G47 -> 0
C48: Total Água + Esgoto | D48: =D39 -> 0 | F48: =F46+F47 -> 0 | G48: =Cronograma!AL39 -> 0 | H48: =F48-G48 -> 0
C50: TOTAL DO CAPEX
C51: ÁGUA | F51: =F42+F46 -> 0
C52: ESGOTO | F52: =F43+F47 -> 0
C53: TOTAL DO CAPEX | F53: =F51+F52 -> 0 | G53: =Cronograma!AL46 -> 0 | H53: =F53-G53 -> 0
B54: Referënciade preços:ABICON-SC / SINAPI-SC /CASAN/APCES- Dez 2025
B55: SISTEMA DE ABASTECIMENTO DE ÁGUA | G55: =G57+G216+G241+G291+G297+G308 -> 0
B57: 1 - Captação e Tratamento de Água | G57: =G59+G107+G129+G165+G170+G190+G205 -> 0
B59: 1.1 - Adequação e reforma da capatação de água bruta do Rio Benedito | G59: =G61+G67+G72+G74+G77+G82+G84+G86+G90+G93+G95+G100 -> 0
B60: Código | C60: Item | D60: Unid. | E60: Preço | F60: Quant. | G60: Custo Total | H60: Referência
C61: CANTEIRO DE OBRAS | G61: =SUM(G62:G66) -> 0
B62: 10102 | C62: Barração escritório | D62: m² | G62: =E62*F62 -> 0 | H62: CASAN
B63: 10103 | C63: Barração deposito | D63: m² | G63: =E63*F63 -> 0 | H63: CASAN
B64: 10104 | C64: Sanitário Isolado | D64: m² | G64: =E64*F64 -> 0 | H64: CASAN
B65: 10105 | C65: Chuveiro Isolado | D65: m² | G65: =E65*F65 -> 0 | H65: CASAN
B66: 10201 | C66: Placa de Obra | D66: m² | G66: =E66*F66 -> 0 | H66: CASAN
C67: SERVIÇOS PRELIMINARES | G67: =SUM(G68:G71) -> 0
B68: 300101 | C68: Roçada Fina | D68: m² | G68: =E68*F68 -> 0 | H68: CASAN
B69: 300103 | C69: Limpeza mecanizada com raspagem superficial | D69: m² | G69: =E69*F69 -> 0 | H69: CASAN
B70: 30702 | C70: Remoção de pintura antiga latex | D70: m² | G70: =E70*F70 -> 0 | H70: CASAN
B71: 30703 | C71: Remoção de pintura antiga latex esmalte | D71: m² | G71: =E71*F71 -> 0 | H71: CASAN
C72: CAIXA DE PROTEÇÃO | G72: =SUM(G73) -> 0
B73: 81801 | C73: Cx de proteção para registro de manobra | D73: Unid. | G73: =E73*F73 -> 0 | H73: CASAN
C74: REGULARIZAÇÃO E REVESTIMENTO | G74: =SUM(G75:G76) -> 0
B75: 100401 | C75: Regularização mecanizada de superficie | D75: m² | G75: =E75*F75 -> 0 | H75: CASAN
B76: 100403 | C76: Revestimento com brita | D76: m² | G76: =E76*F76 -> 0 | H76: CASAN
C77: DISPOSITIVO DE PROTEÇÃO E ACESSO | G77: =SUM(G78:G81) -> 0
B78: 120501 | C78: Grade de proteção e ertenção | D78: kg | G78: =E78*F78 -> 0 | H78: CASAN
B79: 120502 | C79: Grelha | D79: kg | G79: =E79*F79 -> 0 | H79: CASAN
B80: 120503 | C80: Guarda corpo | D80: m² | G80: =E80*F80 -> 0 | H80: CASAN
B81: 120504 | C81: Escada Tipo Marinheiro | D81: m | G81: =E81*F81 -> 0 | H81: CASAN
C82: PISOS, TETOS E PAREDES | G82: =G83 -> 0
B83: 130101 | C83: Piso cimentado desempenado e=0,02 m | D83: m² | G83: =E83*F83 -> 0 | H83: CASAN
C84: IMPERMEABILIZAÇÃO / PROTEÇÃO | G84: =G85 -> 0
B85: 130201 | C85: Impermeabilização com cimento polimerico, base PVA | D85: m² | G85: =E85*F85 -> 0 | H85: CASAN
C86: PINTURA | G86: =SUM(G87:G89) -> 0
B87: 130305 | C87: Pintura latex PVA sem massa corrida | D87: m² | G87: =E87*F87 -> 0 | H87: CASAN
B88: 130313 | C88: Pintura Esmalte | D88: m² | G88: =E88*F88 -> 0 | H88: CASAN
B89: 130318 | C89: Pintura de logotipo | D89: un | G89: =E89*F89 -> 0 | H89: CASAN
C90: INSTALAÇÕES ELETRICAS | G90: =SUM(G91:G92) -> 0
B91: 140714 | C91: Cabo de cobre 2,5 MM2 0,6/1,0 KV | D91: m | G91: =E91*F91 -> 0 | H91: CASAN
B92: 140723 | C92: Cabo de cobre 95,00 MM2 0,6/1,0 KV | D92: m | G92: =E92*F92 -> 0 | H92: CASAN
C93: MONTAGEM ELETRO-MECÂNICA | G93: =G94 -> 0
B94: 150104 | C94: Montagem Eletro Mecânica de conjunto MOTO-BOMBA DE 100,5 A 200 CV | D94: un | G94: =E94*F94 -> 0 | H94: CASAN
C95: URBANIZAÇÃO | G95: =SUM(G96:G99) -> 0
B96: 160101 | C96: Portão em estrutura Tubular para pedestre | D96: m² | G96: =E96*F96 -> 0 | H96: CASAN
B97: 160102 | C97: Portão em estrutura Tubular para veículo | D97: m² | G97: =E97*F97 -> 0 | H97: CASAN
B98: 160301 | C98: Alambrado de tela galvanizada em mourão de concreto | D98: m² | G98: =E98*F98 -> 0 | H98: CASAN
B99: 160401 | C99: Plantio de grama em placas | D99: m² | G99: =E99*F99 -> 0 | H99: CASAN
C100: INSTALAÇÃO, MONTAGEM E MANUTENÇÃO ELETROMECÂNICA | G100: =SUM(G101:G105) -> 0
B101: 190609 | C101: Manutenção mecânica em bombas potência de 50,5 A 100 CV | D101: un | G101: =E101*F101 -> 0 | H101: CASAN
B102: 190611 | C102: Lubrificação de cj moto-bomba | D102: un | G102: =E102*F102 -> 0 | H102: CASAN
B103: 190624 | C103: Manutenção eletrica em quadro de comando para motor 50 a 100 cv | D103: un | G103: =E103*F103 -> 0 | H103: CASAN
B104: 190629 | C104: Manutenção eletrica em quadro de comando com soft starter | D104: un | G104: =E104*F104 -> 0 | H104: CASAN
B105: 190631 | C105: Limpeza e manutenção e, cabine de transformadores | D105: un | G105: =E105*F105 -> 0 | H105: CASAN
...

Sheet Cronograma
A1: Preenchimento | B1: ANO | C1: 1 | D1: =C1+1 -> 2 | E1: =D1+1 -> 3 | F1: =E1+1 -> 4 | G1: =F1+1 -> 5 | H1: =G1+1 -> 6 | I1: =H1+1 -> 7 | J1: =I1+1 -> 8 | K1: =J1+1 -> 9 | ... AK1: =AJ1+1 -> 35
A2: Fórmulas
A3: NÂO ALTERAR | B3: 1. INVESTIMENTOS EM DEMANDA REPRIMIDA | C3: 1 | D3: =C3+1 -> 2 | E3: =D3+1 -> 3 | F3: =E3+1 -> 4 | G3: =F3+1 -> 5 | H3: =G3+1 -> 6 | I3: =H3+1 -> 7 | J3: =I3+1 -> 8 | K3: =J3+1 -> 9 | ... AK3: =AJ3+1 -> 35 | AL3: ACUMULADO
C4: ='FCD PROJETO'!F24 -> 2027 | D4: =C4+1 -> 2028 | E4: =D4+1 -> 2029 | F4: =E4+1 -> 2030 | G4: =F4+1 -> 2031 | H4: =G4+1 -> 2032 | I4: =H4+1 -> 2033 | J4: =I4+1 -> 2034 | K4: =J4+1 -> 2035 | ... AK4: =AJ4+1 -> 2061
B5: Água - Captação e tratamento | C5: =ROUND(CAPEX!$D5*'Base Física'!F$33,2) -> 0 | D5: =ROUND(CAPEX!$D5*'Base Física'!G$33,2) -> 0 | E5: =ROUND(CAPEX!$D5*'Base Física'!H$33,2) -> 0 | F5: =ROUND(CAPEX!$D5*'Base Física'!I$33,2) -> 0 | G5: =ROUND(CAPEX!$D5*'Base Física'!J$33,2) -> 0 | H5: =ROUND(CAPEX!$D5*'Base Física'!K$33,2) -> 0 | I5: =ROUND(CAPEX!$D5*'Base Física'!L$33,2) -> 0 | J5: =ROUND(CAPEX!$D5*'Base Física'!M$33,2) -> 0 | ... AK5: =ROUND(CAPEX!$D5*'Base Física'!AN$33,2) -> 0 | AL5: =+SUM(C5:AK5) -> 0
B6: Água - Distribuição | C6: =ROUND(CAPEX!$D6*'Base Física'!F$33,2) -> 0 | D6: =ROUND(CAPEX!$D6*'Base Física'!G$33,2) -> 0 | E6: =ROUND(CAPEX!$D6*'Base Física'!H$33,2) -> 0 | F6: =ROUND(CAPEX!$D6*'Base Física'!I$33,2) -> 0 | G6: =ROUND(CAPEX!$D6*'Base Física'!J$33,2) -> 0 | H6: =ROUND(CAPEX!$D6*'Base Física'!K$33,2) -> 0 | I6: =ROUND(CAPEX!$D6*'Base Física'!L$33,2) -> 0 | J6: =ROUND(CAPEX!$D6*'Base Física'!M$33,2) -> 0 | ... AK6: =ROUND(CAPEX!$D6*'Base Física'!AN$33,2) -> 0 | AL6: =+SUM(C6:AK6) -> 0
B7: Água - Reservação | C7: =ROUND(CAPEX!$D7*'Base Física'!F$33,2) -> 0 | D7: =ROUND(CAPEX!$D7*'Base Física'!G$33,2) -> 0 | E7: =ROUND(CAPEX!$D7*'Base Física'!H$33,2) -> 0 | F7: =ROUND(CAPEX!$D7*'Base Física'!I$33,2) -> 0 | G7: =ROUND(CAPEX!$D7*'Base Física'!J$33,2) -> 0 | H7: =ROUND(CAPEX!$D7*'Base Física'!K$33,2) -> 0 | I7: =ROUND(CAPEX!$D7*'Base Física'!L$33,2) -> 0 | J7: =ROUND(CAPEX!$D7*'Base Física'!M$33,2) -> 0 | ... AK7: =ROUND(CAPEX!$D7*'Base Física'!AN$33,2) -> 0 | AL7: =+SUM(C7:AK7) -> 0
B8: Água - Ligaçãos Predial | C8: =ROUND(CAPEX!$D8*'Base Física'!F$33,2) -> 0 | D8: =ROUND(CAPEX!$D8*'Base Física'!G$33,2) -> 0 | E8: =ROUND(CAPEX!$D8*'Base Física'!H$33,2) -> 0 | F8: =ROUND(CAPEX!$D8*'Base Física'!I$33,2) -> 0 | G8: =ROUND(CAPEX!$D8*'Base Física'!J$33,2) -> 0 | H8: =ROUND(CAPEX!$D8*'Base Física'!K$33,2) -> 0 | I8: =ROUND(CAPEX!$D8*'Base Física'!L$33,2) -> 0 | J8: =ROUND(CAPEX!$D8*'Base Física'!M$33,2) -> 0 | ... AK8: =ROUND(CAPEX!$D8*'Base Física'!AN$33,2) -> 0 | AL8: =+SUM(C8:AK8) -> 0
B9: Água - Projeto | C9: =ROUND(CAPEX!$D9*'Base Física'!F$33,2) -> 0 | D9: =ROUND(CAPEX!$D9*'Base Física'!G$33,2) -> 0 | E9: =ROUND(CAPEX!$D9*'Base Física'!H$33,2) -> 0 | F9: =ROUND(CAPEX!$D9*'Base Física'!I$33,2) -> 0 | G9: =ROUND(CAPEX!$D9*'Base Física'!J$33,2) -> 0 | H9: =ROUND(CAPEX!$D9*'Base Física'!K$33,2) -> 0 | I9: =ROUND(CAPEX!$D9*'Base Física'!L$33,2) -> 0 | J9: =ROUND(CAPEX!$D9*'Base Física'!M$33,2) -> 0 | ... AK9: =ROUND(CAPEX!$D9*'Base Física'!AN$33,2) -> 0 | AL9: =+SUM(C9:AK9) -> 0
B10: Água - Consultoria e licenciamento ambiental | C10: =ROUND(CAPEX!$D10*'Base Física'!F$33,2) -> 0 | D10: =ROUND(CAPEX!$D10*'Base Física'!G$33,2) -> 0 | E10: =ROUND(CAPEX!$D10*'Base Física'!H$33,2) -> 0 | F10: =ROUND(CAPEX!$D10*'Base Física'!I$33,2) -> 0 | G10: =ROUND(CAPEX!$D10*'Base Física'!J$33,2) -> 0 | H10: =ROUND(CAPEX!$D10*'Base Física'!K$33,2) -> 0 | I10: =ROUND(CAPEX!$D10*'Base Física'!L$33,2) -> 0 | J10: =ROUND(CAPEX!$D10*'Base Física'!M$33,2) -> 0 | ... AK10: =ROUND(CAPEX!$D10*'Base Física'!AN$33,2) -> 0 | AL10: =+SUM(C10:AK10) -> 0
B11: Água - Gerenciamento de obra | C11: =ROUND(CAPEX!$D11*'Base Física'!F$33,2) -> 0 | D11: =ROUND(CAPEX!$D11*'Base Física'!G$33,2) -> 0 | E11: =ROUND(CAPEX!$D11*'Base Física'!H$33,2) -> 0 | F11: =ROUND(CAPEX!$D11*'Base Física'!I$33,2) -> 0 | G11: =ROUND(CAPEX!$D11*'Base Física'!J$33,2) -> 0 | H11: =ROUND(CAPEX!$D11*'Base Física'!K$33,2) -> 0 | I11: =ROUND(CAPEX!$D11*'Base Física'!L$33,2) -> 0 | J11: =ROUND(CAPEX!$D11*'Base Física'!M$33,2) -> 0 | ... AK11: =ROUND(CAPEX!$D11*'Base Física'!AN$33,2) -> 0 | AL11: =+SUM(C11:AK11) -> 0
B12: Total Água | C12: =SUM(C5:C11) -> 0 | D12: =SUM(D5:D11) -> 0 | E12: =SUM(E5:E11) -> 0 | F12: =SUM(F5:F11) -> 0 | G12: =SUM(G5:G11) -> 0 | H12: =SUM(H5:H11) -> 0 | I12: =SUM(I5:I11) -> 0 | J12: =SUM(J5:J11) -> 0 | ... AK12: =SUM(AK5:AK11) -> 0 | AL12: =+SUM(C12:AK12)+5.8 -> 5.8
B13: Esgoto - Coleta e afastamento | C13: =ROUND(CAPEX!$D13*'Base Física'!F$34,2) -> 0 | D13: =ROUND(CAPEX!$D13*'Base Física'!G$34,2) -> 0 | E13: =ROUND(CAPEX!$D13*'Base Física'!H$34,2) -> 0 | F13: =ROUND(CAPEX!$D13*'Base Física'!I$34,2) -> 0 | G13: =ROUND(CAPEX!$D13*'Base Física'!J$34,2) -> 0 | H13: =ROUND(CAPEX!$D13*'Base Física'!K$34,2) -> 0 | I13: =ROUND(CAPEX!$D13*'Base Física'!L$34,2) -> 0 | J13: =ROUND(CAPEX!$D13*'Base Física'!M$34,2) -> 0 | ... AK13: =ROUND(CAPEX!$D13*'Base Física'!AN$34,2) -> 0 | AL13: =+SUM(C13:AK13) -> 0
B14: Esgoto – Tratamento e disposição final | C14: =ROUND(CAPEX!$D14*'Base Física'!F$34,2) -> 0 | D14: =ROUND(CAPEX!$D14*'Base Física'!G$34,2) -> 0 | E14: =ROUND(CAPEX!$D14*'Base Física'!H$34,2) -> 0 | F14: =ROUND(CAPEX!$D14*'Base Física'!I$34,2) -> 0 | G14: =ROUND(CAPEX!$D14*'Base Física'!J$34,2) -> 0 | H14: =ROUND(CAPEX!$D14*'Base Física'!K$34,2) -> 0 | I14: =ROUND(CAPEX!$D14*'Base Física'!L$34,2) -> 0 | J14: =ROUND(CAPEX!$D14*'Base Física'!M$34,2) -> 0 | ... AK14: =ROUND(CAPEX!$D14*'Base Física'!AN$34,2) -> 0 | AL14: =+SUM(C14:AK14) -> 0
B15: Esgoto - Ligaçãos Predial | C15: =ROUND(CAPEX!$D15*'Base Física'!F$34,2) -> 0 | D15: =ROUND(CAPEX!$D15*'Base Física'!G$34,2) -> 0 | E15: =ROUND(CAPEX!$D15*'Base Física'!H$34,2) -> 0 | F15: =ROUND(CAPEX!$D15*'Base Física'!I$34,2) -> 0 | G15: =ROUND(CAPEX!$D15*'Base Física'!J$34,2) -> 0 | H15: =ROUND(CAPEX!$D15*'Base Física'!K$34,2) -> 0 | I15: =ROUND(CAPEX!$D15*'Base Física'!L$34,2) -> 0 | J15: =ROUND(CAPEX!$D15*'Base Física'!M$34,2) -> 0 | ... AK15: =ROUND(CAPEX!$D15*'Base Física'!AN$34,2) -> 0 | AL15: =+SUM(C15:AK15) -> 0
B16: Esgoto - Projeto | C16: =ROUND(CAPEX!$D16*'Base Física'!F$34,2) -> 0 | D16: =ROUND(CAPEX!$D16*'Base Física'!G$34,2) -> 0 | E16: =ROUND(CAPEX!$D16*'Base Física'!H$34,2) -> 0 | F16: =ROUND(CAPEX!$D16*'Base Física'!I$34,2) -> 0 | G16: =ROUND(CAPEX!$D16*'Base Física'!J$34,2) -> 0 | H16: =ROUND(CAPEX!$D16*'Base Física'!K$34,2) -> 0 | I16: =ROUND(CAPEX!$D16*'Base Física'!L$34,2) -> 0 | J16: =ROUND(CAPEX!$D16*'Base Física'!M$34,2) -> 0 | ... AK16: =ROUND(CAPEX!$D16*'Base Física'!AN$34,2) -> 0 | AL16: =+SUM(C16:AK16) -> 0
B17: Esgoto - Consultoria e licenciamento ambiental | C17: =ROUND(CAPEX!$D17*'Base Física'!F$34,2) -> 0 | D17: =ROUND(CAPEX!$D17*'Base Física'!G$34,2) -> 0 | E17: =ROUND(CAPEX!$D17*'Base Física'!H$34,2) -> 0 | F17: =ROUND(CAPEX!$D17*'Base Física'!I$34,2) -> 0 | G17: =ROUND(CAPEX!$D17*'Base Física'!J$34,2) -> 0 | H17: =ROUND(CAPEX!$D17*'Base Física'!K$34,2) -> 0 | I17: =ROUND(CAPEX!$D17*'Base Física'!L$34,2) -> 0 | J17: =ROUND(CAPEX!$D17*'Base Física'!M$34,2) -> 0 | ... AK17: =ROUND(CAPEX!$D17*'Base Física'!AN$34,2) -> 0 | AL17: =+SUM(C17:AK17) -> 0
B18: Esgoto - Gerenciamento de obra | C18: =ROUND(CAPEX!$D18*'Base Física'!F$34,2) -> 0 | D18: =ROUND(CAPEX!$D18*'Base Física'!G$34,2) -> 0 | E18: =ROUND(CAPEX!$D18*'Base Física'!H$34,2) -> 0 | F18: =ROUND(CAPEX!$D18*'Base Física'!I$34,2) -> 0 | G18: =ROUND(CAPEX!$D18*'Base Física'!J$34,2) -> 0 | H18: =ROUND(CAPEX!$D18*'Base Física'!K$34,2) -> 0 | I18: =ROUND(CAPEX!$D18*'Base Física'!L$34,2) -> 0 | J18: =ROUND(CAPEX!$D18*'Base Física'!M$34,2) -> 0 | ... AK18: =ROUND(CAPEX!$D18*'Base Física'!AN$34,2) -> 0 | AL18: =+SUM(C18:AK18) -> 0
B19: Total Esgoto | C19: =SUM(C13:C18) -> 0 | D19: =SUM(D13:D18) -> 0 | E19: =SUM(E13:E18) -> 0 | F19: =SUM(F13:F18) -> 0 | G19: =SUM(G13:G18) -> 0 | H19: =SUM(H13:H18) -> 0 | I19: =SUM(I13:I18) -> 0 | J19: =SUM(J13:J18) -> 0 | ... AK19: =SUM(AK13:AK18) -> 0 | AL19: =+SUM(C19:AK19) -> 0
B20: Total Água + Esgoto | C20: =C12+C19 -> 0 | D20: =D12+D19 -> 0 | E20: =E12+E19 -> 0 | F20: =F12+F19 -> 0 | G20: =G12+G19 -> 0 | H20: =H12+H19 -> 0 | I20: =I12+I19 -> 0 | J20: =J12+J19 -> 0 | ... AK20: =AK12+AK19 -> 0 | AL20: =+SUM(C20:AK20) -> 0
B22: 2. INVESTIMENTOS EM FUNÇÃO DO CRESCIMENTO VEGETATIVO | C22: 1 | D22: =C22+1 -> 2 | E22: =D22+1 -> 3 | F22: =E22+1 -> 4 | G22: =F22+1 -> 5 | H22: =G22+1 -> 6 | I22: =H22+1 -> 7 | J22: =I22+1 -> 8 | K22: =J22+1 -> 9 | ... AK22: =AJ22+1 -> 35 | AL22: ACUMULADO
C23: 2025 | D23: =C23+1 -> 2026 | E23: =D23+1 -> 2027 | F23: =E23+1 -> 2028 | G23: =F23+1 -> 2029 | H23: =G23+1 -> 2030 | I23: =H23+1 -> 2031 | J23: =I23+1 -> 2032 | K23: =J23+1 -> 2033 | ... AK23: =AJ23+1 -> 2059
B24: Água - Captação e tratamento | C24: =ROUND(CAPEX!$D24*'Base Física'!F$21,2) -> 0 | D24: =ROUND(CAPEX!$D24*'Base Física'!G$21,2) -> 0 | E24: =ROUND(CAPEX!$D24*'Base Física'!H$21,2) -> 0 | F24: =ROUND(CAPEX!$D24*'Base Física'!I$21,2) -> 0 | G24: =ROUND(CAPEX!$D24*'Base Física'!J$21,2) -> 0 | H24: =ROUND(CAPEX!$D24*'Base Física'!K$21,2) -> 0 | I24: =ROUND(CAPEX!$D24*'Base Física'!L$21,2) -> 0 | J24: =ROUND(CAPEX!$D24*'Base Física'!M$21,2) -> 0 | ... AK24: =ROUND(CAPEX!$D24*'Base Física'!AN$21,2) -> 0 | AL24: =+SUM(C24:AK24) -> 0
B25: Água - Distribuição | C25: =ROUND(CAPEX!$D25*'Base Física'!F$21,2) -> 0 | D25: =ROUND(CAPEX!$D25*'Base Física'!G$21,2) -> 0 | E25: =ROUND(CAPEX!$D25*'Base Física'!H$21,2) -> 0 | F25: =ROUND(CAPEX!$D25*'Base Física'!I$21,2) -> 0 | G25: =ROUND(CAPEX!$D25*'Base Física'!J$21,2) -> 0 | H25: =ROUND(CAPEX!$D25*'Base Física'!K$21,2) -> 0 | I25: =ROUND(CAPEX!$D25*'Base Física'!L$21,2) -> 0 | J25: =ROUND(CAPEX!$D25*'Base Física'!M$21,2) -> 0 | ... AK25: =ROUND(CAPEX!$D25*'Base Física'!AN$21,2) -> 0 | AL25: =+SUM(C25:AK25) -> 0
B26: Água - Reservação | C26: =ROUND(CAPEX!$D26*'Base Física'!F$21,2) -> 0 | D26: =ROUND(CAPEX!$D26*'Base Física'!G$21,2) -> 0 | E26: =ROUND(CAPEX!$D26*'Base Física'!H$21,2) -> 0 | F26: =ROUND(CAPEX!$D26*'Base Física'!I$21,2) -> 0 | G26: =ROUND(CAPEX!$D26*'Base Física'!J$21,2) -> 0 | H26: =ROUND(CAPEX!$D26*'Base Física'!K$21,2) -> 0 | I26: =ROUND(CAPEX!$D26*'Base Física'!L$21,2) -> 0 | J26: =ROUND(CAPEX!$D26*'Base Física'!M$21,2) -> 0 | ... AK26: =ROUND(CAPEX!$D26*'Base Física'!AN$21,2) -> 0 | AL26: =+SUM(C26:AK26) -> 0
B27: Água - Ligaçãos Predial | C27: =ROUND(CAPEX!$D27*'Base Física'!F$21,2) -> 0 | D27: =ROUND(CAPEX!$D27*'Base Física'!G$21,2) -> 0 | E27: =ROUND(CAPEX!$D27*'Base Física'!H$21,2) -> 0 | F27: =ROUND(CAPEX!$D27*'Base Física'!I$21,2) -> 0 | G27: =ROUND(CAPEX!$D27*'Base Física'!J$21,2) -> 0 | H27: =ROUND(CAPEX!$D27*'Base Física'!K$21,2) -> 0 | I27: =ROUND(CAPEX!$D27*'Base Física'!L$21,2) -> 0 | J27: =ROUND(CAPEX!$D27*'Base Física'!M$21,2) -> 0 | ... AK27: =ROUND(CAPEX!$D27*'Base Física'!AN$21,2) -> 0 | AL27: =+SUM(C27:AK27) -> 0
B28: Água - Projeto | C28: =ROUND(CAPEX!$D28*'Base Física'!F$21,2) -> 0 | D28: =ROUND(CAPEX!$D28*'Base Física'!G$21,2) -> 0 | E28: =ROUND(CAPEX!$D28*'Base Física'!H$21,2) -> 0 | F28: =ROUND(CAPEX!$D28*'Base Física'!I$21,2) -> 0 | G28: =ROUND(CAPEX!$D28*'Base Física'!J$21,2) -> 0 | H28: =ROUND(CAPEX!$D28*'Base Física'!K$21,2) -> 0 | I28: =ROUND(CAPEX!$D28*'Base Física'!L$21,2) -> 0 | J28: =ROUND(CAPEX!$D28*'Base Física'!M$21,2) -> 0 | ... AK28: =ROUND(CAPEX!$D28*'Base Física'!AN$21,2) -> 0 | AL28: =+SUM(C28:AK28) -> 0
B29: Água - Consultoria e licenciamento ambiental | C29: =ROUND(CAPEX!$D29*'Base Física'!F$21,2) -> 0 | D29: =ROUND(CAPEX!$D29*'Base Física'!G$21,2) -> 0 | E29: =ROUND(CAPEX!$D29*'Base Física'!H$21,2) -> 0 | F29: =ROUND(CAPEX!$D29*'Base Física'!I$21,2) -> 0 | G29: =ROUND(CAPEX!$D29*'Base Física'!J$21,2) -> 0 | H29: =ROUND(CAPEX!$D29*'Base Física'!K$21,2) -> 0 | I29: =ROUND(CAPEX!$D29*'Base Física'!L$21,2) -> 0 | J29: =ROUND(CAPEX!$D29*'Base Física'!M$21,2) -> 0 | ... AK29: =ROUND(CAPEX!$D29*'Base Física'!AN$21,2) -> 0 | AL29: =+SUM(C29:AK29) -> 0
B30: Água - Gerenciamento de obra | C30: =ROUND(CAPEX!$D30*'Base Física'!F$21,2) -> 0 | D30: =ROUND(CAPEX!$D30*'Base Física'!G$21,2) -> 0 | E30: =ROUND(CAPEX!$D30*'Base Física'!H$21,2) -> 0 | F30: =ROUND(CAPEX!$D30*'Base Física'!I$21,2) -> 0 | G30: =ROUND(CAPEX!$D30*'Base Física'!J$21,2) -> 0 | H30: =ROUND(CAPEX!$D30*'Base Física'!K$21,2) -> 0 | I30: =ROUND(CAPEX!$D30*'Base Física'!L$21,2) -> 0 | J30: =ROUND(CAPEX!$D30*'Base Física'!M$21,2) -> 0 | ... AK30: =ROUND(CAPEX!$D30*'Base Física'!AN$21,2) -> 0 | AL30: =+SUM(C30:AK30) -> 0
B31: Total Água | C31: =SUM(C24:C30) -> 0 | D31: =SUM(D24:D30) -> 0 | E31: =SUM(E24:E30) -> 0 | F31: =SUM(F24:F30) -> 0 | G31: =SUM(G24:G30) -> 0 | H31: =SUM(H24:H30) -> 0 | I31: =SUM(I24:I30) -> 0 | J31: =SUM(J24:J30) -> 0 | ... AK31: =SUM(AK24:AK30) -> 0 | AL31: =+SUM(C31:AK31) -> 0
B32: Esgoto - Coleta e afastamento | C32: =ROUND(CAPEX!$D32*'Base Física'!F$22,2) -> 0 | D32: =ROUND(CAPEX!$D32*'Base Física'!G$22,2) -> 0 | E32: =ROUND(CAPEX!$D32*'Base Física'!H$22,2) -> 0 | F32: =ROUND(CAPEX!$D32*'Base Física'!I$22,2) -> 0 | G32: =ROUND(CAPEX!$D32*'Base Física'!J$22,2) -> 0 | H32: =ROUND(CAPEX!$D32*'Base Física'!K$22,2) -> 0 | I32: =ROUND(CAPEX!$D32*'Base Física'!L$22,2) -> 0 | J32: =ROUND(CAPEX!$D32*'Base Física'!M$22,2) -> 0 | ... AK32: =ROUND(CAPEX!$D32*'Base Física'!AN$22,2) -> 0 | AL32: =+SUM(C32:AK32) -> 0
B33: Esgoto – Tratam. e disposição final | C33: =ROUND(CAPEX!$D33*'Base Física'!F$22,2) -> 0 | D33: =ROUND(CAPEX!$D33*'Base Física'!G$22,2) -> 0 | E33: =ROUND(CAPEX!$D33*'Base Física'!H$22,2) -> 0 | F33: =ROUND(CAPEX!$D33*'Base Física'!I$22,2) -> 0 | G33: =ROUND(CAPEX!$D33*'Base Física'!J$22,2) -> 0 | H33: =ROUND(CAPEX!$D33*'Base Física'!K$22,2) -> 0 | I33: =ROUND(CAPEX!$D33*'Base Física'!L$22,2) -> 0 | J33: =ROUND(CAPEX!$D33*'Base Física'!M$22,2) -> 0 | ... AK33: =ROUND(CAPEX!$D33*'Base Física'!AN$22,2) -> 0 | AL33: =+SUM(C33:AK33) -> 0
B34: Esgoto - Ligaçãos Predial | C34: =ROUND(CAPEX!$D34*'Base Física'!F$22,2) -> 0 | D34: =ROUND(CAPEX!$D34*'Base Física'!G$22,2) -> 0 | E34: =ROUND(CAPEX!$D34*'Base Física'!H$22,2) -> 0 | F34: =ROUND(CAPEX!$D34*'Base Física'!I$22,2) -> 0 | G34: =ROUND(CAPEX!$D34*'Base Física'!J$22,2) -> 0 | H34: =ROUND(CAPEX!$D34*'Base Física'!K$22,2) -> 0 | I34: =ROUND(CAPEX!$D34*'Base Física'!L$22,2) -> 0 | J34: =ROUND(CAPEX!$D34*'Base Física'!M$22,2) -> 0 | ... AK34: =ROUND(CAPEX!$D34*'Base Física'!AN$22,2) -> 0 | AL34: =+SUM(C34:AK34) -> 0
B35: Esgoto - Projeto | C35: =ROUND(CAPEX!$D35*'Base Física'!F$22,2) -> 0 | D35: =ROUND(CAPEX!$D35*'Base Física'!G$22,2) -> 0 | E35: =ROUND(CAPEX!$D35*'Base Física'!H$22,2) -> 0 | F35: =ROUND(CAPEX!$D35*'Base Física'!I$22,2) -> 0 | G35: =ROUND(CAPEX!$D35*'Base Física'!J$22,2) -> 0 | H35: =ROUND(CAPEX!$D35*'Base Física'!K$22,2) -> 0 | I35: =ROUND(CAPEX!$D35*'Base Física'!L$22,2) -> 0 | J35: =ROUND(CAPEX!$D35*'Base Física'!M$22,2) -> 0 | ... AK35: =ROUND(CAPEX!$D35*'Base Física'!AN$22,2) -> 0 | AL35: =+SUM(C35:AK35) -> 0
B36: Esgoto - Consultoria e licenciamento ambiental | C36: =ROUND(CAPEX!$D36*'Base Física'!F$22,2) -> 0 | D36: =ROUND(CAPEX!$D36*'Base Física'!G$22,2) -> 0 | E36: =ROUND(CAPEX!$D36*'Base Física'!H$22,2) -> 0 | F36: =ROUND(CAPEX!$D36*'Base Física'!I$22,2) -> 0 | G36: =ROUND(CAPEX!$D36*'Base Física'!J$22,2) -> 0 | H36: =ROUND(CAPEX!$D36*'Base Física'!K$22,2) -> 0 | I36: =ROUND(CAPEX!$D36*'Base Física'!L$22,2) -> 0 | J36: =ROUND(CAPEX!$D36*'Base Física'!M$22,2) -> 0 | ... AK36: =ROUND(CAPEX!$D36*'Base Física'!AN$22,2) -> 0 | AL36: =+SUM(C36:AK36) -> 0
B37: Esgoto - Gerenciamento de obra | C37: =ROUND(CAPEX!$D37*'Base Física'!F$22,2) -> 0 | D37: =ROUND(CAPEX!$D37*'Base Física'!G$22,2) -> 0 | E37: =ROUND(CAPEX!$D37*'Base Física'!H$22,2) -> 0 | F37: =ROUND(CAPEX!$D37*'Base Física'!I$22,2) -> 0 | G37: =ROUND(CAPEX!$D37*'Base Física'!J$22,2) -> 0 | H37: =ROUND(CAPEX!$D37*'Base Física'!K$22,2) -> 0 | I37: =ROUND(CAPEX!$D37*'Base Física'!L$22,2) -> 0 | J37: =ROUND(CAPEX!$D37*'Base Física'!M$22,2) -> 0 | ... AK37: =ROUND(CAPEX!$D37*'Base Física'!AN$22,2) -> 0 | AL37: =+SUM(C37:AK37) -> 0
B38: Total Esgoto | C38: =SUM(C32:C37) -> 0 | D38: =SUM(D32:D37) -> 0 | E38: =SUM(E32:E37) -> 0 | F38: =SUM(F32:F37) -> 0 | G38: =SUM(G32:G37) -> 0 | H38: =SUM(H32:H37) -> 0 | I38: =SUM(I32:I37) -> 0 | J38: =SUM(J32:J37) -> 0 | ... AK38: =SUM(AK32:AK37) -> 0 | AL38: =SUM(C38:AK38) -> 0
B39: Total | C39: =C31+C38 -> 0 | D39: =D31+D38 -> 0 | E39: =E31+E38 -> 0 | F39: =F31+F38 -> 0 | G39: =G31+G38 -> 0 | H39: =H31+H38 -> 0 | I39: =I31+I38 -> 0 | J39: =J31+J38 -> 0 | ... AL39: =AL31+AL38 -> 0
B41: RESUMO DOS INVESTIMENTO | C41: =C22 -> 1 | D41: =D22 -> 2 | E41: =E22 -> 3 | F41: =F22 -> 4 | G41: =G22 -> 5 | H41: =H22 -> 6 | I41: =I22 -> 7 | J41: =J22 -> 8 | ... AK41: =AK22 -> 35 | AL41: ACUMULADO
C42: =C4 -> 2027 | D42: =D4 -> 2028 | E42: =E4 -> 2029 | F42: =F4 -> 2030 | G42: =G4 -> 2031 | H42: =H4 -> 2032 | I42: =I4 -> 2033 | J42: =J4 -> 2034 | ... AK42: =AK4 -> 2061
B43: CAPEX (itens 1+2)
B44: Água | C44: =C12+C31 -> 0 | D44: =D12+D31 -> 0 | E44: =E12+E31 -> 0 | F44: =F12+F31 -> 0 | G44: =G12+G31 -> 0 | H44: =H12+H31 -> 0 | I44: =I12+I31 -> 0 | J44: =J12+J31 -> 0 | ... AK44: =AK12+AK31 -> 0 | AL44: =+SUM(C44:AK44) -> 0
B45: Esgoto | C45: =C19+C38 -> 0 | D45: =D19+D38 -> 0 | E45: =E19+E38 -> 0 | F45: =F19+F38 -> 0 | G45: =G19+G38 -> 0 | H45: =H19+H38 -> 0 | I45: =I19+I38 -> 0 | J45: =J19+J38 -> 0 | ... AK45: =AK19+AK38 -> 0 | AL45: =+SUM(C45:AK45) -> 0
B46: Total | C46: =C44+C45 -> 0 | D46: =D44+D45 -> 0 | E46: =E44+E45 -> 0 | F46: =F44+F45 -> 0 | G46: =G44+G45 -> 0 | H46: =H44+H45 -> 0 | I46: =I44+I45 -> 0 | J46: =J44+J45 -> 0 | ... AK46: =AK44+AK45 -> 0 | AL46: =+SUM(C46:AK46) -> 0
B48: Investimentos | C48: Total | D48: Água | E48: Esgoto
B49: Investimento 1º Quadriênio (Ano 1 ao Ano 4) | C49: =SUM(C46:F46) -> 0 | D49: =SUM(C44:F44) -> 0 | E49: =SUM(C45:F45) -> 0
B50: Investimento 2º Quadriênio (Ano 5 ao Ano 8) | C50: =SUM(G46:J46) -> 0 | D50: =SUM(G44:J44) -> 0 | E50: =SUM(G45:J45) -> 0
B51: Investimento 3º Quadriênio (Ano 9 ao Ano 12) | C51: =SUM(K46:N46) -> 0 | D51: =SUM(K44:N44) -> 0 | E51: =SUM(K45:N45) -> 0
B52: Investimento 4º Quadriênio (Ano 13 ao Ano 16) | C52: =SUM(O46:R46) -> 0 | D52: =SUM(O44:R44) -> 0 | E52: =SUM(O45:R45) -> 0
B53: Investimento 5º Quadriênio (Ano 17 ao Ano 20) | C53: =SUM(S46:V46) -> 0 | D53: =SUM(S44:V44) -> 0 | E53: =SUM(S45:V45) -> 0
B54: Investimento 6º Quadriênio (Ano 21 ao Ano 24) | C54: =SUM(W46:Z46) -> 0 | D54: =SUM(W44:Z44) -> 0 | E54: =SUM(W45:Z45) -> 0
B55: Investimento 7º Quadriênio (Ano 25 ao Ano 28) | C55: =SUM(AA46:AD46) -> 0 | D55: =SUM(AA44:AD44) -> 0 | E55: =SUM(AA45:AD45) -> 0
B56: Investimento 8º Quadriênio (Ano 29 ao Ano 32) | C56: =SUM(AE46:AH46) -> 0 | D56: =SUM(AE44:AH44) -> 0 | E56: =SUM(AE45:AH45) -> 0
B57: Investimento 9º Quadriênio (Ano 33 ao Ano 35) | C57: =SUM(AI46:AK46) -> 0 | D57: =SUM(AI44:AK44) -> 0 | E57: =SUM(AI46:AK46) -> 0
B58: Total | C58: =SUM(C49:C57) -> 0 | D58: =SUM(D49:D57) -> 0 | E58: =SUM(E49:E57) -> 0
C59: =AL46 -> 0 | D59: =AL44 -> 0 | E59: =AL45 -> 0
B62: =B3 -> 1. INVESTIMENTOS EM DEMANDA REPRIMIDA | C62: 1º Ciclo | D62: 2º Ciclo | E62: 3º Ciclo | F62: 4º Ciclo | G62: 5º Ciclo | H62: 6º Ciclo | I62: 7º Ciclo | J62: 8º Ciclo | K62: 9º Ciclo | L62: =AL3 -> ACUMULADO
C63: 2027 - 2030 | D63: 2031-2033 | E63: 2035-2038 | F63: 2039- 2042 | G63: 20433 - 2046 | H63: 2047 - 2050 | I63: 2051 - 2054 | J63: 2055 - 2058 | K63: 2059 - 2061 | L63: 2027 - 2061
B64: =B5 -> Água - Captação e tratamento | C64: =SUM(C5:F5) -> 0 | D64: =SUM(G5:J5) -> 0 | E64: =SUM(K5:N5) -> 0 | F64: =SUM(O5:R5) -> 0 | G64: =SUM(S5:V5) -> 0 | H64: =SUM(W5:Z5) -> 0 | I64: =SUM(AA5:AD5) -> 0 | J64: =SUM(AE5:AH5) -> 0 | K64: =SUM(AI5:AK5) -> 0 | L64: =AL5 -> 0
B65: =B6 -> Água - Distribuição | C65: =SUM(C6:F6) -> 0 | D65: =SUM(G6:J6) -> 0 | E65: =SUM(K6:N6) -> 0 | F65: =SUM(O6:R6) -> 0 | G65: =SUM(S6:V6) -> 0 | H65: =SUM(W6:Z6) -> 0 | I65: =SUM(AA6:AD6) -> 0 | J65: =SUM(AE6:AH6) -> 0 | K65: =SUM(AI6:AK6) -> 0 | L65: =AL6 -> 0
B66: =B7 -> Água - Reservação | C66: =SUM(C7:F7) -> 0 | D66: =SUM(G7:J7) -> 0 | E66: =SUM(K7:N7) -> 0 | F66: =SUM(O7:R7) -> 0 | G66: =SUM(S7:V7) -> 0 | H66: =SUM(W7:Z7) -> 0 | I66: =SUM(AA7:AD7) -> 0 | J66: =SUM(AE7:AH7) -> 0 | K66: =SUM(AI7:AK7) -> 0 | L66: =AL7 -> 0
B67: =B8 -> Água - Ligaçãos Predial | C67: =SUM(C8:F8) -> 0 | D67: =SUM(G8:J8) -> 0 | E67: =SUM(K8:N8) -> 0 | F67: =SUM(O8:R8) -> 0 | G67: =SUM(S8:V8) -> 0 | H67: =SUM(W8:Z8) -> 0 | I67: =SUM(AA8:AD8) -> 0 | J67: =SUM(AE8:AH8) -> 0 | K67: =SUM(AI8:AK8) -> 0 | L67: =AL8 -> 0
B68: =B9 -> Água - Projeto | C68: =SUM(C9:F9) -> 0 | D68: =SUM(G9:J9) -> 0 | E68: =SUM(K9:N9) -> 0 | F68: =SUM(O9:R9) -> 0 | G68: =SUM(S9:V9) -> 0 | H68: =SUM(W9:Z9) -> 0 | I68: =SUM(AA9:AD9) -> 0 | J68: =SUM(AE9:AH9) -> 0 | K68: =SUM(AI9:AK9) -> 0 | L68: =AL9 -> 0
B69: =B10 -> Água - Consultoria e licenciamento ambiental | C69: =SUM(C10:F10) -> 0 | D69: =SUM(G10:J10) -> 0 | E69: =SUM(K10:N10) -> 0 | F69: =SUM(O10:R10) -> 0 | G69: =SUM(S10:V10) -> 0 | H69: =SUM(W10:Z10) -> 0 | I69: =SUM(AA10:AD10) -> 0 | J69: =SUM(AE10:AH10) -> 0 | K69: =SUM(AI10:AK10) -> 0 | L69: =AL10 -> 0
B70: =B11 -> Água - Gerenciamento de obra | C70: =SUM(C11:F11) -> 0 | D70: =SUM(G11:J11) -> 0 | E70: =SUM(K11:N11) -> 0 | F70: =SUM(O11:R11) -> 0 | G70: =SUM(S11:V11) -> 0 | H70: =SUM(W11:Z11) -> 0 | I70: =SUM(AA11:AD11) -> 0 | J70: =SUM(AE11:AH11) -> 0 | K70: =SUM(AI11:AK11) -> 0 | L70: =AL11 -> 0
B71: =B12 -> Total Água | C71: =SUM(C12:F12) -> 0 | D71: =SUM(G12:J12) -> 0 | E71: =SUM(K12:N12) -> 0 | F71: =SUM(O12:R12) -> 0 | G71: =SUM(S12:V12) -> 0 | H71: =SUM(W12:Z12) -> 0 | I71: =SUM(AA12:AD12) -> 0 | J71: =SUM(AE12:AH12) -> 0 | K71: =SUM(AI12:AK12) -> 0 | L71: =AL12 -> 5.8
B72: =B13 -> Esgoto - Coleta e afastamento | C72: =SUM(C13:F13) -> 0 | D72: =SUM(G13:J13) -> 0 | E72: =SUM(K13:N13) -> 0 | F72: =SUM(O13:R13) -> 0 | G72: =SUM(S13:V13) -> 0 | H72: =SUM(W13:Z13) -> 0 | I72: =SUM(AA13:AD13) -> 0 | J72: =SUM(AE13:AH13) -> 0 | K72: =SUM(AI13:AK13) -> 0 | L72: =AL13 -> 0
B73: =B14 -> Esgoto – Tratamento e disposição final | C73: =SUM(C14:F14) -> 0 | D73: =SUM(G14:J14) -> 0 | E73: =SUM(K14:N14) -> 0 | F73: =SUM(O14:R14) -> 0 | G73: =SUM(S14:V14) -> 0 | H73: =SUM(W14:Z14) -> 0 | I73: =SUM(AA14:AD14) -> 0 | J73: =SUM(AE14:AH14) -> 0 | K73: =SUM(AI14:AK14) -> 0 | L73: =AL14 -> 0
B74: =B15 -> Esgoto - Ligaçãos Predial | C74: =SUM(C15:F15) -> 0 | D74: =SUM(G15:J15) -> 0 | E74: =SUM(K15:N15) -> 0 | F74: =SUM(O15:R15) -> 0 | G74: =SUM(S15:V15) -> 0 | H74: =SUM(W15:Z15) -> 0 | I74: =SUM(AA15:AD15) -> 0 | J74: =SUM(AE15:AH15) -> 0 | K74: =SUM(AI15:AK15) -> 0 | L74: =AL15 -> 0
B75: =B16 -> Esgoto - Projeto | C75: =SUM(C16:F16) -> 0 | D75: =SUM(G16:J16) -> 0 | E75: =SUM(K16:N16) -> 0 | F75: =SUM(O16:R16) -> 0 | G75: =SUM(S16:V16) -> 0 | H75: =SUM(W16:Z16) -> 0 | I75: =SUM(AA16:AD16) -> 0 | J75: =SUM(AE16:AH16) -> 0 | K75: =SUM(AI16:AK16) -> 0 | L75: =AL16 -> 0
... B79: =B20 -> Total Água + Esgoto | C79: =SUM(C20:F20) -> 0 | D79: =SUM(G20:J20) -> 0 | E79: =SUM(K20:N20) -> 0 | F79: =SUM(O20:R20) -> 0 | G79: =SUM(S20:V20) -> 0 | H79: =SUM(W20:Z20) -> 0 | I79: =SUM(AA20:AD20) -> 0 | J79: =SUM(AE20:AH20) -> 0 | K79: =SUM(AI20:AK20) -> 0 | L79: =AL20 -> 0
B81: =B22 -> 2. INVESTIMENTOS EM FUNÇÃO DO CRESCIMENTO VEGETATIVO | C81: 1º Ciclo | D81: 2º Ciclo | E81: 3º Ciclo | F81: 4º Ciclo | G81: 5º Ciclo | H81: 6º Ciclo | I81: 7º Ciclo | J81: 8º Ciclo | K81: 9º Ciclo | L81: 10º Ciclo
C82: =C63 -> 2027 - 2030 | D82: =D63 -> 2031-2033 | E82: =E63 -> 2035-2038 | F82: =F63 -> 2039- 2042 | G82: =G63 -> 20433 - 2046 | H82: =H63 -> 2047 - 2050 | I82: =I63 -> 2051 - 2054 | J82: =J63 -> 2055 - 2058 | ... L82: =L63 -> 2027 - 2061
B83: =B24 -> Água - Captação e tratamento | C83: =SUM(C24:F24) -> 0 | D83: =SUM(G24:J24) -> 0 | E83: =SUM(K24:N24) -> 0 | F83: =SUM(O24:R24) -> 0 | G83: =SUM(S24:V24) -> 0 | H83: =SUM(W24:Z24) -> 0 | I83: =SUM(AA24:AD24) -> 0 | J83: =SUM(AE24:AH24) -> 0 | K83: =SUM(AI24:AK24) -> 0 | L83: =AL24 -> 0
B84: =B25 -> Água - Distribuição | C84: =SUM(C25:F25) -> 0 | D84: =SUM(G25:J25) -> 0 | E84: =SUM(K25:N25) -> 0 | F84: =SUM(O25:R25) -> 0 | G84: =SUM(S25:V25) -> 0 | H84: =SUM(W25:Z25) -> 0 | I84: =SUM(AA25:AD25) -> 0 | J84: =SUM(AE25:AH25) -> 0 | K84: =SUM(AI25:AK25) -> 0 | L84: =AL25 -> 0
B85: =B26 -> Água - Reservação | C85: =SUM(C26:F26) -> 0 | D85: =SUM(G26:J26) -> 0 | E85: =SUM(K26:N26) -> 0 | F85: =SUM(O26:R26) -> 0 | G85: =SUM(S26:V26) -> 0 | H85: =SUM(W26:Z26) -> 0 | I85: =SUM(AA26:AD26) -> 0 | J85: =SUM(AE26:AH26) -> 0 | K85: =SUM(AI26:AK26) -> 0 | L85: =AL26 -> 0
B86: =B27 -> Água - Ligaçãos Predial | C86: =SUM(C27:F27) -> 0 | D86: =SUM(G27:J27) -> 0 | E86: =SUM(K27:N27) -> 0 | F86: =SUM(O27:R27) -> 0 | G86: =SUM(S27:V27) -> 0 | H86: =SUM(W27:Z27) -> 0 | I86: =SUM(AA27:AD27) -> 0 | J86: =SUM(AE27:AH27) -> 0 | K86: =SUM(AI27:AK27) -> 0 | L86: =AL27 -> 0
B87: =B28 -> Água - Projeto | C87: =SUM(C28:F28) -> 0 | D87: =SUM(G28:J28) -> 0 | E87: =SUM(K28:N28) -> 0 | F87: =SUM(O28:R28) -> 0 | G87: =SUM(S28:V28) -> 0 | H87: =SUM(W28:Z28) -> 0 | I87: =SUM(AA28:AD28) -> 0 | J87: =SUM(AE28:AH28) -> 0 | K87: =SUM(AI28:AK28) -> 0 | L87: =AL28 -> 0
B88: =B29 -> Água - Consultoria e licenciamento ambiental | C88: =SUM(C29:F29) -> 0 | D88: =SUM(G29:J29) -> 0 | E88: =SUM(K29:N29) -> 0 | F88: =SUM(O29:R29) -> 0 | G88: =SUM(S29:V29) -> 0 | H88: =SUM(W29:Z29) -> 0 | I88: =SUM(AA29:AD29) -> 0 | J88: =SUM(AE29:AH29) -> 0 | K88: =SUM(AI29:AK29) -> 0 | L88: =AL29 -> 0
B89: =B30 -> Água - Gerenciamento de obra | C89: =SUM(C30:F30) -> 0 | D89: =SUM(G30:J30) -> 0 | E89: =SUM(K30:N30) -> 0 | F89: =SUM(O30:R30) -> 0 | G89: =SUM(S30:V30) -> 0 | H89: =SUM(W30:Z30) -> 0 | I89: =SUM(AA30:AD30) -> 0 | J89: =SUM(AE30:AH30) -> 0 | K89: =SUM(AI30:AK30) -> 0 | L89: =AL30 -> 0
B90: =B31 -> Total Água | C90: =SUM(C31:F31) -> 0 | D90: =SUM(G31:J31) -> 0 | E90: =SUM(K31:N31) -> 0 | F90: =SUM(O31:R31) -> 0 | G90: =SUM(S31:V31) -> 0 | H90: =SUM(W31:Z31) -> 0 | I90: =SUM(AA31:AD31) -> 0 | J90: =SUM(AE31:AH31) -> 0 | K90: =SUM(AI31:AK31) -> 0 | L90: =AL31 -> 0
B91: =B32 -> Esgoto - Coleta e afastamento | C91: =SUM(C32:F32) -> 0 | D91: =SUM(G32:J32) -> 0 | E91: =SUM(K32:N32) -> 0 | F91: =SUM(O32:R32) -> 0 | G91: =SUM(S32:V32) -> 0 | H91: =SUM(W32:Z32) -> 0 | I91: =SUM(AA32:AD32) -> 0 | J91: =SUM(AE32:AH32) -> 0 | K91: =SUM(AI32:AK32) -> 0 | L91: =AL32 -> 0
B92: =B33 -> Esgoto – Tratam. e disposição final | C92: =SUM(C33:F33) -> 0 | D92: =SUM(G33:J33) -> 0 | E92: =SUM(K33:N33) -> 0 | F92: =SUM(O33:R33) -> 0 | G92: =SUM(S33:V33) -> 0 | H92: =SUM(W33:Z33) -> 0 | I92: =SUM(AA33:AD33) -> 0 | J92: =SUM(AE33:AH33) -> 0 | K92: =SUM(AI33:AK33) -> 0 | L92: =AL33 -> 0
B93: =B34 -> Esgoto - Ligaçãos Predial | C93: =SUM(C34:F34) -> 0 | D93: =SUM(G34:J34) -> 0 | E93: =SUM(K34:N34) -> 0 | F93: =SUM(O34:R34) -> 0 | G93: =SUM(S34:V34) -> 0 | H93: =SUM(W34:Z34) -> 0 | I93: =SUM(AA34:AD34) -> 0 | J93: =SUM(AE34:AH34) -> 0 | K93: =SUM(AI34:AK34) -> 0 | L93: =AL34 -> 0
B94: =B35 -> Esgoto - Projeto | C94: =SUM(C35:F35) -> 0 | D94: =SUM(G35:J35) -> 0 | E94: =SUM(K35:N35) -> 0 | F94: =SUM(O35:R35) -> 0 | G94: =SUM(S35:V35) -> 0 | H94: =SUM(W35:Z35) -> 0 | I94: =SUM(AA35:AD35) -> 0 | J94: =SUM(AE35:AH35) -> 0 | K94: =SUM(AI35:AK35) -> 0 | L94: =AL35 -> 0
... B98: =B39 -> Total | C98: =SUM(C39:F39) -> 0 | D98: =SUM(G39:J39) -> 0 | E98: =SUM(K39:N39) -> 0 | F98: =SUM(O39:R39) -> 0 | G98: =SUM(S39:V39) -> 0 | H98: =SUM(W39:Z39) -> 0 | I98: =SUM(AA39:AD39) -> 0 | J98: =SUM(AE39:AH39) -> 0 | K98: =SUM(AI39:AK39) -> 0 | L98: =AL39 -> 0

Sheet Financiamento 
A1: Preenchimento | D1: =Cronograma!C3 -> 1 | E1: =Cronograma!D3 -> 2 | F1: =Cronograma!E3 -> 3 | G1: =Cronograma!F3 -> 4 | H1: =Cronograma!G3 -> 5 | I1: =Cronograma!H3 -> 6 | J1: =Cronograma!I3 -> 7 | K1: =Cronograma!J3 -> 8 | ... AL1: =Cronograma!AK3 -> 35
A2: Fórmulas | C2: Financiável? | D2: ='FCD PROJETO'!F24 -> 2027 | E2: ='FCD PROJETO'!G24 -> 2028 | F2: ='FCD PROJETO'!H24 -> 2029 | G2: ='FCD PROJETO'!I24 -> 2030 | H2: ='FCD PROJETO'!J24 -> 2031 | I2: ='FCD PROJETO'!K24 -> 2032 | J2: ='FCD PROJETO'!L24 -> 2033 | K2: ='FCD PROJETO'!M24 -> 2034 | ... AL2: ='FCD PROJETO'!AN24 -> 2061
A3: NÂO ALTERAR | B3: 1. INVESTIMENTO NECESSÁRIO PARA IMPLANTAÇÂO DOS SERVIÇOS DE ÁGUA E ESGOTO | C3: SIM | D3: =Cronograma!C20 -> 0 | E3: =Cronograma!D20 -> 0 | F3: =Cronograma!E20 -> 0 | G3: =Cronograma!F20 -> 0 | H3: =Cronograma!G20 -> 0 | I3: =Cronograma!H20 -> 0 | J3: =Cronograma!I20 -> 0 | K3: =Cronograma!J20 -> 0 | ... AL3: =Cronograma!AK20 -> 0 | AM3: =SUM(D3:AL3) -> 0
B4: 2. CUSTO ANUAL DOS INVESTIMENTOS EM FUNÇÃO DO CRESCIMENTO VEGETATIVO EM ÁREAS JÁ URBANIZADAS | C4: SIM | D4: =Cronograma!C39 -> 0 | E4: =Cronograma!D39 -> 0 | F4: =Cronograma!E39 -> 0 | G4: =Cronograma!F39 -> 0 | H4: =Cronograma!G39 -> 0 | I4: =Cronograma!H39 -> 0 | J4: =Cronograma!I39 -> 0 | K4: =Cronograma!J39 -> 0 | ... AL4: =Cronograma!AK39 -> 0 | AM4: =SUM(D4:AL4) -> 0 | AN4: =CAPEX!F38 -> 0
B5: CAPEX | D5: =SUMIF($C$3:D4,"SIM",D3:D4) -> 0 | E5: =SUMIF($C$3:E4,"SIM",E3:E4) -> 0 | F5: =SUMIF($C$3:F4,"SIM",F3:F4) -> 0 | G5: =SUMIF($C$3:G4,"SIM",G3:G4) -> 0 | H5: =SUMIF($C$3:H4,"SIM",H3:H4) -> 0 | I5: =SUMIF($C$3:I4,"SIM",I3:I4) -> 0 | J5: =SUMIF($C$3:J4,"SIM",J3:J4) -> 0 | K5: =SUMIF($C$3:K4,"SIM",K3:K4) -> 0 | ... AL5: =SUMIF($C$3:AL4,"SIM",AL3:AL4) -> 0
B9: Valor Total do Investimento Financiável | C9: =SUM(D9:AL9) -> 0 | D9: =D5 -> 0 | E9: =E5 -> 0 | F9: =F5 -> 0 | G9: =G5 -> 0 | H9: =H5 -> 0 | I9: =I5 -> 0 | J9: =J5 -> 0 | K9: =K5 -> 0 | ... AL9: =AL5 -> 0
B10: Distribuição Anual | C10: =SUM(D10:AL10) -> 0 | D10: =IF($C$9=0,0,D9/$C$9) -> 0 | E10: =IF($C$9=0,0,E9/$C$9) -> 0 | F10: =IF($C$9=0,0,F9/$C$9) -> 0 | G10: =IF($C$9=0,0,G9/$C$9) -> 0 | H10: =IF($C$9=0,0,H9/$C$9) -> 0 | I10: =IF($C$9=0,0,I9/$C$9) -> 0 | J10: =IF($C$9=0,0,J9/$C$9) -> 0 | K10: =IF($C$9=0,0,K9/$C$9) -> 0 | ... AL10: =IF($C$9=0,0,AL9/$C$9) -> 0
C13: Financiamento Saneamento | D13: Financiamento 1º Tranche | H13: Financiamento 2º Tranche | L13: Financiamento 3º Tranche | P13: Financiamento 4º Tranche | T13: Financiamento 5º Tranche | X13: Financiamento 6º Tranche | AB13: Financiamento 7º Tranche | AF13: Financiamento 8º Tranche | AJ13: Financiamento 9º Tranche
C14: Valor Total | D14: =SUM(D9:G9) -> 0 | H14: =SUM(H9:K9) -> 0 | L14: =SUM(L9:O9) -> 0 | P14: =SUM(P9:S9) -> 0 | T14: =SUM(T9:W9) -> 0 | X14: =SUM(X9:AA9) -> 0 | AB14: =SUM(AB9:AE9) -> 0 | AF14: =SUM(AF9:AI9) -> 0 | AJ14: =SUM(AJ9:AM9) -> 0 | AM14: =SUM(AM3:AM13) -> 0
C15: Contrapartida | D15: =(1-'FCD PROJETO'!J18) -> 1 | H15: =D15 -> 1 | L15: =H15 -> 1 | P15: =L15 -> 1 | T15: =P15 -> 1 | X15: =T15 -> 1 | AB15: =X15 -> 1 | AF15: =AB15 -> 1 | AJ15: =AF15 -> 1
C16: Valor da Contrapartida | D16: =D14*$D$15 -> 0 | H16: =H14*$D$15 -> 0 | L16: =L14*$D$15 -> 0 | P16: =P14*$D$15 -> 0 | T16: =T14*$D$15 -> 0 | X16: =X14*$D$15 -> 0 | AB16: =AB14*$D$15 -> 0 | AF16: =AF14*$D$15 -> 0 | AJ16: =AJ14*$D$15 -> 0
C17: Valor do Empréstimo | D17: =D14-D16 -> 0 | H17: =H14-H16 -> 0 | L17: =L14-L16 -> 0 | P17: =P14-P16 -> 0 | T17: =T14-T16 -> 0 | X17: =X14-X16 -> 0 | AB17: =AB14-AB16 -> 0 | AF17: =AF14-AF16 -> 0 | AJ17: =AJ14-AJ16 -> 0
E20: Número de Prestações Mensais | I20: =E20 -> Número de Prestações Mensais | M20: =I20 -> Número de Prestações Mensais | Q20: =M20 -> Número de Prestações Mensais | U20: =Q20 -> Número de Prestações Mensais | Y20: =U20 -> Número de Prestações Mensais | AC20: =Y20 -> Número de Prestações Mensais | AG20: =AC20 -> Número de Prestações Mensais | AK20: =AG20 -> Número de Prestações Mensais
D21: =IF(COUNT(H1:$AL$1)*12>240,240,COUNT(H1:$AL$1)*12) -> 240 | H21: =IF(COUNT(L1:$AL$1)*12>240,240,COUNT(L1:$AL$1)*12) -> 240 | L21: =IF(COUNT(P1:$AL$1)*12>240,240,COUNT(P1:$AL$1)*12) -> 240 | P21: =IF(COUNT(T1:$AL$1)*12>240,240,COUNT(T1:$AL$1)*12) -> 228 | T21: =IF(COUNT(X1:$AL$1)*12>240,240,COUNT(X1:$AL$1)*12) -> 180 | X21: =IF(COUNT(AB1:$AL$1)*12>240,240,COUNT(AB1:$AL$1)*12) -> 132 | AB21: =IF(COUNT(AF1:$AL$1)*12>240,240,COUNT(AF1:$AL$1)*12) -> 84 | AF21: =IF(COUNT(AJ1:$AL$1)*12>240,240,COUNT(AJ1:$AL$1)*12) -> 36 | AJ21: =IF(COUNT($AL1:AN$1)*12>240,240,COUNT($AL1:AN$1)*12) -> 12
D22: Ditribuição Obra - Financiamento 1 | H22: Ditribuição Obra - Financiamento 2 | L22: Ditribuição Obra - Financiamento 3 | P22: Ditribuição Obra - Financiamento 4 | T22: Ditribuição Obra - Financiamento 5 | X22: Ditribuição Obra - Financiamento 6 | AB22: Ditribuição Obra - Financiamento 7 | AF22: Ditribuição Obra - Financiamento 8 | AJ22: Ditribuição Obra - Financiamento 9
D23: 1º Ano | E23: 2º Ano | F23: 3º Ano | G23: 4º Ano | H23: 1º Ano | I23: 2º Ano | J23: 3º Ano | K23: 4º Ano | L23: 1º Ano | M23: 2º Ano | N23: 3º Ano | O23: 4º Ano | P23: 1º Ano | Q23: 2º Ano | R23: 3º Ano | S23: 4º Ano | T23: 1º Ano | U23: 2º Ano | V23: 3º Ano | W23: 4º Ano | X23: 1º Ano | Y23: 2º Ano | Z23: 3º Ano | AA23: 4º Ano | AB23: 1º Ano | AC23: 2º Ano | AD23: 3º Ano | AE23: 4º Ano | AF23: 1º Ano | AG23: 2º Ano | AH23: 3º Ano | AI23: 4º Ano | AJ23: 1º Ano | AK23: 2º Ano | AL23: 3º Ano
D24: =IF(D25="ok",IF(D14=0,0,D9/D14),0) -> 0 | E24: =IF(E25="ok",IF(D14=0,0,E9/D14),0) -> 0 | F24: =IF(F25="ok",IF(D14=0,0,F9/D14),0) -> 0 | G24: =IF(G25="ok",IF(D14=0,0,G9/D14),0) -> 0 | H24: =IF(H25="ok",IF(H14=0,0,H9/H14),0) -> 0 | I24: =IF(I25="ok",IF(H14=0,0,I9/H14),0) -> 0 | J24: =IF(J25="ok",IF(H14=0,0,J9/H14),0) -> 0 | K24: =IF(K25="ok",IF(H14=0,0,K9/H14),0) -> 0 | L24: =IF(L25="ok",IF(L14=0,0,L9/L14),0) -> 0 | M24: =IF(M25="ok",IF(L14=0,0,M9/L14),0) -> 0 | N24: =IF(N25="ok",IF(L14=0,0,N9/L14),0) -> 0 | O24: =IF(O25="ok",IF(L14=0,0,O9/L14),0) -> 0 | P24: =IF(P25="ok",IF(P14=0,0,P9/P14),0) -> 0 | Q24: =IF(Q25="ok",IF(P14=0,0,Q9/P14),0) -> 0 | R24: =IF(R25="ok",IF(P14=0,0,R9/P14),0) -> 0 | S24: =IF(S25="ok",IF(P14=0,0,S9/P14),0) -> 0 | T24: =IF(T25="ok",IF(T14=0,0,T9/T14),0) -> 0 | U24: =IF(U25="ok",IF(T14=0,0,U9/T14),0) -> 0 | V24: =IF(V25="ok",IF(T14=0,0,V9/T14),0) -> 0 | W24: =IF(W25="ok",IF(T14=0,0,W9/T14),0) -> 0 | X24: =IF(X25="ok",IF(X14=0,0,X9/X14),0) -> 0 | Y24: =IF(Y25="ok",IF(X14=0,0,Y9/X14),0) -> 0 | Z24: =IF(Z25="ok",IF(X14=0,0,Z9/X14),0) -> 0 | AA24: =IF(AA25="ok",IF(X14=0,0,AA9/X14),0) -> 0 | AB24: =IF(AB25="ok",IF(AB14=0,0,AB9/AB14),0) -> 0 | AC24: =IF(AC25="ok",IF(AB14=0,0,AC9/AB14),0) -> 0 | AD24: =IF(AD25="ok",IF(AB14=0,0,AD9/AB14),0) -> 0 | AE24: =IF(AE25="ok",IF(AB14=0,0,AE9/AB14),0) -> 0 | AF24: =IF(AF25="ok",IF(AF14=0,0,AF9/AF14),0) -> 0 | AG24: =IF(AG25="ok",IF(AF14=0,0,AG9/AF14),0) -> 0 | AH24: =IF(AH25="ok",IF(AF14=0,0,AH9/AF14),0) -> 0 | AI24: =IF(AI25="ok",IF(AF14=0,0,AI9/AF14),0) -> 0 | AJ24: =IF(AJ25="ok",IF(AJ14=0,0,AJ9/AJ14),0) -> 0 | AK24: =IF(AK25="ok",IF(AJ14=0,0,AK9/AJ14),0) -> 0 | AL24: =IF(AL25="ok",IF(AJ14=0,0,AL9/AJ14),0) -> 0
D25: ok | E25: ok | F25: ok | G25: ok | H25: ok | I25: ok | J25: ok | K25: ok | L25: ok | M25: ok | N25: ok | O25: ok | P25: ok | Q25: ok | R25: ok | S25: ok | T25: não | U25: não | V25: não | W25: não | X25: não | Y25: não | Z25: não | AA25: não | AB25: não | AC25: não | AD25: não | AE25: não | AF25: não | AG25: não | AH25: não | AI25: não | AJ25: não | AK25: não | AL25: não
B28: Tipo de Taxa | C28: % Ano
B29: Taxa de Risco de Crédito
B30: Taxa de Administração
B31: Taxa de Juros
B32: Total | C32: =SUM(C29:C31) -> 0
D34: =D1 -> 1 | E34: =E1 -> 2 | F34: =F1 -> 3 | G34: =G1 -> 4 | H34: =H1 -> 5 | I34: =I1 -> 6 | J34: =J1 -> 7 | K34: =K1 -> 8 | ... AL34: =AL1 -> 35 | AM34: Acumulado
B35: =D13 -> Financiamento 1º Tranche | C35: Empréstimo Anual | D35: =IF($D$21=0,0,$D$14*(1-$D$15)*D24) -> 0 | E35: =IF($D$21=0,0,$D$14*(1-$D$15)*E24) -> 0 | F35: =IF($D$21=0,0,$D$14*(1-$D$15)*F24) -> 0 | G35: =IF($D$21=0,0,$D$14*(1-$D$15)*G24) -> 0 | AM35: =SUM(D35:AL35) -> 0
C36: Contrapartida Anual | D36: =IF($D$21=0,0,$D$14*($D$15)*D24) -> 0 | E36: =IF($D$21=0,0,$D$14*($D$15)*E24) -> 0 | F36: =IF($D$21=0,0,$D$14*($D$15)*F24) -> 0 | G36: =IF($D$21=0,0,$D$14*($D$15)*G24) -> 0 | AM36: =SUM(D36:AL36) -> 0
C37: Saldo Devedor Acumulado | D37: =ROUND(D35,2) -> 0 | E37: =ROUND(D37+E35,2) -> 0 | F37: =ROUND(E37+F35,2) -> 0 | G37: =ROUND(F37+G35,2) -> 0 | H37: =G37-H41 -> 0 | I37: =H37-I41 -> 0 | J37: =I37-J41 -> 0 | K37: =J37-K41 -> 0 | L37: =K37-L41 -> 0 | M37: =L37-M41 -> 0 | N37: =M37-N41 -> 0 | O37: =N37-O41 -> 0 | ... AL37: =AK37-AL41 -> 0 | AM37: =SUM(D37:AL37) -> 0
C38: Risco de Crédito Anual | D38: =D37*$C$29 -> 0 | E38: =E37*$C$29 -> 0 | F38: =F37*$C$29 -> 0 | G38: =G37*$C$29 -> 0 | H38: =G37*$C$29 -> 0 | I38: =H37*$C$29 -> 0 | J38: =I37*$C$29 -> 0 | K38: =J37*$C$29 -> 0 | L38: =K37*$C$29 -> 0 | M38: =L37*$C$29 -> 0 | N38: =M37*$C$29 -> 0 | O38: =N37*$C$29 -> 0 | ... AL38: =AK37*$C$29 -> 0 | AM38: =SUM(D38:AL38) -> 0
C39: Administração Anual | D39: =D37*$C$30 -> 0 | E39: =E37*$C$30 -> 0 | F39: =F37*$C$30 -> 0 | G39: =G37*$C$30 -> 0 | H39: =G37*$C$30 -> 0 | I39: =H37*$C$30 -> 0 | J39: =I37*$C$30 -> 0 | K39: =J37*$C$30 -> 0 | L39: =K37*$C$30 -> 0 | M39: =L37*$C$30 -> 0 | N39: =M37*$C$30 -> 0 | O39: =N37*$C$30 -> 0 | ... AL39: =AK37*$C$30 -> 0 | AM39: =SUM(D39:AL39) -> 0
C40: Juros Anual | D40: =D37*$C$31 -> 0 | E40: =E37*$C$31 -> 0 | F40: =F37*$C$31 -> 0 | G40: =G37*$C$31 -> 0 | H40: =G37*$C$31 -> 0 | I40: =H37*$C$31 -> 0 | J40: =I37*$C$31 -> 0 | K40: =J37*$C$31 -> 0 | L40: =K37*$C$31 -> 0 | M40: =L37*$C$31 -> 0 | N40: =M37*$C$31 -> 0 | O40: =N37*$C$31 -> 0 | ... AL40: =AK37*$C$31 -> 0 | AM40: =SUM(D40:AL40) -> 0
C41: Principal Anual | H41: =H42-H38-H39-H40 -> 0 | I41: =I42-I38-I39-I40 -> 0 | J41: =J42-J38-J39-J40 -> 0 | K41: =K42-K38-K39-K40 -> 0 | L41: =L42-L38-L39-L40 -> 0 | M41: =M42-M38-M39-M40 -> 0 | N41: =N42-N38-N39-N40 -> 0 | O41: =O42-O38-O39-O40 -> 0 | ... AL41: =AL42-AL38-AL39-AL40 -> 0 | AM41: =SUM(D41:AL41) -> 0
C42: Prestação Anual | H42: =IF(D21=0,0,PMT($C$29+$C$30+$C$31,D$21/12,-G37)) -> 0 | I42: =IF(ROUND(H37,2)=0,0,H42) -> 0 | J42: =IF(ROUND(I37,2)=0,0,I42) -> 0 | K42: =IF(ROUND(J37,2)=0,0,J42) -> 0 | L42: =IF(ROUND(K37,2)=0,0,K42) -> 0 | M42: =IF(ROUND(L37,2)=0,0,L42) -> 0 | N42: =IF(ROUND(M37,2)=0,0,M42) -> 0 | O42: =IF(ROUND(N37,2)=0,0,N42) -> 0 | P42: =IF(ROUND(O37,2)=0,0,O42) -> 0 | ... AL42: =IF(ROUND(AK37,2)=0,0,AK42) -> 0 | AM42: =SUM(D42:AL42) -> 0
B43: =H13 -> Financiamento 2º Tranche | C43: Empréstimo Anual | H43: =IF($H$21=0,0,$H$14*(1-$H$15)*H24) -> 0 | I43: =IF($H$21=0,0,$H$14*(1-$H$15)*I24) -> 0 | J43: =IF($H$21=0,0,$H$14*(1-$H$15)*J24) -> 0 | K43: =IF($H$21=0,0,$H$14*(1-$H$15)*K24) -> 0 | AM43: =SUM(D43:AL43) -> 0
C44: Contrapartida Anual | H44: =IF($H$21=0,0,$H$14*($H$15)*H24) -> 0 | I44: =IF($H$21=0,0,$H$14*($H$15)*I24) -> 0 | J44: =IF($H$21=0,0,$H$14*($H$15)*J24) -> 0 | K44: =IF($H$21=0,0,$H$14*($H$15)*K24) -> 0 | AM44: =SUM(D44:AL44) -> 0
C45: Saldo Devedor Acumulado | H45: =H43 -> 0 | I45: =H45+I43 -> 0 | J45: =I45+J43 -> 0 | K45: =J45+K43 -> 0 | L45: =K45-L49 -> 0 | M45: =L45-M49 -> 0 | N45: =M45-N49 -> 0 | O45: =N45-O49 -> 0 | P45: =O45-P49 -> 0 | Q45: =P45-Q49 -> 0 | R45: =Q45-R49 -> 0 | S45: =R45-S49 -> 0 | ... AL45: =AK45-AL49 -> 0 | AM45: =SUM(D45:AL45) -> 0
C46: Risco de Crédito Anual | H46: =H45*$C$29 -> 0 | I46: =I45*$C$29 -> 0 | J46: =J45*$C$29 -> 0 | K46: =K45*$C$29 -> 0 | L46: =K45*$C$29 -> 0 | M46: =L45*$C$29 -> 0 | N46: =M45*$C$29 -> 0 | O46: =N45*$C$29 -> 0 | P46: =O45*$C$29 -> 0 | Q46: =P45*$C$29 -> 0 | R46: =Q45*$C$29 -> 0 | S46: =R45*$C$29 -> 0 | ... AL46: =AK45*$C$29 -> 0 | AM46: =SUM(D46:AL46) -> 0
C47: Administração Anual | H47: =H45*$C$30 -> 0 | I47: =I45*$C$30 -> 0 | J47: =J45*$C$30 -> 0 | K47: =K45*$C$30 -> 0 | L47: =K45*$C$30 -> 0 | M47: =L45*$C$30 -> 0 | N47: =M45*$C$30 -> 0 | O47: =N45*$C$30 -> 0 | P47: =O45*$C$30 -> 0 | Q47: =P45*$C$30 -> 0 | R47: =Q45*$C$30 -> 0 | S47: =R45*$C$30 -> 0 | ... AL47: =AK45*$C$30 -> 0 | AM47: =SUM(D47:AL47) -> 0
C48: Juros Anual | H48: =H45*$C$31 -> 0 | I48: =I45*$C$31 -> 0 | J48: =J45*$C$31 -> 0 | K48: =K45*$C$31 -> 0 | L48: =K45*$C$31 -> 0 | M48: =L45*$C$31 -> 0 | N48: =M45*$C$31 -> 0 | O48: =N45*$C$31 -> 0 | P48: =O45*$C$31 -> 0 | Q48: =P45*$C$31 -> 0 | R48: =Q45*$C$31 -> 0 | S48: =R45*$C$31 -> 0 | ... AL48: =AK45*$C$31 -> 0 | AM48: =SUM(D48:AL48) -> 0
C49: Principal Anual | L49: =L50-L46-L47-L48 -> 0 | M49: =M50-M46-M47-M48 -> 0 | N49: =N50-N46-N47-N48 -> 0 | O49: =O50-O46-O47-O48 -> 0 | P49: =P50-P46-P47-P48 -> 0 | Q49: =Q50-Q46-Q47-Q48 -> 0 | R49: =R50-R46-R47-R48 -> 0 | S49: =S50-S46-S47-S48 -> 0 | ... AL49: =AL50-AL46-AL47-AL48 -> 0 | AM49: =SUM(D49:AL49) -> 0
C50: Prestação Anual | L50: =IF(H21=0,0,PMT($C$29+$C$30+$C$31,H$21/12,-K45)) -> 0 | M50: =IF(ROUND(L45,2)=0,0,L50) -> 0 | N50: =IF(ROUND(M45,2)=0,0,M50) -> 0 | O50: =IF(ROUND(N45,2)=0,0,N50) -> 0 | P50: =IF(ROUND(O45,2)=0,0,O50) -> 0 | Q50: =IF(ROUND(P45,2)=0,0,P50) -> 0 | R50: =IF(ROUND(Q45,2)=0,0,Q50) -> 0 | S50: =IF(ROUND(R45,2)=0,0,R50) -> 0 | T50: =IF(ROUND(S45,2)=0,0,S50) -> 0 | ... AL50: =IF(ROUND(AK45,2)=0,0,AK50) -> 0 | AM50: =SUM(D50:AL50) -> 0
B51: =L13 -> Financiamento 3º Tranche | C51: Empréstimo Anual | L51: =IF($L$21=0,0,$L$14*(1-$L$15)*L24) -> 0 | M51: =IF($L$21=0,0,$L$14*(1-$L$15)*M24) -> 0 | N51: =IF($L$21=0,0,$L$14*(1-$L$15)*N24) -> 0 | O51: =IF($L$21=0,0,$L$14*(1-$L$15)*O24) -> 0 | AM51: =SUM(D51:AL51) -> 0
C52: Contrapartida Anual | L52: =IF($L$21=0,0,$L$14*($L$15)*L24) -> 0 | M52: =IF($L$21=0,0,$L$14*($L$15)*M24) -> 0 | N52: =IF($L$21=0,0,$L$14*($L$15)*N24) -> 0 | O52: =IF($L$21=0,0,$L$14*($L$15)*O24) -> 0 | AM52: =SUM(D52:AL52) -> 0
C53: Saldo Devedor Acumulado | L53: =L51 -> 0 | M53: =L53+M51 -> 0 | N53: =M53+N51 -> 0 | O53: =N53+O51 -> 0 | P53: =O53-P57 -> 0 | Q53: =P53-Q57 -> 0 | R53: =Q53-R57 -> 0 | S53: =R53-S57 -> 0 | T53: =S53-T57 -> 0 | U53: =T53-U57 -> 0 | V53: =U53-V57 -> 0 | W53: =V53-W57 -> 0 | ... AL53: =AK53-AL57 -> 0 | AM53: =SUM(D53:AL53) -> 0
C54: Risco de Crédito Anual | L54: =L53*$C$29 -> 0 | M54: =M53*$C$29 -> 0 | N54: =N53*$C$29 -> 0 | O54: =O53*$C$29 -> 0 | P54: =O53*$C$29 -> 0 | Q54: =P53*$C$29 -> 0 | R54: =Q53*$C$29 -> 0 | S54: =R53*$C$29 -> 0 | T54: =S53*$C$29 -> 0 | U54: =T53*$C$29 -> 0 | V54: =U53*$C$29 -> 0 | W54: =V53*$C$29 -> 0 | ... AL54: =AK53*$C$29 -> 0 | AM54: =SUM(D54:AL54) -> 0
C55: Administração Anual | L55: =L53*$C$30 -> 0 | M55: =M53*$C$30 -> 0 | N55: =N53*$C$30 -> 0 | O55: =O53*$C$30 -> 0 | P55: =O53*$C$30 -> 0 | Q55: =P53*$C$30 -> 0 | R55: =Q53*$C$30 -> 0 | S55: =R53*$C$30 -> 0 | T55: =S53*$C$30 -> 0 | U55: =T53*$C$30 -> 0 | V55: =U53*$C$30 -> 0 | W55: =V53*$C$30 -> 0 | ... AL55: =AK53*$C$30 -> 0 | AM55: =SUM(D55:AL55) -> 0
C56: Juros Anual | L56: =L53*$C$31 -> 0 | M56: =M53*$C$31 -> 0 | N56: =N53*$C$31 -> 0 | O56: =O53*$C$31 -> 0 | P56: =O53*$C$31 -> 0 | Q56: =P53*$C$31 -> 0 | R56: =Q53*$C$31 -> 0 | S56: =R53*$C$31 -> 0 | T56: =S53*$C$31 -> 0 | U56: =T53*$C$31 -> 0 | V56: =U53*$C$31 -> 0 | W56: =V53*$C$31 -> 0 | ... AL56: =AK53*$C$31 -> 0 | AM56: =SUM(D56:AL56) -> 0
C57: Principal Anual | P57: =P58-P54-P55-P56 -> 0 | Q57: =Q58-Q54-Q55-Q56 -> 0 | R57: =R58-R54-R55-R56 -> 0 | S57: =S58-S54-S55-S56 -> 0 | T57: =T58-T54-T55-T56 -> 0 | U57: =U58-U54-U55-U56 -> 0 | V57: =V58-V54-V55-V56 -> 0 | W57: =W58-W54-W55-W56 -> 0 | ... AL57: =AL58-AL54-AL55-AL56 -> 0 | AM57: =SUM(D57:AL57) -> 0
C58: Prestação Anual | P58: =IF(L21=0,0,PMT($C$29+$C$30+$C$31,L$21/12,-O53)) -> 0 | Q58: =IF(ROUND(P53,2)=0,0,P58) -> 0 | R58: =IF(ROUND(Q53,2)=0,0,Q58) -> 0 | S58: =IF(ROUND(R53,2)=0,0,R58) -> 0 | T58: =IF(ROUND(S53,2)=0,0,S58) -> 0 | U58: =IF(ROUND(T53,2)=0,0,T58) -> 0 | V58: =IF(ROUND(U53,2)=0,0,U58) -> 0 | W58: =IF(ROUND(V53,2)=0,0,V58) -> 0 | X58: =IF(ROUND(W53,2)=0,0,W58) -> 0 | ... AL58: =IF(ROUND(AK53,2)=0,0,AK58) -> 0 | AM58: =SUM(D58:AL58) -> 0
B59: =P13 -> Financiamento 4º Tranche | C59: Empréstimo Anual | P59: =IF($P$21=0,0,$P$14*(1-$P$15)*P$24) -> 0 | Q59: =IF($P$21=0,0,$P$14*(1-$P$15)*Q$24) -> 0 | R59: =IF($P$21=0,0,$P$14*(1-$P$15)*R$24) -> 0 | S59: =IF($P$21=0,0,$P$14*(1-$P$15)*S$24) -> 0 | AM59: =SUM(D59:AL59) -> 0
C60: Contrapartida Anual | P60: =IF($P$21=0,0,$P$14*($P$15)*P$24) -> 0 | Q60: =IF($P$21=0,0,$P$14*($P$15)*Q$24) -> 0 | R60: =IF($P$21=0,0,$P$14*($P$15)*R$24) -> 0 | S60: =IF($P$21=0,0,$P$14*($P$15)*S$24) -> 0 | AM60: =SUM(D60:AL60) -> 0
C61: Saldo Devedor Acumulado | P61: =P59 -> 0 | Q61: =P61+Q59 -> 0 | R61: =Q61+R59 -> 0 | S61: =R61+S59 -> 0 | T61: =S61-T65 -> 0 | U61: =T61-U65 -> 0 | V61: =U61-V65 -> 0 | W61: =V61-W65 -> 0 | X61: =W61-X65 -> 0 | Y61: =X61-Y65 -> 0 | Z61: =Y61-Z65 -> 0 | AA61: =Z61-AA65 -> 0 | ... AL61: =AK61-AL65 -> 0 | AM61: =SUM(D61:AL61) -> 0
C62: Risco de Crédito Anual | P62: =P61*$C$29 -> 0 | Q62: =Q61*$C$29 -> 0 | R62: =R61*$C$29 -> 0 | S62: =S61*$C$29 -> 0 | T62: =S61*$C$29 -> 0 | U62: =T61*$C$29 -> 0 | V62: =U61*$C$29 -> 0 | W62: =V61*$C$29 -> 0 | X62: =W61*$C$29 -> 0 | Y62: =X61*$C$29 -> 0 | Z62: =Y61*$C$29 -> 0 | AA62: =Z61*$C$29 -> 0 | ... AL62: =AK61*$C$29 -> 0 | AM62: =SUM(D62:AL62) -> 0
C63: Administração Anual | P63: =P61*$C$30 -> 0 | Q63: =Q61*$C$30 -> 0 | R63: =R61*$C$30 -> 0 | S63: =S61*$C$30 -> 0 | T63: =S61*$C$30 -> 0 | U63: =T61*$C$30 -> 0 | V63: =U61*$C$30 -> 0 | W63: =V61*$C$30 -> 0 | X63: =W61*$C$30 -> 0 | Y63: =X61*$C$30 -> 0 | Z63: =Y61*$C$30 -> 0 | AA63: =Z61*$C$30 -> 0 | ... AL63: =AK61*$C$30 -> 0 | AM63: =SUM(D63:AL63) -> 0
C64: Juros Anual | P64: =P61*$C$31 -> 0 | Q64: =Q61*$C$31 -> 0 | R64: =R61*$C$31 -> 0 | S64: =S61*$C$31 -> 0 | T64: =S61*$C$31 -> 0 | U64: =T61*$C$31 -> 0 | V64: =U61*$C$31 -> 0 | W64: =V61*$C$31 -> 0 | X64: =W61*$C$31 -> 0 | Y64: =X61*$C$31 -> 0 | Z64: =Y61*$C$31 -> 0 | AA64: =Z61*$C$31 -> 0 | ... AL64: =AK61*$C$31 -> 0 | AM64: =SUM(D64:AL64) -> 0
C65: Principal Anual | T65: =T66-T62-T63-T64 -> 0 | U65: =U66-U62-U63-U64 -> 0 | V65: =V66-V62-V63-V64 -> 0 | W65: =W66-W62-W63-W64 -> 0 | X65: =X66-X62-X63-X64 -> 0 | Y65: =Y66-Y62-Y63-Y64 -> 0 | Z65: =Z66-Z62-Z63-Z64 -> 0 | AA65: =AA66-AA62-AA63-AA64 -> 0 | ... AL65: =AL66-AL62-AL63-AL64 -> 0 | AM65: =SUM(D65:AL65) -> 0
C66: Prestação Anual | T66: =IF(P21=0,0,PMT($C$29+$C$30+$C$31,P$21/12,-S61)) -> 0 | U66: =IF(ROUND(T61,2)=0,0,T66) -> 0 | V66: =IF(ROUND(U61,2)=0,0,U66) -> 0 | W66: =IF(ROUND(V61,2)=0,0,V66) -> 0 | X66: =IF(ROUND(W61,2)=0,0,W66) -> 0 | Y66: =IF(ROUND(X61,2)=0,0,X66) -> 0 | Z66: =IF(ROUND(Y61,2)=0,0,Y66) -> 0 | AA66: =IF(ROUND(Z61,2)=0,0,Z66) -> 0 | AB66: =IF(ROUND(AA61,2)=0,0,AA66) -> 0 | ... AL66: =IF(ROUND(AK61,2)=0,0,AK66) -> 0 | AM66: =SUM(D66:AL66) -> 0
B67: =T13 -> Financiamento 5º Tranche | C67: Empréstimo Anual | T67: =IF($T$21=0,0,$T$14*(1-$T$15)*T$24) -> 0 | U67: =IF($T$21=0,0,$T$14*(1-$T$15)*U$24) -> 0 | V67: =IF($T$21=0,0,$T$14*(1-$T$15)*V$24) -> 0 | W67: =IF($T$21=0,0,$T$14*(1-$T$15)*W$24) -> 0 | AM67: =SUM(D67:AL67) -> 0
C68: Contrapartida Anual | T68: =IF($T$21=0,0,$T$14*($T$15)*T$24) -> 0 | U68: =IF($T$21=0,0,$T$14*($T$15)*U$24) -> 0 | V68: =IF($T$21=0,0,$T$14*($T$15)*V$24) -> 0 | W68: =IF($T$21=0,0,$T$14*($T$15)*W$24) -> 0 | AM68: =SUM(D68:AL68) -> 0
